Workbook

Sheet Áttekintés
A1: Áttekintés – 7 ETF, havi 15 000 Ft Lightyear-en 2020 januárjától
A2: Szűrés: gyűjtő · 1 év > 20% · 3 év > 70% · nem USA-túlsúlyos · TER < 0,5% · Lightyear EU-n elérhető.
A4: Ticker | B4: ETF | C4: Kategória | D4: TER | E4: Alapméret (M EUR) | F4: Befizetés kezdete | G4: Hónapok | H4: Összes befizetés (Ft) | I4: Mai érték (Ft) | J4: Nyereség (Ft) | K4: Összes hozam | L4: Éves hozam (XIRR) | M4: Max. visszaesés 5 év | N4: Becsült adó (Ft) | O4: Adózás utáni nyereség (Ft)
A5: ESIF | B5: iShares MSCI Europe Financials Sector UCITS ETF EUR (Acc) | C5: Európai pénzügyi szektor | D5: 0.0018 | E5: 647 | F5: ='Modell ESIF'!S5 -> 44136 | G5: ='Modell ESIF'!S6 -> 72 | H5: ='Modell ESIF'!S7 -> 1080000 | I5: ='Modell ESIF'!S8 -> 2135513.9 | J5: ='Modell ESIF'!S9 -> 1055513.9 | K5: ='Modell ESIF'!S10 -> 0.97732772 | L5: ='Modell ESIF'!S11 -> 0.22895865 | M5: -0.2294 | N5: ='Modell ESIF'!S13 -> 295543.9 | O5: ='Modell ESIF'!S14 -> 759970.04
A6: 84X0 | B6: iShares MSCI EM ex-China UCITS ETF USD (Acc) | C6: Feltörekvő piacok Kína nélkül | D6: 0.0018 | E6: 4864 | F6: ='Modell 84X0'!S5 -> 44287 | G6: ='Modell 84X0'!S6 -> 67 | H6: ='Modell 84X0'!S7 -> 1005000 | I6: ='Modell 84X0'!S8 -> 1574911.2 | J6: ='Modell 84X0'!S9 -> 569911.25 | K6: ='Modell 84X0'!S10 -> 0.56707587 | L6: ='Modell 84X0'!S11 -> 0.16227635 | M6: -0.1954 | N6: ='Modell 84X0'!S13 -> 159575.15 | O6: ='Modell 84X0'!S14 -> 410336.1
A7: BRNT | B7: WisdomTree Brent Crude Oil | C7: Brent kőolaj (határidős) | D7: 0.0049 | E7: 968 | F7: ='Modell BRNT'!S5 -> 43831 | G7: ='Modell BRNT'!S6 -> 82 | H7: ='Modell BRNT'!S7 -> 1230000 | I7: ='Modell BRNT'!S8 -> 3365058.1 | J7: ='Modell BRNT'!S9 -> 2135058.1 | K7: ='Modell BRNT'!S10 -> 1.7358196 | L7: ='Modell BRNT'!S11 -> 0.29379401 | M7: -0.3371 | N7: ='Modell BRNT'!S13 -> 597816.26 | O7: ='Modell BRNT'!S14 -> 1537241.8
A8: SXR2 | B8: iShares MSCI Canada UCITS ETF (Acc) | C8: Kanada | D8: 0.0048 | E8: 2031 | F8: ='Modell SXR2'!S5 -> 43831 | G8: ='Modell SXR2'!S6 -> 82 | H8: ='Modell SXR2'!S7 -> 1230000 | I8: ='Modell SXR2'!S8 -> 2069675.6 | J8: ='Modell SXR2'!S9 -> 839675.64 | K8: ='Modell SXR2'!S10 -> 0.68266312 | L8: ='Modell SXR2'!S11 -> 0.15142984 | M8: -0.1764 | N8: ='Modell SXR2'!S13 -> 235109.18 | O8: ='Modell SXR2'!S14 -> 604566.46
A9: CEMS | B9: iShares Edge MSCI Europe Value Factor UCITS ETF | C9: Európai érték (value) részvények | D9: 0.0025 | E9: 2516 | F9: ='Modell CEMS'!S5 -> 43831 | G9: ='Modell CEMS'!S6 -> 82 | H9: ='Modell CEMS'!S7 -> 1230000 | I9: ='Modell CEMS'!S8 -> 2134240.3 | J9: ='Modell CEMS'!S9 -> 904240.29 | K9: ='Modell CEMS'!S10 -> 0.73515471 | L9: ='Modell CEMS'!S11 -> 0.16036652 | M9: -0.1935 | N9: ='Modell CEMS'!S13 -> 253187.28 | O9: ='Modell CEMS'!S14 -> 651053.01
A10: CEBL | B10: iShares MSCI EM Asia UCITS ETF (Acc) | C10: Feltörekvő Ázsia | D10: 0.002 | E10: 7466 | F10: ='Modell CEBL'!S5 -> 43831 | G10: ='Modell CEBL'!S6 -> 82 | H10: ='Modell CEBL'!S7 -> 1230000 | I10: ='Modell CEBL'!S8 -> 1816224.3 | J10: ='Modell CEBL'!S9 -> 586224.33 | K10: ='Modell CEBL'!S10 -> 0.47660514 | L10: ='Modell CEBL'!S11 -> 0.11346363 | M10: -0.2709 | N10: ='Modell CEBL'!S13 -> 164142.81 | O10: ='Modell CEBL'!S14 -> 422081.51
A11: EUNM | B11: iShares MSCI EM UCITS ETF (Acc) | C11: Feltörekvő piacok (globális) | D11: 0.0018 | E11: 9211 | F11: ='Modell EUNM'!S5 -> 43831 | G11: ='Modell EUNM'!S6 -> 82 | H11: ='Modell EUNM'!S7 -> 1230000 | I11: ='Modell EUNM'!S8 -> 1802179.1 | J11: ='Modell EUNM'!S9 -> 572179.06 | K11: ='Modell EUNM'!S10 -> 0.46518623 | L11: ='Modell EUNM'!S11 -> 0.11120841 | M11: -0.2317 | N11: ='Modell EUNM'!S13 -> 160210.14 | O11: ='Modell EUNM'!S14 -> 411968.92
A12: Összesen | B12: (ha mind a 7-be havi 15 000 Ft ment volna) | H12: =SUM(H5:H11) -> 8235000 | I12: =SUM(I5:I11) -> 14897803 | J12: =SUM(J5:J11) -> 6662802.6 | K12: =J12/H12 -> 0.80908349 | N12: =SUM(N5:N11) -> 1865584.7 | O12: =SUM(O5:O11) -> 4797217.8
A34: Fontos: a BRNT nem részvény-ETF, hanem olaj határidős ETC (megbízásonként 1 € díj, nagyon nagy ingadozás). Az 84X0, a CEBL és az EUNM kb. 80%-ban ugyanazokat a cégeket tartja.
A35: Múltbeli hozam nem garantálja a jövőbeli eredményt. Ez a munkafüzet tájékoztató modell, nem befektetési tanácsadás.

Sheet ETF adatlap
A1: ETF adatlap – válaszd ki az ETF-et a sárga cellában
A2: A lenyíló listából bármelyik ETF kiválasztható; minden adat automatikusan frissül.
A4: Kiválasztott ETF: | B4: ESIF – Európai pénzügyi szektor
A6: Alapadatok | D6: Kockázati mutatók (EUR-ban)
A7: Teljes név | B7: =INDEX(Adatbázis!$C$5:$C$11,MATCH($B$4,Adatbázis!$A$5:$A$11,0)) -> iShares MSCI Europe Financials Sector UCITS ETF EUR (Acc) | D7: Volatilitás 1 év | E7: =INDEX(Adatbázis!$T$5:$T$11,MATCH($B$4,Adatbázis!$A$5:$A$11,0)) -> 0.177
A8: ISIN | B8: =INDEX(Adatbázis!$D$5:$D$11,MATCH($B$4,Adatbázis!$A$5:$A$11,0)) -> IE00BMW42306 | D8: Volatilitás 3 év | E8: =INDEX(Adatbázis!$U$5:$U$11,MATCH($B$4,Adatbázis!$A$5:$A$11,0)) -> 0.1622
A9: Lightyear ticker (Xetra, EUR) | B9: =INDEX(Adatbázis!$B$5:$B$11,MATCH($B$4,Adatbázis!$A$5:$A$11,0)) -> ESIF | D9: Volatilitás 5 év | E9: =INDEX(Adatbázis!$V$5:$V$11,MATCH($B$4,Adatbázis!$A$5:$A$11,0)) -> 0.1824
A10: Típus | B10: =INDEX(Adatbázis!$F$5:$F$11,MATCH($B$4,Adatbázis!$A$5:$A$11,0)) -> ETF (részvény) | D10: Max. visszaesés 1 év | E10: =INDEX(Adatbázis!$W$5:$W$11,MATCH($B$4,Adatbázis!$A$5:$A$11,0)) -> -0.1212
A11: Követett index | B11: =INDEX(Adatbázis!$G$5:$G$11,MATCH($B$4,Adatbázis!$A$5:$A$11,0)) -> MSCI Europe Financials 20/35 Capped | D11: Max. visszaesés 3 év | E11: =INDEX(Adatbázis!$X$5:$X$11,MATCH($B$4,Adatbázis!$A$5:$A$11,0)) -> -0.1681
A12: Befektetési fókusz | B12: =INDEX(Adatbázis!$H$5:$H$11,MATCH($B$4,Adatbázis!$A$5:$A$11,0)) -> Részvény · Európa · Pénzügyi szektor | D12: Max. visszaesés 5 év | E12: =INDEX(Adatbázis!$Y$5:$Y$11,MATCH($B$4,Adatbázis!$A$5:$A$11,0)) -> -0.2294
A13: Alapkezelő | B13: =INDEX(Adatbázis!$O$5:$O$11,MATCH($B$4,Adatbázis!$A$5:$A$11,0)) -> iShares (BlackRock) | D13: Max. visszaesés indulás óta | E13: =INDEX(Adatbázis!$Z$5:$Z$11,MATCH($B$4,Adatbázis!$A$5:$A$11,0)) -> -0.2294
A14: Indulás dátuma | B14: =INDEX(Adatbázis!$M$5:$M$11,MATCH($B$4,Adatbázis!$A$5:$A$11,0)) -> 44153
A15: Székhely | B15: =INDEX(Adatbázis!$N$5:$N$11,MATCH($B$4,Adatbázis!$A$5:$A$11,0)) -> Írország | D15: Modell: havi 15 000 Ft 2020-tól (vagy az indulástól)
A16: Alapméret (M EUR) | B16: =INDEX(Adatbázis!$I$5:$I$11,MATCH($B$4,Adatbázis!$A$5:$A$11,0)) -> 647 | D16: Összes befizetés (Ft) | E16: =INDEX(Áttekintés!$H$5:$H$11,MATCH(INDEX(Adatbázis!$B$5:$B$11,MATCH($B$4,Adatbázis!$A$5:$A$11,0)),Áttekintés!$A$5:$A$11,0)) -> 1080000
A17: Éves költség (TER) | B17: =INDEX(Adatbázis!$J$5:$J$11,MATCH($B$4,Adatbázis!$A$5:$A$11,0)) -> 0.0018 | D17: Mai érték (Ft) | E17: =INDEX(Áttekintés!$I$5:$I$11,MATCH(INDEX(Adatbázis!$B$5:$B$11,MATCH($B$4,Adatbázis!$A$5:$A$11,0)),Áttekintés!$A$5:$A$11,0)) -> 2135513.9
A18: Alap devizája | B18: =INDEX(Adatbázis!$K$5:$K$11,MATCH($B$4,Adatbázis!$A$5:$A$11,0)) -> EUR | D18: Nyereség (Ft) | E18: =INDEX(Áttekintés!$J$5:$J$11,MATCH(INDEX(Adatbázis!$B$5:$B$11,MATCH($B$4,Adatbázis!$A$5:$A$11,0)),Áttekintés!$A$5:$A$11,0)) -> 1055513.9
A19: Devizafedezés | B19: =INDEX(Adatbázis!$L$5:$L$11,MATCH($B$4,Adatbázis!$A$5:$A$11,0)) -> Nincs devizafedezés | D19: Összes hozam | E19: =INDEX(Áttekintés!$K$5:$K$11,MATCH(INDEX(Adatbázis!$B$5:$B$11,MATCH($B$4,Adatbázis!$A$5:$A$11,0)),Áttekintés!$A$5:$A$11,0)) -> 0.97732772
A20: Replikáció | B20: =INDEX(Adatbázis!$P$5:$P$11,MATCH($B$4,Adatbázis!$A$5:$A$11,0)) -> Fizikai (indexkövető) | D20: Éves hozam (XIRR) | E20: =INDEX(Áttekintés!$L$5:$L$11,MATCH(INDEX(Adatbázis!$B$5:$B$11,MATCH($B$4,Adatbázis!$A$5:$A$11,0)),Áttekintés!$A$5:$A$11,0)) -> 0.22895865
A21: Értékpapír-kölcsönzés | B21: =INDEX(Adatbázis!$Q$5:$Q$11,MATCH($B$4,Adatbázis!$A$5:$A$11,0)) -> Nem | D21: Adózás utáni nyereség (Ft) | E21: =INDEX(Áttekintés!$O$5:$O$11,MATCH(INDEX(Adatbázis!$B$5:$B$11,MATCH($B$4,Adatbázis!$A$5:$A$11,0)),Áttekintés!$A$5:$A$11,0)) -> 759970.04
A22: Tartott papírok száma | B22: =INDEX(Adatbázis!$R$5:$R$11,MATCH($B$4,Adatbázis!$A$5:$A$11,0)) -> 85
A23: Top 10 súlya | B23: =INDEX(Adatbázis!$S$5:$S$11,MATCH($B$4,Adatbázis!$A$5:$A$11,0)) -> 0.45
A24: Lightyear díj | B24: =INDEX(Adatbázis!$AD$5:$AD$11,MATCH($B$4,Adatbázis!$A$5:$A$11,0)) -> Díjmentes vétel, 0,35% devizaváltás
A25: Elérhető Lightyear EU-n | B25: =INDEX(Adatbázis!$AE$5:$AE$11,MATCH($B$4,Adatbázis!$A$5:$A$11,0)) -> Igen (Lightyear Europe AS)
A27: Mibe fektet?
A28: =INDEX(Adatbázis!$AA$5:$AA$11,MATCH($B$4,Adatbázis!$A$5:$A$11,0)) -> Európai nagy- és közepes bankok, biztosítók és pénzügyi szolgáltatók részvényei (85 cég). A legnagyobb tétel súlya legfeljebb 35%, a többié legfeljebb 20%.
A30: Főbb jellemzők
A31: =INDEX(Adatbázis!$AB$5:$AB$11,MATCH($B$4,Adatbázis!$A$5:$A$11,0)) -> Szektor-ETF: szinte 100% pénzügy. Bankok profitja erősen függ a kamatszinttől és a hozamgörbétől. Erős osztalék- és sajátrészvény-visszavásárlási hullám 2023–2026 között. Euróban jegyzett, így nincs EUR/USD kockázat (de a brit és svájci részvények miatt van GBP/CHF kitettség).
A33: Fő kockázatok
A34: =INDEX(Adatbázis!$AC$5:$AC$11,MATCH($B$4,Adatbázis!$A$5:$A$11,0)) -> Kamatcsökkentés szűkíti a bankok kamatmarzsát; recesszióban nőnek a hitelveszteségek; bankválság-fertőzés (pl. 2023 márciusi Credit Suisse eset); banki különadók; szektorkoncentráció.
A37: Top 10 tétel | B37: Súly | D37: Országok | E37: Súly
A38: =IFERROR(INDEX(Adatbázis!$E$15:$E$132,MATCH(INDEX(Adatbázis!$B$5:$B$11,MATCH($B$4,Adatbázis!$A$5:$A$11,0))&"-H1",Adatbázis!$A$15:$A$132,0)),"") -> HSBC Holdings Plc | B38: =IFERROR(INDEX(Adatbázis!$F$15:$F$132,MATCH(INDEX(Adatbázis!$B$5:$B$11,MATCH($B$4,Adatbázis!$A$5:$A$11,0))&"-H1",Adatbázis!$A$15:$A$132,0)),"") -> 0.0959 | D38: =IFERROR(INDEX(Adatbázis!$E$15:$E$132,MATCH(INDEX(Adatbázis!$B$5:$B$11,MATCH($B$4,Adatbázis!$A$5:$A$11,0))&"-C1",Adatbázis!$A$15:$A$132,0)),"") -> Egyesült Királyság | E38: =IFERROR(INDEX(Adatbázis!$F$15:$F$132,MATCH(INDEX(Adatbázis!$B$5:$B$11,MATCH($B$4,Adatbázis!$A$5:$A$11,0))&"-C1",Adatbázis!$A$15:$A$132,0)),"") -> 0.2297
A39: =IFERROR(INDEX(Adatbázis!$E$15:$E$132,MATCH(INDEX(Adatbázis!$B$5:$B$11,MATCH($B$4,Adatbázis!$A$5:$A$11,0))&"-H2",Adatbázis!$A$15:$A$132,0)),"") -> Banco Santander SA | B39: =IFERROR(INDEX(Adatbázis!$F$15:$F$132,MATCH(INDEX(Adatbázis!$B$5:$B$11,MATCH($B$4,Adatbázis!$A$5:$A$11,0))&"-H2",Adatbázis!$A$15:$A$132,0)),"") -> 0.0565 | D39: =IFERROR(INDEX(Adatbázis!$E$15:$E$132,MATCH(INDEX(Adatbázis!$B$5:$B$11,MATCH($B$4,Adatbázis!$A$5:$A$11,0))&"-C2",Adatbázis!$A$15:$A$132,0)),"") -> Spanyolország | E39: =IFERROR(INDEX(Adatbázis!$F$15:$F$132,MATCH(INDEX(Adatbázis!$B$5:$B$11,MATCH($B$4,Adatbázis!$A$5:$A$11,0))&"-C2",Adatbázis!$A$15:$A$132,0)),"") -> 0.1245
A40: =IFERROR(INDEX(Adatbázis!$E$15:$E$132,MATCH(INDEX(Adatbázis!$B$5:$B$11,MATCH($B$4,Adatbázis!$A$5:$A$11,0))&"-H3",Adatbázis!$A$15:$A$132,0)),"") -> Allianz SE | B40: =IFERROR(INDEX(Adatbázis!$F$15:$F$132,MATCH(INDEX(Adatbázis!$B$5:$B$11,MATCH($B$4,Adatbázis!$A$5:$A$11,0))&"-H3",Adatbázis!$A$15:$A$132,0)),"") -> 0.0537 | D40: =IFERROR(INDEX(Adatbázis!$E$15:$E$132,MATCH(INDEX(Adatbázis!$B$5:$B$11,MATCH($B$4,Adatbázis!$A$5:$A$11,0))&"-C3",Adatbázis!$A$15:$A$132,0)),"") -> Németország | E40: =IFERROR(INDEX(Adatbázis!$F$15:$F$132,MATCH(INDEX(Adatbázis!$B$5:$B$11,MATCH($B$4,Adatbázis!$A$5:$A$11,0))&"-C3",Adatbázis!$A$15:$A$132,0)),"") -> 0.124
A41: =IFERROR(INDEX(Adatbázis!$E$15:$E$132,MATCH(INDEX(Adatbázis!$B$5:$B$11,MATCH($B$4,Adatbázis!$A$5:$A$11,0))&"-H4",Adatbázis!$A$15:$A$132,0)),"") -> UBS Group AG | B41: =IFERROR(INDEX(Adatbázis!$F$15:$F$132,MATCH(INDEX(Adatbázis!$B$5:$B$11,MATCH($B$4,Adatbázis!$A$5:$A$11,0))&"-H4",Adatbázis!$A$15:$A$132,0)),"") -> 0.046 | D41: =IFERROR(INDEX(Adatbázis!$E$15:$E$132,MATCH(INDEX(Adatbázis!$B$5:$B$11,MATCH($B$4,Adatbázis!$A$5:$A$11,0))&"-C4",Adatbázis!$A$15:$A$132,0)),"") -> Svájc | E41: =IFERROR(INDEX(Adatbázis!$F$15:$F$132,MATCH(INDEX(Adatbázis!$B$5:$B$11,MATCH($B$4,Adatbázis!$A$5:$A$11,0))&"-C4",Adatbázis!$A$15:$A$132,0)),"") -> 0.1146
A42: =IFERROR(INDEX(Adatbázis!$E$15:$E$132,MATCH(INDEX(Adatbázis!$B$5:$B$11,MATCH($B$4,Adatbázis!$A$5:$A$11,0))&"-H5",Adatbázis!$A$15:$A$132,0)),"") -> Banco Bilbao Vizcaya Argentaria SA | B42: =IFERROR(INDEX(Adatbázis!$F$15:$F$132,MATCH(INDEX(Adatbázis!$B$5:$B$11,MATCH($B$4,Adatbázis!$A$5:$A$11,0))&"-H5",Adatbázis!$A$15:$A$132,0)),"") -> 0.0437 | D42: =IFERROR(INDEX(Adatbázis!$E$15:$E$132,MATCH(INDEX(Adatbázis!$B$5:$B$11,MATCH($B$4,Adatbázis!$A$5:$A$11,0))&"-C5",Adatbázis!$A$15:$A$132,0)),"") -> Egyéb | E42: =IFERROR(INDEX(Adatbázis!$F$15:$F$132,MATCH(INDEX(Adatbázis!$B$5:$B$11,MATCH($B$4,Adatbázis!$A$5:$A$11,0))&"-C5",Adatbázis!$A$15:$A$132,0)),"") -> 0.4072
A43: =IFERROR(INDEX(Adatbázis!$E$15:$E$132,MATCH(INDEX(Adatbázis!$B$5:$B$11,MATCH($B$4,Adatbázis!$A$5:$A$11,0))&"-H6",Adatbázis!$A$15:$A$132,0)),"") -> UniCredit SpA | B43: =IFERROR(INDEX(Adatbázis!$F$15:$F$132,MATCH(INDEX(Adatbázis!$B$5:$B$11,MATCH($B$4,Adatbázis!$A$5:$A$11,0))&"-H6",Adatbázis!$A$15:$A$132,0)),"") -> 0.0357
A44: =IFERROR(INDEX(Adatbázis!$E$15:$E$132,MATCH(INDEX(Adatbázis!$B$5:$B$11,MATCH($B$4,Adatbázis!$A$5:$A$11,0))&"-H7",Adatbázis!$A$15:$A$132,0)),"") -> BNP Paribas SA | B44: =IFERROR(INDEX(Adatbázis!$F$15:$F$132,MATCH(INDEX(Adatbázis!$B$5:$B$11,MATCH($B$4,Adatbázis!$A$5:$A$11,0))&"-H7",Adatbázis!$A$15:$A$132,0)),"") -> 0.0319 | D44: Szektorok | E44: Súly
A45: =IFERROR(INDEX(Adatbázis!$E$15:$E$132,MATCH(INDEX(Adatbázis!$B$5:$B$11,MATCH($B$4,Adatbázis!$A$5:$A$11,0))&"-H8",Adatbázis!$A$15:$A$132,0)),"") -> Intesa Sanpaolo SpA | B45: =IFERROR(INDEX(Adatbázis!$F$15:$F$132,MATCH(INDEX(Adatbázis!$B$5:$B$11,MATCH($B$4,Adatbázis!$A$5:$A$11,0))&"-H8",Adatbázis!$A$15:$A$132,0)),"") -> 0.03 | D45: =IFERROR(INDEX(Adatbázis!$E$15:$E$132,MATCH(INDEX(Adatbázis!$B$5:$B$11,MATCH($B$4,Adatbázis!$A$5:$A$11,0))&"-S1",Adatbázis!$A$15:$A$132,0)),"") -> Pénzügy | E45: =IFERROR(INDEX(Adatbázis!$F$15:$F$132,MATCH(INDEX(Adatbázis!$B$5:$B$11,MATCH($B$4,Adatbázis!$A$5:$A$11,0))&"-S1",Adatbázis!$A$15:$A$132,0)),"") -> 0.9793
A46: =IFERROR(INDEX(Adatbázis!$E$15:$E$132,MATCH(INDEX(Adatbázis!$B$5:$B$11,MATCH($B$4,Adatbázis!$A$5:$A$11,0))&"-H9",Adatbázis!$A$15:$A$132,0)),"") -> Zurich Insurance Group AG | B46: =IFERROR(INDEX(Adatbázis!$F$15:$F$132,MATCH(INDEX(Adatbázis!$B$5:$B$11,MATCH($B$4,Adatbázis!$A$5:$A$11,0))&"-H9",Adatbázis!$A$15:$A$132,0)),"") -> 0.0292 | D46: =IFERROR(INDEX(Adatbázis!$E$15:$E$132,MATCH(INDEX(Adatbázis!$B$5:$B$11,MATCH($B$4,Adatbázis!$A$5:$A$11,0))&"-S2",Adatbázis!$A$15:$A$132,0)),"") -> Technológia | E46: =IFERROR(INDEX(Adatbázis!$F$15:$F$132,MATCH(INDEX(Adatbázis!$B$5:$B$11,MATCH($B$4,Adatbázis!$A$5:$A$11,0))&"-S2",Adatbázis!$A$15:$A$132,0)),"") -> 0.0145
A47: =IFERROR(INDEX(Adatbázis!$E$15:$E$132,MATCH(INDEX(Adatbázis!$B$5:$B$11,MATCH($B$4,Adatbázis!$A$5:$A$11,0))&"-H10",Adatbázis!$A$15:$A$132,0)),"") -> ING Groep NV | B47: =IFERROR(INDEX(Adatbázis!$F$15:$F$132,MATCH(INDEX(Adatbázis!$B$5:$B$11,MATCH($B$4,Adatbázis!$A$5:$A$11,0))&"-H10",Adatbázis!$A$15:$A$132,0)),"") -> 0.0274 | D47: =IFERROR(INDEX(Adatbázis!$E$15:$E$132,MATCH(INDEX(Adatbázis!$B$5:$B$11,MATCH($B$4,Adatbázis!$A$5:$A$11,0))&"-S3",Adatbázis!$A$15:$A$132,0)),"") -> Nem vállalati | E47: =IFERROR(INDEX(Adatbázis!$F$15:$F$132,MATCH(INDEX(Adatbázis!$B$5:$B$11,MATCH($B$4,Adatbázis!$A$5:$A$11,0))&"-S3",Adatbázis!$A$15:$A$132,0)),"") -> 0.0016
D48: =IFERROR(INDEX(Adatbázis!$E$15:$E$132,MATCH(INDEX(Adatbázis!$B$5:$B$11,MATCH($B$4,Adatbázis!$A$5:$A$11,0))&"-S4",Adatbázis!$A$15:$A$132,0)),"") -> Egyéb | E48: =IFERROR(INDEX(Adatbázis!$F$15:$F$132,MATCH(INDEX(Adatbázis!$B$5:$B$11,MATCH($B$4,Adatbázis!$A$5:$A$11,0))&"-S4",Adatbázis!$A$15:$A$132,0)),"") -> 0.0046
D49: =IFERROR(INDEX(Adatbázis!$E$15:$E$132,MATCH(INDEX(Adatbázis!$B$5:$B$11,MATCH($B$4,Adatbázis!$A$5:$A$11,0))&"-S5",Adatbázis!$A$15:$A$132,0)),"") | E49: =IFERROR(INDEX(Adatbázis!$F$15:$F$132,MATCH(INDEX(Adatbázis!$B$5:$B$11,MATCH($B$4,Adatbázis!$A$5:$A$11,0))&"-S5",Adatbázis!$A$15:$A$132,0)),"")
A50: A portfólióadatok 2026.08.31-i állapotot tükröznek (justETF). Az ETF-ek összetétele folyamatosan változik.

Sheet Éves összesítő
A1: Évről évre: hogyan alakult volna a befektetés
A2: Év végi állapot (december, 2026-ban a mai érték). Minden szám képlettel a Modell lapokból.
A4: ESIF – iShares MSCI Europe Financials Sector UCITS ETF EUR (Acc)
A5: Év | B5: Befizetés az évben (Ft) | C5: Összes befizetés év végén (Ft) | D5: Érték év végén (Ft) | E5: Nyereség (Ft) | F5: Összes hozam | G5: ETF árfolyamváltozás az évben (EUR) | H5: Forint/euró változás az évben
A6: 2020 | B6: =SUM('Modell ESIF'!C5:C6) -> 30000 | C6: ='Modell ESIF'!K6 -> 30000 | D6: ='Modell ESIF'!J6*'Modell ESIF'!H7*'Modell ESIF'!B7 -> 30258.606 | E6: =D6-C6 -> 258.60553 | F6: =E6/C6 -> 0.0086201843 | G6: ='Modell ESIF'!H7/'Modell ESIF'!H5-1 -> 0.023762376 | H6: ='Modell ESIF'!B7/'Modell ESIF'!B5-1 -> -0.0018063584
A7: 2021 | B7: =SUM('Modell ESIF'!C7:C18) -> 180000 | C7: ='Modell ESIF'!K18 -> 210000 | D7: ='Modell ESIF'!J18*'Modell ESIF'!H19*'Modell ESIF'!B19 -> 240251.72 | E7: =D7-C7 -> 30251.717 | F7: =E7/C7 -> 0.1440558 | G7: ='Modell ESIF'!H19/'Modell ESIF'!H7-1 -> 0.28626692 | H7: ='Modell ESIF'!B19/'Modell ESIF'!B7-1 -> -0.0014198614
A8: 2022 | B8: =SUM('Modell ESIF'!C19:C30) -> 180000 | C8: ='Modell ESIF'!K30 -> 390000 | D8: ='Modell ESIF'!J30*'Modell ESIF'!H31*'Modell ESIF'!B31 -> 446239.04 | E8: =D8-C8 -> 56239.044 | F8: =E8/C8 -> 0.14420268 | G8: ='Modell ESIF'!H31/'Modell ESIF'!H19-1 -> -0.030075188 | H8: ='Modell ESIF'!B31/'Modell ESIF'!B19-1 -> 0.10413182
A9: 2023 | B9: =SUM('Modell ESIF'!C31:C42) -> 180000 | C9: ='Modell ESIF'!K42 -> 570000 | D9: ='Modell ESIF'!J42*'Modell ESIF'!H43*'Modell ESIF'!B43 -> 723851.88 | E9: =D9-C9 -> 153851.88 | F9: =E9/C9 -> 0.26991558 | G9: ='Modell ESIF'!H43/'Modell ESIF'!H31-1 -> 0.22015504 | H9: ='Modell ESIF'!B43/'Modell ESIF'!B31-1 -> -0.035325607
A10: 2024 | B10: =SUM('Modell ESIF'!C43:C54) -> 180000 | C10: ='Modell ESIF'!K54 -> 750000 | D10: ='Modell ESIF'!J54*'Modell ESIF'!H55*'Modell ESIF'!B55 -> 1187000.3 | E10: =D10-C10 -> 437000.31 | F10: =E10/C10 -> 0.58266709 | G10: ='Modell ESIF'!H55/'Modell ESIF'!H43-1 -> 0.25412961 | H10: ='Modell ESIF'!B55/'Modell ESIF'!B43-1 -> 0.077714375
A11: 2025 | B11: =SUM('Modell ESIF'!C55:C66) -> 180000 | C11: ='Modell ESIF'!K66 -> 930000 | D11: ='Modell ESIF'!J66*'Modell ESIF'!H67*'Modell ESIF'!B67 -> 1845988.5 | E11: =D11-C11 -> 915988.53 | F11: =E11/C11 -> 0.98493391 | G11: ='Modell ESIF'!H67/'Modell ESIF'!H55-1 -> 0.47720365 | H11: ='Modell ESIF'!B67/'Modell ESIF'!B55-1 -> -0.066912783
A12: 2026 (okt. 16-ig) | B12: =SUM('Modell ESIF'!C67:C76) -> 150000 | C12: ='Modell ESIF'!K77 -> 1080000 | D12: ='Modell ESIF'!M77 -> 2135513.9 | E12: =D12-C12 -> 1055513.9 | F12: =E12/C12 -> 0.97732772 | G12: ='Modell ESIF'!H77/'Modell ESIF'!H67-1 -> 0.13374486 | H12: ='Modell ESIF'!B77/'Modell ESIF'!B67-1 -> -0.054922172
A14: 84X0 – iShares MSCI EM ex-China UCITS ETF USD (Acc)
A15: Év | B15: Befizetés az évben (Ft) | C15: Összes befizetés év végén (Ft) | D15: Érték év végén (Ft) | E15: Nyereség (Ft) | F15: Összes hozam | G15: ETF árfolyamváltozás az évben (EUR) | H15: Forint/euró változás az évben
A16: 2021 | B16: =SUM('Modell 84X0'!C5:C13) -> 135000 | C16: ='Modell 84X0'!K13 -> 135000 | D16: ='Modell 84X0'!J13*'Modell 84X0'!H14*'Modell 84X0'!B14 -> 141523.99 | E16: =D16-C16 -> 6523.9937 | F16: =E16/C16 -> 0.048325879 | G16: ='Modell 84X0'!H14/'Modell 84X0'!H5-1 -> 0.081339713 | H16: ='Modell 84X0'!B14/'Modell 84X0'!B5-1 -> -0.0052692884
A17: 2022 | B17: =SUM('Modell 84X0'!C14:C25) -> 180000 | C17: ='Modell 84X0'!K25 -> 315000 | D17: ='Modell 84X0'!J25*'Modell 84X0'!H26*'Modell 84X0'!B26 -> 300476.92 | E17: =D17-C17 -> -14523.08 | F17: =E17/C17 -> -0.046105017 | G17: ='Modell 84X0'!H26/'Modell 84X0'!H14-1 -> -0.14159292 | H17: ='Modell 84X0'!B26/'Modell 84X0'!B14-1 -> 0.10413182
A18: 2023 | B18: =SUM('Modell 84X0'!C26:C37) -> 180000 | C18: ='Modell 84X0'!K37 -> 495000 | D18: ='Modell 84X0'!J37*'Modell 84X0'!H38*'Modell 84X0'!B38 -> 530600.33 | E18: =D18-C18 -> 35600.326 | F18: =E18/C18 -> 0.07191985 | G18: ='Modell 84X0'!H38/'Modell 84X0'!H26-1 -> 0.15206186 | H18: ='Modell 84X0'!B38/'Modell 84X0'!B26-1 -> -0.035325607
A19: 2024 | B19: =SUM('Modell 84X0'!C38:C49) -> 180000 | C19: ='Modell 84X0'!K49 -> 675000 | D19: ='Modell 84X0'!J49*'Modell 84X0'!H50*'Modell 84X0'!B50 -> 829377.02 | E19: =D19-C19 -> 154377.02 | F19: =E19/C19 -> 0.22870669 | G19: ='Modell 84X0'!H50/'Modell 84X0'!H38-1 -> 0.11185682 | H19: ='Modell 84X0'!B50/'Modell 84X0'!B38-1 -> 0.077714375
A20: 2025 | B20: =SUM('Modell 84X0'!C50:C61) -> 180000 | C20: ='Modell 84X0'!K61 -> 855000 | D20: ='Modell 84X0'!J61*'Modell 84X0'!H62*'Modell 84X0'!B62 -> 1123388.3 | E20: =D20-C20 -> 268388.26 | F20: =E20/C20 -> 0.3139044 | G20: ='Modell 84X0'!H62/'Modell 84X0'!H50-1 -> 0.19114688 | H20: ='Modell 84X0'!B62/'Modell 84X0'!B50-1 -> -0.066912783
A21: 2026 (okt. 16-ig) | B21: =SUM('Modell 84X0'!C62:C71) -> 150000 | C21: ='Modell 84X0'!K72 -> 1005000 | D21: ='Modell 84X0'!M72 -> 1574911.2 | E21: =D21-C21 -> 569911.25 | F21: =E21/C21 -> 0.56707587 | G21: ='Modell 84X0'!H72/'Modell 84X0'!H62-1 -> 0.33445946 | H21: ='Modell 84X0'!B72/'Modell 84X0'!B62-1 -> -0.054922172
A23: BRNT – WisdomTree Brent Crude Oil
A24: Év | B24: Befizetés az évben (Ft) | C24: Összes befizetés év végén (Ft) | D24: Érték év végén (Ft) | E24: Nyereség (Ft) | F24: Összes hozam | G24: ETF árfolyamváltozás az évben (EUR) | H24: Forint/euró változás az évben
A25: 2020 | B25: =SUM('Modell BRNT'!C5:C16) -> 180000 | C25: ='Modell BRNT'!K16 -> 180000 | D25: ='Modell BRNT'!J16*'Modell BRNT'!H17*'Modell BRNT'!B17 -> 193654.72 | E25: =D25-C25 -> 13654.725 | F25: =E25/C25 -> 0.075859581 | G25: ='Modell BRNT'!H17/'Modell BRNT'!H5-1 -> -0.37984777 | H25: ='Modell BRNT'!B17/'Modell BRNT'!B5-1 -> 0.074197021
A26: 2021 | B26: =SUM('Modell BRNT'!C17:C28) -> 180000 | C26: ='Modell BRNT'!K28 -> 360000 | D26: ='Modell BRNT'!J28*'Modell BRNT'!H29*'Modell BRNT'!B29 -> 566971.74 | E26: =D26-C26 -> 206971.74 | F26: =E26/C26 -> 0.5749215 | G26: ='Modell BRNT'!H29/'Modell BRNT'!H17-1 -> 0.77440094 | H26: ='Modell BRNT'!B29/'Modell BRNT'!B17-1 -> -0.0014198614
A27: 2022 | B27: =SUM('Modell BRNT'!C29:C40) -> 180000 | C27: ='Modell BRNT'!K40 -> 540000 | D27: ='Modell BRNT'!J40*'Modell BRNT'!H41*'Modell BRNT'!B41 -> 1108145.4 | E27: =D27-C27 -> 568145.42 | F27: =E27/C27 -> 1.0521211 | G27: ='Modell BRNT'!H41/'Modell BRNT'!H29-1 -> 0.48155468 | H27: ='Modell BRNT'!B41/'Modell BRNT'!B29-1 -> 0.10413182
A28: 2023 | B28: =SUM('Modell BRNT'!C41:C52) -> 180000 | C28: ='Modell BRNT'!K52 -> 720000 | D28: ='Modell BRNT'!J52*'Modell BRNT'!H53*'Modell BRNT'!B53 -> 1173843 | E28: =D28-C28 -> 453843.04 | F28: =E28/C28 -> 0.63033755 | G28: ='Modell BRNT'!H53/'Modell BRNT'!H41-1 -> -0.059804357 | H28: ='Modell BRNT'!B53/'Modell BRNT'!B41-1 -> -0.035325607
A29: 2024 | B29: =SUM('Modell BRNT'!C53:C64) -> 180000 | C29: ='Modell BRNT'!K64 -> 900000 | D29: ='Modell BRNT'!J64*'Modell BRNT'!H65*'Modell BRNT'!B65 -> 1623043.7 | E29: =D29-C29 -> 723043.69 | F29: =E29/C29 -> 0.80338188 | G29: ='Modell BRNT'!H65/'Modell BRNT'!H53-1 -> 0.13478364 | H29: ='Modell BRNT'!B65/'Modell BRNT'!B53-1 -> 0.077714375
A30: 2025 | B30: =SUM('Modell BRNT'!C65:C76) -> 180000 | C30: ='Modell BRNT'!K76 -> 1080000 | D30: ='Modell BRNT'!J76*'Modell BRNT'!H77*'Modell BRNT'!B77 -> 1424885.2 | E30: =D30-C30 -> 344885.24 | F30: =E30/C30 -> 0.31933819 | G30: ='Modell BRNT'!H77/'Modell BRNT'!H65-1 -> -0.16170035 | H30: ='Modell BRNT'!B77/'Modell BRNT'!B65-1 -> -0.066912783
A31: 2026 (okt. 16-ig) | B31: =SUM('Modell BRNT'!C77:C86) -> 150000 | C31: ='Modell BRNT'!K87 -> 1230000 | D31: ='Modell BRNT'!M87 -> 3365058.1 | E31: =D31-C31 -> 2135058.1 | F31: =E31/C31 -> 1.7358196 | G31: ='Modell BRNT'!H87/'Modell BRNT'!H77-1 -> 1.3348248 | H31: ='Modell BRNT'!B87/'Modell BRNT'!B77-1 -> -0.054922172
A33: SXR2 – iShares MSCI Canada UCITS ETF (Acc)
A34: Év | B34: Befizetés az évben (Ft) | C34: Összes befizetés év végén (Ft) | D34: Érték év végén (Ft) | E34: Nyereség (Ft) | F34: Összes hozam | G34: ETF árfolyamváltozás az évben (EUR) | H34: Forint/euró változás az évben
A35: 2020 | B35: =SUM('Modell SXR2'!C5:C16) -> 180000 | C35: ='Modell SXR2'!K16 -> 180000 | D35: ='Modell SXR2'!J16*'Modell SXR2'!H17*'Modell SXR2'!B17 -> 200027.34 | E35: =D35-C35 -> 20027.336 | F35: =E35/C35 -> 0.11126298 | G35: ='Modell SXR2'!H17/'Modell SXR2'!H5-1 -> -0.036837449 | H35: ='Modell SXR2'!B17/'Modell SXR2'!B5-1 -> 0.074197021
A36: 2021 | B36: =SUM('Modell SXR2'!C17:C28) -> 180000 | C36: ='Modell SXR2'!K28 -> 360000 | D36: ='Modell SXR2'!J28*'Modell SXR2'!H29*'Modell SXR2'!B29 -> 477525.28 | E36: =D36-C36 -> 117525.28 | F36: =E36/C36 -> 0.3264591 | G36: ='Modell SXR2'!H29/'Modell SXR2'!H17-1 -> 0.35624217 | H36: ='Modell SXR2'!B29/'Modell SXR2'!B17-1 -> -0.0014198614
A37: 2022 | B37: =SUM('Modell SXR2'!C29:C40) -> 180000 | C37: ='Modell SXR2'!K40 -> 540000 | D37: ='Modell SXR2'!J40*'Modell SXR2'!H41*'Modell SXR2'!B41 -> 653481.78 | E37: =D37-C37 -> 113481.78 | F37: =E37/C37 -> 0.21015145 | G37: ='Modell SXR2'!H41/'Modell SXR2'!H29-1 -> -0.077889293 | H37: ='Modell SXR2'!B41/'Modell SXR2'!B29-1 -> 0.10413182
A38: 2023 | B38: =SUM('Modell SXR2'!C41:C52) -> 180000 | C38: ='Modell SXR2'!K52 -> 720000 | D38: ='Modell SXR2'!J52*'Modell SXR2'!H53*'Modell SXR2'!B53 -> 891897.92 | E38: =D38-C38 -> 171897.92 | F38: =E38/C38 -> 0.23874711 | G38: ='Modell SXR2'!H53/'Modell SXR2'!H41-1 -> 0.11084402 | H38: ='Modell SXR2'!B53/'Modell SXR2'!B41-1 -> -0.035325607
A39: 2024 | B39: =SUM('Modell SXR2'!C53:C64) -> 180000 | C39: ='Modell SXR2'!K64 -> 900000 | D39: ='Modell SXR2'!J64*'Modell SXR2'!H65*'Modell SXR2'!B65 -> 1339655.2 | E39: =D39-C39 -> 439655.17 | F39: =E39/C39 -> 0.48850574 | G39: ='Modell SXR2'!H65/'Modell SXR2'!H53-1 -> 0.1797307 | H39: ='Modell SXR2'!B65/'Modell SXR2'!B53-1 -> 0.077714375
A40: 2025 | B40: =SUM('Modell SXR2'!C65:C76) -> 180000 | C40: ='Modell SXR2'!K76 -> 1080000 | D40: ='Modell SXR2'!J76*'Modell SXR2'!H77*'Modell SXR2'!B77 -> 1727907 | E40: =D40-C40 -> 647907.01 | F40: =E40/C40 -> 0.5999139 | G40: ='Modell SXR2'!H77/'Modell SXR2'!H65-1 -> 0.2214919 | H40: ='Modell SXR2'!B77/'Modell SXR2'!B65-1 -> -0.066912783
A41: 2026 (okt. 16-ig) | B41: =SUM('Modell SXR2'!C77:C86) -> 150000 | C41: ='Modell SXR2'!K87 -> 1230000 | D41: ='Modell SXR2'!M87 -> 2069675.6 | E41: =D41-C41 -> 839675.64 | F41: =E41/C41 -> 0.68266312 | G41: ='Modell SXR2'!H87/'Modell SXR2'!H77-1 -> 0.16860635 | H41: ='Modell SXR2'!B87/'Modell SXR2'!B77-1 -> -0.054922172
A43: CEMS – iShares Edge MSCI Europe Value Factor UCITS ETF
A44: Év | B44: Befizetés az évben (Ft) | C44: Összes befizetés év végén (Ft) | D44: Érték év végén (Ft) | E44: Nyereség (Ft) | F44: Összes hozam | G44: ETF árfolyamváltozás az évben (EUR) | H44: Forint/euró változás az évben
A45: 2020 | B45: =SUM('Modell CEMS'!C5:C16) -> 180000 | C45: ='Modell CEMS'!K16 -> 180000 | D45: ='Modell CEMS'!J16*'Modell CEMS'!H17*'Modell CEMS'!B17 -> 207815.24 | E45: =D45-C45 -> 27815.24 | F45: =E45/C45 -> 0.15452911 | G45: ='Modell CEMS'!H17/'Modell CEMS'!H5-1 -> -0.088328076 | H45: ='Modell CEMS'!B17/'Modell CEMS'!B5-1 -> 0.074197021
A46: 2021 | B46: =SUM('Modell CEMS'!C17:C28) -> 180000 | C46: ='Modell CEMS'!K28 -> 360000 | D46: ='Modell CEMS'!J28*'Modell CEMS'!H29*'Modell CEMS'!B29 -> 463490.1 | E46: =D46-C46 -> 103490.1 | F46: =E46/C46 -> 0.2874725 | G46: ='Modell CEMS'!H29/'Modell CEMS'!H17-1 -> 0.26643599 | H46: ='Modell CEMS'!B29/'Modell CEMS'!B17-1 -> -0.0014198614
A47: 2022 | B47: =SUM('Modell CEMS'!C29:C40) -> 180000 | C47: ='Modell CEMS'!K40 -> 540000 | D47: ='Modell CEMS'!J40*'Modell CEMS'!H41*'Modell CEMS'!B41 -> 666278.31 | E47: =D47-C47 -> 126278.31 | F47: =E47/C47 -> 0.23384872 | G47: ='Modell CEMS'!H41/'Modell CEMS'!H29-1 -> -0.050546448 | H47: ='Modell CEMS'!B41/'Modell CEMS'!B29-1 -> 0.10413182
A48: 2023 | B48: =SUM('Modell CEMS'!C41:C52) -> 180000 | C48: ='Modell CEMS'!K52 -> 720000 | D48: ='Modell CEMS'!J52*'Modell CEMS'!H53*'Modell CEMS'!B53 -> 926009.49 | E48: =D48-C48 -> 206009.49 | F48: =E48/C48 -> 0.28612429 | G48: ='Modell CEMS'!H53/'Modell CEMS'!H41-1 -> 0.14532374 | H48: ='Modell CEMS'!B53/'Modell CEMS'!B41-1 -> -0.035325607
A49: 2024 | B49: =SUM('Modell CEMS'!C53:C64) -> 180000 | C49: ='Modell CEMS'!K64 -> 900000 | D49: ='Modell CEMS'!J64*'Modell CEMS'!H65*'Modell CEMS'!B65 -> 1289888.9 | E49: =D49-C49 -> 389888.93 | F49: =E49/C49 -> 0.43320992 | G49: ='Modell CEMS'!H65/'Modell CEMS'!H53-1 -> 0.099246231 | H49: ='Modell CEMS'!B65/'Modell CEMS'!B53-1 -> 0.077714375
A50: 2025 | B50: =SUM('Modell CEMS'!C65:C76) -> 180000 | C50: ='Modell CEMS'!K76 -> 1080000 | D50: ='Modell CEMS'!J76*'Modell CEMS'!H77*'Modell CEMS'!B77 -> 1839578.5 | E50: =D50-C50 -> 759578.53 | F50: =E50/C50 -> 0.70331345 | G50: ='Modell CEMS'!H77/'Modell CEMS'!H65-1 -> 0.35885714 | H50: ='Modell CEMS'!B77/'Modell CEMS'!B65-1 -> -0.066912783
A51: 2026 (okt. 16-ig) | B51: =SUM('Modell CEMS'!C77:C86) -> 150000 | C51: ='Modell CEMS'!K87 -> 1230000 | D51: ='Modell CEMS'!M87 -> 2134240.3 | E51: =D51-C51 -> 904240.29 | F51: =E51/C51 -> 0.73515471 | G51: ='Modell CEMS'!H87/'Modell CEMS'!H77-1 -> 0.13961312 | H51: ='Modell CEMS'!B87/'Modell CEMS'!B77-1 -> -0.054922172
A53: CEBL – iShares MSCI EM Asia UCITS ETF (Acc)
A54: Év | B54: Befizetés az évben (Ft) | C54: Összes befizetés év végén (Ft) | D54: Érték év végén (Ft) | E54: Nyereség (Ft) | F54: Összes hozam | G54: ETF árfolyamváltozás az évben (EUR) | H54: Forint/euró változás az évben
A55: 2020 | B55: =SUM('Modell CEBL'!C5:C16) -> 180000 | C55: ='Modell CEBL'!K16 -> 180000 | D55: ='Modell CEBL'!J16*'Modell CEBL'!H17*'Modell CEBL'!B17 -> 218935.56 | E55: =D55-C55 -> 38935.557 | F55: =E55/C55 -> 0.21630865 | G55: ='Modell CEBL'!H17/'Modell CEBL'!H5-1 -> 0.15255688 | H55: ='Modell CEBL'!B17/'Modell CEBL'!B5-1 -> 0.074197021
A56: 2021 | B56: =SUM('Modell CEBL'!C17:C28) -> 180000 | C56: ='Modell CEBL'!K28 -> 360000 | D56: ='Modell CEBL'!J28*'Modell CEBL'!H29*'Modell CEBL'!B29 -> 396712.56 | E56: =D56-C56 -> 36712.563 | F56: =E56/C56 -> 0.10197934 | G56: ='Modell CEBL'!H29/'Modell CEBL'!H17-1 -> 0.019616337 | H56: ='Modell CEBL'!B29/'Modell CEBL'!B17-1 -> -0.0014198614
A57: 2022 | B57: =SUM('Modell CEBL'!C29:C40) -> 180000 | C57: ='Modell CEBL'!K40 -> 540000 | D57: ='Modell CEBL'!J40*'Modell CEBL'!H41*'Modell CEBL'!B41 -> 540114.23 | E57: =D57-C57 -> 114.23209 | F57: =E57/C57 -> 0.00021154091 | G57: ='Modell CEBL'!H41/'Modell CEBL'!H29-1 -> -0.15087698 | H57: ='Modell CEBL'!B41/'Modell CEBL'!B29-1 -> 0.10413182
A58: 2023 | B58: =SUM('Modell CEBL'!C41:C52) -> 180000 | C58: ='Modell CEBL'!K52 -> 720000 | D58: ='Modell CEBL'!J52*'Modell CEBL'!H53*'Modell CEBL'!B53 -> 723733.83 | E58: =D58-C58 -> 3733.8341 | F58: =E58/C58 -> 0.0051858807 | G58: ='Modell CEBL'!H53/'Modell CEBL'!H41-1 -> 0.038381817 | H58: ='Modell CEBL'!B53/'Modell CEBL'!B41-1 -> -0.035325607
A59: 2024 | B59: =SUM('Modell CEBL'!C53:C64) -> 180000 | C59: ='Modell CEBL'!K64 -> 900000 | D59: ='Modell CEBL'!J64*'Modell CEBL'!H65*'Modell CEBL'!B65 -> 1113875.5 | E59: =D59-C59 -> 213875.52 | F59: =E59/C59 -> 0.23763946 | G59: ='Modell CEBL'!H65/'Modell CEBL'!H53-1 -> 0.17084251 | H59: ='Modell CEBL'!B65/'Modell CEBL'!B53-1 -> 0.077714375
A60: 2025 | B60: =SUM('Modell CEBL'!C65:C76) -> 180000 | C60: ='Modell CEBL'!K76 -> 1080000 | D60: ='Modell CEBL'!J76*'Modell CEBL'!H77*'Modell CEBL'!B77 -> 1435344.6 | E60: =D60-C60 -> 355344.61 | F60: =E60/C60 -> 0.32902278 | G60: ='Modell CEBL'!H77/'Modell CEBL'!H65-1 -> 0.19241623 | H60: ='Modell CEBL'!B77/'Modell CEBL'!B65-1 -> -0.066912783
A61: 2026 (okt. 16-ig) | B61: =SUM('Modell CEBL'!C77:C86) -> 150000 | C61: ='Modell CEBL'!K87 -> 1230000 | D61: ='Modell CEBL'!M87 -> 1816224.3 | E61: =D61-C61 -> 586224.33 | F61: =E61/C61 -> 0.47660514 | G61: ='Modell CEBL'!H87/'Modell CEBL'!H77-1 -> 0.22639649 | H61: ='Modell CEBL'!B87/'Modell CEBL'!B77-1 -> -0.054922172
A63: EUNM – iShares MSCI EM UCITS ETF (Acc)
A64: Év | B64: Befizetés az évben (Ft) | C64: Összes befizetés év végén (Ft) | D64: Érték év végén (Ft) | E64: Nyereség (Ft) | F64: Összes hozam | G64: ETF árfolyamváltozás az évben (EUR) | H64: Forint/euró változás az évben
A65: 2020 | B65: =SUM('Modell EUNM'!C5:C16) -> 180000 | C65: ='Modell EUNM'!K16 -> 180000 | D65: ='Modell EUNM'!J16*'Modell EUNM'!H17*'Modell EUNM'!B17 -> 215639.77 | E65: =D65-C65 -> 35639.769 | F65: =E65/C65 -> 0.19799872 | G65: ='Modell EUNM'!H17/'Modell EUNM'!H5-1 -> 0.069135802 | H65: ='Modell EUNM'!B17/'Modell EUNM'!B5-1 -> 0.074197021
A66: 2021 | B66: =SUM('Modell EUNM'!C17:C28) -> 180000 | C66: ='Modell EUNM'!K28 -> 360000 | D66: ='Modell EUNM'!J28*'Modell EUNM'!H29*'Modell EUNM'!B29 -> 401932.63 | E66: =D66-C66 -> 41932.627 | F66: =E66/C66 -> 0.11647952 | G66: ='Modell EUNM'!H29/'Modell EUNM'!H17-1 -> 0.045034642 | H66: ='Modell EUNM'!B29/'Modell EUNM'!B17-1 -> -0.0014198614
A67: 2022 | B67: =SUM('Modell EUNM'!C29:C40) -> 180000 | C67: ='Modell EUNM'!K40 -> 540000 | D67: ='Modell EUNM'!J40*'Modell EUNM'!H41*'Modell EUNM'!B41 -> 548162.07 | E67: =D67-C67 -> 8162.0724 | F67: =E67/C67 -> 0.015114949 | G67: ='Modell EUNM'!H41/'Modell EUNM'!H29-1 -> -0.14309392 | H67: ='Modell EUNM'!B41/'Modell EUNM'!B29-1 -> 0.10413182
A68: 2023 | B68: =SUM('Modell EUNM'!C41:C52) -> 180000 | C68: ='Modell EUNM'!K52 -> 720000 | D68: ='Modell EUNM'!J52*'Modell EUNM'!H53*'Modell EUNM'!B53 -> 745225.43 | E68: =D68-C68 -> 25225.428 | F68: =E68/C68 -> 0.035035316 | G68: ='Modell EUNM'!H53/'Modell EUNM'!H41-1 -> 0.058671825 | H68: ='Modell EUNM'!B53/'Modell EUNM'!B41-1 -> -0.035325607
A69: 2024 | B69: =SUM('Modell EUNM'!C53:C64) -> 180000 | C69: ='Modell EUNM'!K64 -> 900000 | D69: ='Modell EUNM'!J64*'Modell EUNM'!H65*'Modell EUNM'!B65 -> 1113530.4 | E69: =D69-C69 -> 213530.41 | F69: =E69/C69 -> 0.23725601 | G69: ='Modell EUNM'!H65/'Modell EUNM'!H53-1 -> 0.13915956 | H69: ='Modell EUNM'!B65/'Modell EUNM'!B53-1 -> 0.077714375
A70: 2025 | B70: =SUM('Modell EUNM'!C65:C76) -> 180000 | C70: ='Modell EUNM'!K76 -> 1080000 | D70: ='Modell EUNM'!J76*'Modell EUNM'!H77*'Modell EUNM'!B77 -> 1433603 | E70: =D70-C70 -> 353602.96 | F70: =E70/C70 -> 0.32741015 | G70: ='Modell EUNM'!H77/'Modell EUNM'!H65-1 -> 0.19112537 | H70: ='Modell EUNM'!B77/'Modell EUNM'!B65-1 -> -0.066912783
A71: 2026 (okt. 16-ig) | B71: =SUM('Modell EUNM'!C77:C86) -> 150000 | C71: ='Modell EUNM'!K87 -> 1230000 | D71: ='Modell EUNM'!M87 -> 1802179.1 | E71: =D71-C71 -> 572179.06 | F71: =E71/C71 -> 0.46518623 | G71: ='Modell EUNM'!H87/'Modell EUNM'!H77-1 -> 0.21678636 | H71: ='Modell EUNM'!B87/'Modell EUNM'!B77-1 -> -0.054922172
A73: Megjegyzés: az ETF árfolyamváltozást az év első és a következő év első napi záróárából számoljuk (≈ naptári év); az induló évben az indulástól. A forint/euró oszlop pozitív értéke a forint gyengülését jelenti (ami forintban növeli az értéket).

Sheet Hírek és hatások
A1: Mely országok és események mozgatják az egyes ETF-eket?
A2: Mit figyelj a hírekben, ETF-enként. A súly az ország aránya az ETF-ben (justETF, 2026.08.31).
A4: ETF | B4: Ország / tényező | C4: Súly az ETF-ben | D4: Gazdasági hírek, amiket érdemes figyelni | E4: Vállalati / szektor események | F4: Hatás iránya (jellemzően) | G4: Hol kövesd
A5: Minden ETF | B5: Magyarország – forint árfolyam | C5: – | D5: MNB kamatdöntés, magyar infláció, költségvetési hiány, EU-források, hitelminősítések. | E5: – | F5: Gyengülő forint → forintban nagyobb érték; erősödő forint → kisebb (2026-ban a forint erősödött, ez csökkentette a forintos hozamot). | G5: mnb.hu, portfolio.hu, EKB árfolyamok
A6: Minden ETF | B6: Globális hangulat – USA | C6: – | D6: Fed kamatdöntések, amerikai infláció (CPI), munkaerőpiaci adatok, dollár árfolyam, Wall Street esések. | E6: – | F6: Egy amerikai krach a többi piacot is lehúzza (kisebb mértékben). Erős dollár → feltörekvő piacoknak rossz. | G6: federalreserve.gov, Reuters, Bloomberg
A7: ESIF | B7: Egyesült Királyság | C7: 0.2297 | D7: Bank of England kamatdöntés, brit infláció, gilt hozamok, költségvetés (bankadók). | E7: HSBC negyedéves jelentés, osztalék/visszavásárlás, Ázsia-kitettség (HSBC). | F7: Magasabb kamat → jellemzően jobb banki profit. | G7: bankofengland.co.uk, FT, portfolio.hu
A8: ESIF | B8: Spanyolország | C8: 0.1245 | D8: Spanyol GDP, munkanélküliség, lakáspiac, banki különadó. | E8: Santander, BBVA eredmények; BBVA–Sabadell típusú fúziók; latin-amerikai kitettség (Brazília, Mexikó, Törökország). | F8: Erős gazdaság, alacsony hitelveszteség → pozitív. | G8: Reuters, Expansión
A9: ESIF | B9: Németország | C9: 0.124 | D9: Ifo/ZEW index, ipari termelés, német GDP, költségvetési csomagok. | E9: Allianz, Deutsche Bank, Munich Re eredmények; biztosítói káresemények. | F9: Német konjunktúra-javulás → pozitív. | G9: destatis.de, Handelsblatt
A10: ESIF | B10: Svájc | C10: 0.1146 | D10: SNB kamatdöntés, frank árfolyam. | E10: UBS tőkekövetelmény-szabályozás, Zurich Insurance eredmények. | F10: Szigorúbb tőkeszabály UBS-re → negatív. | G10: snb.ch, finews.ch
A11: ESIF | B11: Eurózóna (Olaszo., Franciao., Hollandia) | C11: 0.4072 | D11: EKB kamatdöntések, hozamgörbe meredeksége, olasz/francia államkötvény-felárak, EBA stresszteszt. | E11: UniCredit, Intesa, BNP, ING eredmények és fúziók; nem teljesítő hitelek aránya. | F11: EKB kamatcsökkentés → szűkülő kamatmarzs (negatív); válságjelek → erős esés. | G11: ecb.europa.eu, Reuters
A12: 84X0 | B12: Tajvan | C12: 0.346 | D12: Tajvani export- és rendelésadatok, Kína–Tajvan katonai feszültség, USA chip-vámok. | E12: TSMC havi árbevétel és negyedéves jelentés, AI-chip kereslet (Nvidia, Apple megrendelések). | F12: AI-boom → erősen pozitív; geopolitikai incidens → éles esés. | G12: Reuters Asia, TSMC befektetői oldal
A13: 84X0 | B13: Dél-Korea | C13: 0.2601 | D13: Koreai export (különösen félvezető), Bank of Korea kamat, won árfolyam, belpolitika. | E13: Samsung és SK hynix eredmények, DRAM/HBM memóriachip árak. | F13: Memóriachip-árak emelkedése → pozitív. | G13: Yonhap, Korea Herald
A14: 84X0 | B14: India | C14: 0.1428 | D14: RBI kamatdöntés, GDP, infláció, külföldi tőkeáramlás, rúpia, választások. | E14: HDFC, ICICI, Reliance eredmények. | F14: Erős növekedés, beáramló tőke → pozitív. | G14: rbi.org.in, Economic Times
A15: 84X0 | B15: Brazília, Szaúd-Arábia, D-Afrika, Mexikó | C15: 0.2511 | D15: Brazil Selic kamat, nyersanyag- és olajárak, peso/real árfolyam, USA–Mexikó kereskedelem. | E15: Petrobras, Vale, Aramco, Naspers. | F15: Magas nyersanyagár → pozitív (Brazília, Szaúd). | G15: Reuters, Bloomberg Línea
A16: BRNT | B16: OPEC+ (Szaúd-Arábia, Oroszország) | C16: – | D16: OPEC+ kitermelési döntések, Szaúd-Arábia árpolitikája, orosz szankciók. | E16: – | F16: Kitermelés-csökkentés → olajár fel. | G16: opec.org, Reuters Energy
A17: BRNT | B17: Közel-Kelet geopolitika | C17: – | D17: Irán, Izrael, Vörös-tenger / Hormuzi-szoros szállítási zavarok. | E17: – | F17: Kínálati zavar → hirtelen áremelkedés. | G17: Reuters, Al Jazeera
A18: BRNT | B18: USA (kereslet és kínálat) | C18: – | D18: EIA heti készletjelentés (szerda), amerikai palaolaj-termelés, dollár, recessziós félelem. | E18: – | F18: Készletnövekedés, recesszió → olajár le. | G18: eia.gov
A19: BRNT | B19: Kína (kereslet) | C19: – | D19: Kínai GDP, ipari termelés, olajimport, ösztönző csomagok. | E19: – | F19: Gyenge kínai kereslet → olajár le. | G19: IEA havi jelentés, Reuters
A20: BRNT | B20: Határidős görbe (görgetés) | C20: – | D20: Contango/backwardation: a következő havi kontraktusok ára a mostanihoz képest. | E20: – | F20: Contango → hosszú távon görgetési veszteség. | G20: WisdomTree termékoldal
A21: SXR2 | B21: Kanada | C21: 0.9749 | D21: Bank of Canada kamat, kanadai GDP és munkaerőpiac, lakásárak, háztartási adósság, CAD árfolyam. | E21: Royal Bank, TD, BMO, Scotiabank eredmények; Shopify; Enbridge, Canadian Natural. | F21: Kamatcsökkentés óvatosan pozitív; lakáspiaci válság → bankok esnek. | G21: bankofcanada.ca, Globe and Mail
A22: SXR2 | B22: USA–Kanada kereskedelem | C22: 0.0231 | D22: Vámok, USMCA felülvizsgálat (2026), amerikai kereslet. | E22: Exportőr ipari és nyersanyag cégek. | F22: Vámháború → negatív. | G22: Reuters, CBC
A23: SXR2 | B23: Nyersanyagárak | C23: – | D23: Olaj- és gázár, aranyár, réz/uránár. | E23: Agnico Eagle, Barrick, Cameco, energiacégek. | F23: Magasabb olaj- és aranyár → pozitív. | G23: kitco.com, eia.gov
A24: CEMS | B24: Németország | C24: 0.2349 | D24: Ifo, ipari termelés, német infrastruktúra- és védelmi költségvetés, energiaárak. | E24: Siemens, Bayer (perek, glifozát), Deutsche Post eredmények. | F24: Fiskális élénkítés → pozitív. | G24: destatis.de, Handelsblatt
A25: CEMS | B25: Egyesült Királyság | C25: 0.2346 | D25: BoE kamat, brit infláció, font. | E25: HSBC, BAT (dohányszabályozás), GSK (gyógyszer-pipeline). | F25: Gyengébb font → euróban kisebb érték. | G25: bankofengland.co.uk, FT
A26: CEMS | B26: Franciaország | C26: 0.2073 | D26: Francia politika és költségvetési hiány, OAT–Bund felár, hitelminősítés. | E26: Sanofi, BNP Paribas, Vinci eredmények. | F26: Politikai bizonytalanság → negatív. | G26: Les Echos, Reuters
A27: CEMS | B27: Value vs. growth hangulat | C27: – | D27: Kamatszint és hozamgörbe; ha a tech/AI papírok rallyznak, a value lemaradhat. | E27: USA gyógyszerár-szabályozás (Sanofi, GSK, Bayer). | F27: Magasabb kamat → value-nak kedvez. | G27: MSCI faktor-jelentések
A28: CEBL | B28: Tajvan | C28: 0.3319 | D28: Lásd 84X0: export, Kína–Tajvan feszültség, chip-vámok. | E28: TSMC, MediaTek, Hon Hai. | F28: AI-ciklus → pozitív. | G28: Reuters Asia
A29: CEBL | B29: Dél-Korea | C29: 0.2492 | D29: Koreai export, BoK, won. | E29: Samsung, SK hynix memóriachip árak. | F29: Memóriachip-árak fel → pozitív. | G29: Yonhap
A30: CEBL | B30: Kína | C30: 0.222 | D30: PBoC kamat, kínai GDP és PMI, ingatlanpiac (Evergrande-típusú csődök), ösztönző csomagok, USA–Kína vámok, tech-szabályozás. | E30: Tencent, Alibaba, China Construction Bank, Meituan. | F30: Ösztönző csomag → pozitív; vámháború → negatív. | G30: Caixin, SCMP, Reuters
A31: CEBL | B31: India | C31: 0.1369 | D31: RBI, GDP, infláció, rúpia. | E31: HDFC, ICICI, Reliance, Infosys. | F31: Erős növekedés → pozitív. | G31: Economic Times
A32: EUNM | B32: Tajvan | C32: 0.2748 | D32: Lásd 84X0. | E32: TSMC. | F32: AI-ciklus → pozitív. | G32: Reuters Asia
A33: EUNM | B33: Dél-Korea | C33: 0.2064 | D33: Lásd 84X0. | E33: Samsung, SK hynix. | F33: Memóriachip-árak → pozitív. | G33: Yonhap
A34: EUNM | B34: Kína | C34: 0.1842 | D34: Lásd CEBL. | E34: Tencent, Alibaba. | F34: Ösztönzők pozitívak, vámok negatívak. | G34: Caixin, SCMP
A35: EUNM | B35: India | C35: 0.1134 | D35: Lásd 84X0. | E35: HDFC, Reliance. | F35: Erős növekedés → pozitív. | G35: Economic Times
A36: EUNM | B36: Egyéb (Brazília, Szaúd, D-Afrika, Mexikó, Kelet-Európa) | C36: 0.2212 | D36: Nyersanyagárak, latin-amerikai politika, dollár, olajár. | E36: Petrobras, Vale, Aramco, OTP (kis súly). | F36: Erős dollár → negatív. | G36: Reuters

Sheet Modell ESIF
A1: Havi befektetés modell – ESIF · iShares MSCI Europe Financials Sector UCITS ETF EUR (Acc)
A2: Havonta 15 000 Ft befizetés (Feltételezések lap) a Lightyear-en; kék = forrásadat, fekete = képlet.
A4: Hónap | B4: EUR/HUF (havi átlag) | C4: Befizetés (Ft) | D4: Váltási díj (Ft) | E4: Euróra váltva (EUR) | F4: Vételi díj (EUR) | G4: Befektetett (EUR) | H4: ETF árfolyam (EUR) | I4: Vett darab | J4: Összes darab | K4: Összes befizetés (Ft) | L4: Érték (EUR) | M4: Érték (Ft) | N4: Nyereség (Ft) | O4: Hozam % | P4: Pénzáram (XIRR-hez) | R4: Összesítés
A5: 44136 | B5: 359.84 | C5: =Feltételezések!$B$5 -> 15000 | D5: =C5*Feltételezések!$B$6 -> 52.5 | E5: =(C5-D5)/B5 -> 41.539295 | F5: =Feltételezések!$B$7 -> 0 | G5: =MAX(E5-F5,0) -> 41.539295 | H5: 5.05 | I5: =G5/H5 -> 8.225603 | J5: =I5 -> 8.225603 | K5: =C5 -> 15000 | L5: =J5*H5 -> 41.539295 | M5: =L5*B5 -> 14947.5 | N5: =M5-K5 -> -52.5 | O5: =N5/K5 -> -0.0035 | P5: =-C5 -> -15000 | R5: Befizetés kezdete | S5: =A5 -> 44136
A6: 44166 | B6: 359.02 | C6: =Feltételezések!$B$5 -> 15000 | D6: =C6*Feltételezések!$B$6 -> 52.5 | E6: =(C6-D6)/B6 -> 41.634171 | F6: =Feltételezések!$B$7 -> 0 | G6: =MAX(E6-F6,0) -> 41.634171 | H6: 5.16 | I6: =G6/H6 -> 8.0686378 | J6: =J5+I6 -> 16.294241 | K6: =K5+C6 -> 30000 | L6: =J6*H6 -> 84.078282 | M6: =L6*B6 -> 30185.785 | N6: =M6-K6 -> 185.78494 | O6: =N6/K6 -> 0.0061928312 | P6: =-C6 -> -15000 | R6: Befizetett hónapok | S6: =COUNT(C5:C76) -> 72
A7: 44197 | B7: 359.19 | C7: =Feltételezések!$B$5 -> 15000 | D7: =C7*Feltételezések!$B$6 -> 52.5 | E7: =(C7-D7)/B7 -> 41.614466 | F7: =Feltételezések!$B$7 -> 0 | G7: =MAX(E7-F7,0) -> 41.614466 | H7: 5.17 | I7: =G7/H7 -> 8.0492197 | J7: =J6+I7 -> 24.34346 | K7: =K6+C7 -> 45000 | L7: =J7*H7 -> 125.85569 | M7: =L7*B7 -> 45206.106 | N7: =M7-K7 -> 206.10553 | O7: =N7/K7 -> 0.0045801229 | P7: =-C7 -> -15000 | R7: Összes befizetés (Ft) | S7: =K77 -> 1080000
A8: 44228 | B8: 358.15 | C8: =Feltételezések!$B$5 -> 15000 | D8: =C8*Feltételezések!$B$6 -> 52.5 | E8: =(C8-D8)/B8 -> 41.735306 | F8: =Feltételezések!$B$7 -> 0 | G8: =MAX(E8-F8,0) -> 41.735306 | H8: 5.04 | I8: =G8/H8 -> 8.2808148 | J8: =J7+I8 -> 32.624275 | K8: =K7+C8 -> 60000 | L8: =J8*H8 -> 164.42635 | M8: =L8*B8 -> 58889.296 | N8: =M8-K8 -> -1110.7037 | O8: =N8/K8 -> -0.018511729 | P8: =-C8 -> -15000 | R8: Mai érték (Ft) | S8: =M77 -> 2135513.9
A9: 44256 | B9: 365.61 | C9: =Feltételezések!$B$5 -> 15000 | D9: =C9*Feltételezések!$B$6 -> 52.5 | E9: =(C9-D9)/B9 -> 40.883729 | F9: =Feltételezések!$B$7 -> 0 | G9: =MAX(E9-F9,0) -> 40.883729 | H9: 5.62 | I9: =G9/H9 -> 7.2746848 | J9: =J8+I9 -> 39.89896 | K9: =K8+C9 -> 75000 | L9: =J9*H9 -> 224.23216 | M9: =L9*B9 -> 81981.518 | N9: =M9-K9 -> 6981.5184 | O9: =N9/K9 -> 0.093086911 | P9: =-C9 -> -15000 | R9: Nyereség (Ft) | S9: =N77 -> 1055513.9
A10: 44287 | B10: 360.58 | C10: =Feltételezések!$B$5 -> 15000 | D10: =C10*Feltételezések!$B$6 -> 52.5 | E10: =(C10-D10)/B10 -> 41.454046 | F10: =Feltételezések!$B$7 -> 0 | G10: =MAX(E10-F10,0) -> 41.454046 | H10: 5.89 | I10: =G10/H10 -> 7.0380384 | J10: =J9+I10 -> 46.936998 | K10: =K9+C10 -> 90000 | L10: =J10*H10 -> 276.45892 | M10: =L10*B10 -> 99685.558 | N10: =M10-K10 -> 9685.5577 | O10: =N10/K10 -> 0.10761731 | P10: =-C10 -> -15000 | R10: Összes hozam | S10: =O77 -> 0.97732772
A11: 44317 | B11: 353.65 | C11: =Feltételezések!$B$5 -> 15000 | D11: =C11*Feltételezések!$B$6 -> 52.5 | E11: =(C11-D11)/B11 -> 42.266365 | F11: =Feltételezések!$B$7 -> 0 | G11: =MAX(E11-F11,0) -> 42.266365 | H11: 5.94 | I11: =G11/H11 -> 7.1155497 | J11: =J10+I11 -> 54.052548 | K11: =K10+C11 -> 105000 | L11: =J11*H11 -> 321.07214 | M11: =L11*B11 -> 113547.16 | N11: =M11-K11 -> 8547.1609 | O11: =N11/K11 -> 0.081401532 | P11: =-C11 -> -15000 | R11: Éves hozam (XIRR, pénzzel súlyozott) | S11: =XIRR(P5:P77,A5:A77) -> 0.22895865
A12: 44348 | B12: 349.94 | C12: =Feltételezések!$B$5 -> 15000 | D12: =C12*Feltételezések!$B$6 -> 52.5 | E12: =(C12-D12)/B12 -> 42.714465 | F12: =Feltételezések!$B$7 -> 0 | G12: =MAX(E12-F12,0) -> 42.714465 | H12: 6.21 | I12: =G12/H12 -> 6.8783358 | J12: =J11+I12 -> 60.930884 | K12: =K11+C12 -> 120000 | L12: =J12*H12 -> 378.38079 | M12: =L12*B12 -> 132410.57 | N12: =M12-K12 -> 12410.573 | O12: =N12/K12 -> 0.10342144 | P12: =-C12 -> -15000 | R12: Fizetett díjak összesen (Ft, becslés) | S12: =SUM(D5:D76)+SUMPRODUCT(F5:F76,B5:B76) -> 3780
A13: 44378 | B13: 357.26 | C13: =Feltételezések!$B$5 -> 15000 | D13: =C13*Feltételezések!$B$6 -> 52.5 | E13: =(C13-D13)/B13 -> 41.839277 | F13: =Feltételezések!$B$7 -> 0 | G13: =MAX(E13-F13,0) -> 41.839277 | H13: 6.08 | I13: =G13/H13 -> 6.88146 | J13: =J12+I13 -> 67.812344 | K13: =K12+C13 -> 135000 | L13: =J13*H13 -> 412.29905 | M13: =L13*B13 -> 147297.96 | N13: =M13-K13 -> 12297.959 | O13: =N13/K13 -> 0.091095992 | P13: =-C13 -> -15000 | R13: Becsült adó, ha most eladnád (Ft) | S13: =MAX(0,N77)*(Feltételezések!$B$11+Feltételezések!$B$12) -> 295543.9
A14: 44409 | B14: 351.84 | C14: =Feltételezések!$B$5 -> 15000 | D14: =C14*Feltételezések!$B$6 -> 52.5 | E14: =(C14-D14)/B14 -> 42.483799 | F14: =Feltételezések!$B$7 -> 0 | G14: =MAX(E14-F14,0) -> 42.483799 | H14: 6.06 | I14: =G14/H14 -> 7.010528 | J14: =J13+I14 -> 74.822872 | K14: =K13+C14 -> 150000 | L14: =J14*H14 -> 453.4266 | M14: =L14*B14 -> 159533.62 | N14: =M14-K14 -> 9533.6162 | O14: =N14/K14 -> 0.063557441 | P14: =-C14 -> -15000 | R14: Adózás utáni nyereség (Ft) | S14: =N77-S13 -> 759970.04
A15: 44440 | B15: 352.51 | C15: =Feltételezések!$B$5 -> 15000 | D15: =C15*Feltételezések!$B$6 -> 52.5 | E15: =(C15-D15)/B15 -> 42.403052 | F15: =Feltételezések!$B$7 -> 0 | G15: =MAX(E15-F15,0) -> 42.403052 | H15: 6.26 | I15: =G15/H15 -> 6.7736505 | J15: =J14+I15 -> 81.596522 | K15: =K14+C15 -> 165000 | L15: =J15*H15 -> 510.79423 | M15: =L15*B15 -> 180060.07 | N15: =M15-K15 -> 15060.074 | O15: =N15/K15 -> 0.091273177 | P15: =-C15 -> -15000 | R15: Legjobb hónap végi érték (Ft) | S15: =MAX(M5:M77) -> 2222732.3
A16: 44470 | B16: 360.82 | C16: =Feltételezések!$B$5 -> 15000 | D16: =C16*Feltételezések!$B$6 -> 52.5 | E16: =(C16-D16)/B16 -> 41.426473 | F16: =Feltételezések!$B$7 -> 0 | G16: =MAX(E16-F16,0) -> 41.426473 | H16: 6.21 | I16: =G16/H16 -> 6.6709296 | J16: =J15+I16 -> 88.267452 | K16: =K15+C16 -> 180000 | L16: =J16*H16 -> 548.14088 | M16: =L16*B16 -> 197780.19 | N16: =M16-K16 -> 17780.191 | O16: =N16/K16 -> 0.098778841 | P16: =-C16 -> -15000 | R16: Legnagyobb papírveszteség (Ft) | S16: =MIN(N5:N77) -> -1110.7037
A17: 44501 | B17: 364.5 | C17: =Feltételezések!$B$5 -> 15000 | D17: =C17*Feltételezések!$B$6 -> 52.5 | E17: =(C17-D17)/B17 -> 41.00823 | F17: =Feltételezések!$B$7 -> 0 | G17: =MAX(E17-F17,0) -> 41.00823 | H17: 6.72 | I17: =G17/H17 -> 6.1024152 | J17: =J16+I17 -> 94.369867 | K17: =K16+C17 -> 195000 | L17: =J17*H17 -> 634.16551 | M17: =L17*B17 -> 231153.33 | N17: =M17-K17 -> 36153.328 | O17: =N17/K17 -> 0.18540168 | P17: =-C17 -> -15000
A18: 44531 | B18: 367.5 | C18: =Feltételezések!$B$5 -> 15000 | D18: =C18*Feltételezések!$B$6 -> 52.5 | E18: =(C18-D18)/B18 -> 40.673469 | F18: =Feltételezések!$B$7 -> 0 | G18: =MAX(E18-F18,0) -> 40.673469 | H18: 6.4 | I18: =G18/H18 -> 6.3552296 | J18: =J17+I18 -> 100.7251 | K18: =K17+C18 -> 210000 | L18: =J18*H18 -> 644.64062 | M18: =L18*B18 -> 236905.43 | N18: =M18-K18 -> 26905.428 | O18: =N18/K18 -> 0.12812109 | P18: =-C18 -> -15000
A19: 44562 | B19: 358.68 | C19: =Feltételezések!$B$5 -> 15000 | D19: =C19*Feltételezések!$B$6 -> 52.5 | E19: =(C19-D19)/B19 -> 41.673637 | F19: =Feltételezések!$B$7 -> 0 | G19: =MAX(E19-F19,0) -> 41.673637 | H19: 6.65 | I19: =G19/H19 -> 6.2667123 | J19: =J18+I19 -> 106.99181 | K19: =K18+C19 -> 225000 | L19: =J19*H19 -> 711.49553 | M19: =L19*B19 -> 255199.22 | N19: =M19-K19 -> 30199.217 | O19: =N19/K19 -> 0.13421874 | P19: =-C19 -> -15000
A20: 44593 | B20: 356.97 | C20: =Feltételezések!$B$5 -> 15000 | D20: =C20*Feltételezések!$B$6 -> 52.5 | E20: =(C20-D20)/B20 -> 41.873267 | F20: =Feltételezések!$B$7 -> 0 | G20: =MAX(E20-F20,0) -> 41.873267 | H20: 7 | I20: =G20/H20 -> 5.9818952 | J20: =J19+I20 -> 112.9737 | K20: =K19+C20 -> 240000 | L20: =J20*H20 -> 790.81593 | M20: =L20*B20 -> 282297.56 | N20: =M20-K20 -> 42297.563 | O20: =N20/K20 -> 0.17623985 | P20: =-C20 -> -15000
A21: 44621 | B21: 376.64 | C21: =Feltételezések!$B$5 -> 15000 | D21: =C21*Feltételezések!$B$6 -> 52.5 | E21: =(C21-D21)/B21 -> 39.686438 | F21: =Feltételezések!$B$7 -> 0 | G21: =MAX(E21-F21,0) -> 39.686438 | H21: 6.03 | I21: =G21/H21 -> 6.5814988 | J21: =J20+I21 -> 119.5552 | K21: =K20+C21 -> 255000 | L21: =J21*H21 -> 720.91788 | M21: =L21*B21 -> 271526.51 | N21: =M21-K21 -> 16526.509 | O21: =N21/K21 -> 0.064809838 | P21: =-C21 -> -15000
A22: 44652 | B22: 374.87 | C22: =Feltételezések!$B$5 -> 15000 | D22: =C22*Feltételezések!$B$6 -> 52.5 | E22: =(C22-D22)/B22 -> 39.873823 | F22: =Feltételezések!$B$7 -> 0 | G22: =MAX(E22-F22,0) -> 39.873823 | H22: 6.49 | I22: =G22/H22 -> 6.1438864 | J22: =J21+I22 -> 125.69909 | K22: =K21+C22 -> 270000 | L22: =J22*H22 -> 815.78709 | M22: =L22*B22 -> 305814.11 | N22: =M22-K22 -> 35814.107 | O22: =N22/K22 -> 0.13264484 | P22: =-C22 -> -15000
A23: 44682 | B23: 384.45 | C23: =Feltételezések!$B$5 -> 15000 | D23: =C23*Feltételezések!$B$6 -> 52.5 | E23: =(C23-D23)/B23 -> 38.880218 | F23: =Feltételezések!$B$7 -> 0 | G23: =MAX(E23-F23,0) -> 38.880218 | H23: 6.24 | I23: =G23/H23 -> 6.2308042 | J23: =J22+I23 -> 131.92989 | K23: =K22+C23 -> 285000 | L23: =J23*H23 -> 823.24254 | M23: =L23*B23 -> 316495.59 | N23: =M23-K23 -> 31495.594 | O23: =N23/K23 -> 0.11051086 | P23: =-C23 -> -15000
A24: 44713 | B24: 396.66 | C24: =Feltételezések!$B$5 -> 15000 | D24: =C24*Feltételezések!$B$6 -> 52.5 | E24: =(C24-D24)/B24 -> 37.683406 | F24: =Feltételezések!$B$7 -> 0 | G24: =MAX(E24-F24,0) -> 37.683406 | H24: 6.32 | I24: =G24/H24 -> 5.9625643 | J24: =J23+I24 -> 137.89246 | K24: =K23+C24 -> 300000 | L24: =J24*H24 -> 871.48034 | M24: =L24*B24 -> 345681.39 | N24: =M24-K24 -> 45681.39 | O24: =N24/K24 -> 0.1522713 | P24: =-C24 -> -15000
A25: 44743 | B25: 404.1 | C25: =Feltételezések!$B$5 -> 15000 | D25: =C25*Feltételezések!$B$6 -> 52.5 | E25: =(C25-D25)/B25 -> 36.989607 | F25: =Feltételezések!$B$7 -> 0 | G25: =MAX(E25-F25,0) -> 36.989607 | H25: 5.84 | I25: =G25/H25 -> 6.3338367 | J25: =J24+I25 -> 144.22629 | K25: =K24+C25 -> 315000 | L25: =J25*H25 -> 842.28156 | M25: =L25*B25 -> 340365.98 | N25: =M25-K25 -> 25365.979 | O25: =N25/K25 -> 0.080526919 | P25: =-C25 -> -15000
A26: 44774 | B26: 402.1 | C26: =Feltételezések!$B$5 -> 15000 | D26: =C26*Feltételezések!$B$6 -> 52.5 | E26: =(C26-D26)/B26 -> 37.173589 | F26: =Feltételezések!$B$7 -> 0 | G26: =MAX(E26-F26,0) -> 37.173589 | H26: 6.08 | I26: =G26/H26 -> 6.1140771 | J26: =J25+I26 -> 150.34037 | K26: =K25+C26 -> 330000 | L26: =J26*H26 -> 914.06946 | M26: =L26*B26 -> 367547.33 | N26: =M26-K26 -> 37547.331 | O26: =N26/K26 -> 0.11377979 | P26: =-C26 -> -15000
A27: 44805 | B27: 404.19 | C27: =Feltételezések!$B$5 -> 15000 | D27: =C27*Feltételezések!$B$6 -> 52.5 | E27: =(C27-D27)/B27 -> 36.98137 | F27: =Feltételezések!$B$7 -> 0 | G27: =MAX(E27-F27,0) -> 36.98137 | H27: 5.83 | I27: =G27/H27 -> 6.3432882 | J27: =J26+I27 -> 156.68366 | K27: =K26+C27 -> 345000 | L27: =J27*H27 -> 913.46574 | M27: =L27*B27 -> 369213.72 | N27: =M27-K27 -> 24213.717 | O27: =N27/K27 -> 0.070184687 | P27: =-C27 -> -15000
A28: 44835 | B28: 418.31 | C28: =Feltételezések!$B$5 -> 15000 | D28: =C28*Feltételezések!$B$6 -> 52.5 | E28: =(C28-D28)/B28 -> 35.733069 | F28: =Feltételezések!$B$7 -> 0 | G28: =MAX(E28-F28,0) -> 35.733069 | H28: 5.62 | I28: =G28/H28 -> 6.3581973 | J28: =J27+I28 -> 163.04186 | K28: =K27+C28 -> 360000 | L28: =J28*H28 -> 916.29524 | M28: =L28*B28 -> 383295.46 | N28: =M28-K28 -> 23295.462 | O28: =N28/K28 -> 0.064709615 | P28: =-C28 -> -15000
... A76: 46296 | B76: 363.88 | C76: =Feltételezések!$B$5 -> 15000 | D76: =C76*Feltételezések!$B$6 -> 52.5 | E76: =(C76-D76)/B76 -> 41.078103 | F76: =Feltételezések!$B$7 -> 0 | G76: =MAX(E76-F76,0) -> 41.078103 | H76: 16.3 | I76: =G76/H76 -> 2.520129 | J76: =J75+I76 -> 355.81744 | K76: =K75+C76 -> 1080000 | L76: =J76*H76 -> 5799.8243 | M76: =L76*B76 -> 2110440.1 | N76: =M76-K76 -> 1030440.1 | O76: =N76/K76 -> 0.95411116 | P76: =-C76 -> -15000
A77: =Feltételezések!$B$10 -> 46311 | B77: =Feltételezések!$B$9 -> 363.08 | C77: Mai érték → | H77: 16.53 | J77: =J76 -> 355.81744 | K77: =K76 -> 1080000 | L77: =J77*H77 -> 5881.6623 | M77: =L77*B77 -> 2135513.9 | N77: =M77-K77 -> 1055513.9 | O77: =N77/K77 -> 0.97732772 | P77: =M77 -> 2135513.9

Sheet Modell 84X0
A1: Havi befektetés modell – 84X0 · iShares MSCI EM ex-China UCITS ETF USD (Acc)
A2: Havonta 15 000 Ft befizetés (Feltételezések lap) a Lightyear-en; kék = forrásadat, fekete = képlet.
A4: Hónap | B4: EUR/HUF (havi átlag) | C4: Befizetés (Ft) | D4: Váltási díj (Ft) | E4: Euróra váltva (EUR) | F4: Vételi díj (EUR) | G4: Befektetett (EUR) | H4: ETF árfolyam (EUR) | I4: Vett darab | J4: Összes darab | K4: Összes befizetés (Ft) | L4: Érték (EUR) | M4: Érték (Ft) | N4: Nyereség (Ft) | O4: Hozam % | P4: Pénzáram (XIRR-hez) | R4: Összesítés
A5: 44287 | B5: 360.58 | C5: =Feltételezések!$B$5 -> 15000 | D5: =C5*Feltételezések!$B$6 -> 52.5 | E5: =(C5-D5)/B5 -> 41.454046 | F5: =Feltételezések!$B$7 -> 0 | G5: =MAX(E5-F5,0) -> 41.454046 | H5: 4.18 | I5: =G5/H5 -> 9.9172359 | J5: =I5 -> 9.9172359 | K5: =C5 -> 15000 | L5: =J5*H5 -> 41.454046 | M5: =L5*B5 -> 14947.5 | N5: =M5-K5 -> -52.5 | O5: =N5/K5 -> -0.0035 | P5: =-C5 -> -15000 | R5: Befizetés kezdete | S5: =A5 -> 44287
A6: 44317 | B6: 353.65 | C6: =Feltételezések!$B$5 -> 15000 | D6: =C6*Feltételezések!$B$6 -> 52.5 | E6: =(C6-D6)/B6 -> 42.266365 | F6: =Feltételezések!$B$7 -> 0 | G6: =MAX(E6-F6,0) -> 42.266365 | H6: 4.15 | I6: =G6/H6 -> 10.184666 | J6: =J5+I6 -> 20.101902 | K6: =K5+C6 -> 30000 | L6: =J6*H6 -> 83.422894 | M6: =L6*B6 -> 29502.507 | N6: =M6-K6 -> -497.49346 | O6: =N6/K6 -> -0.016583115 | P6: =-C6 -> -15000 | R6: Befizetett hónapok | S6: =COUNT(C5:C71) -> 67
A7: 44348 | B7: 349.94 | C7: =Feltételezések!$B$5 -> 15000 | D7: =C7*Feltételezések!$B$6 -> 52.5 | E7: =(C7-D7)/B7 -> 42.714465 | F7: =Feltételezések!$B$7 -> 0 | G7: =MAX(E7-F7,0) -> 42.714465 | H7: 4.26 | I7: =G7/H7 -> 10.02687 | J7: =J6+I7 -> 30.128772 | K7: =K6+C7 -> 45000 | L7: =J7*H7 -> 128.34857 | M7: =L7*B7 -> 44914.298 | N7: =M7-K7 -> -85.70183 | O7: =N7/K7 -> -0.0019044851 | P7: =-C7 -> -15000 | R7: Összes befizetés (Ft) | S7: =K72 -> 1005000
A8: 44378 | B8: 357.26 | C8: =Feltételezések!$B$5 -> 15000 | D8: =C8*Feltételezések!$B$6 -> 52.5 | E8: =(C8-D8)/B8 -> 41.839277 | F8: =Feltételezések!$B$7 -> 0 | G8: =MAX(E8-F8,0) -> 41.839277 | H8: 4.35 | I8: =G8/H8 -> 9.6182245 | J8: =J7+I8 -> 39.746997 | K8: =K7+C8 -> 60000 | L8: =J8*H8 -> 172.89944 | M8: =L8*B8 -> 61770.052 | N8: =M8-K8 -> 1770.0522 | O8: =N8/K8 -> 0.029500869 | P8: =-C8 -> -15000 | R8: Mai érték (Ft) | S8: =M72 -> 1574911.2
A9: 44409 | B9: 351.84 | C9: =Feltételezések!$B$5 -> 15000 | D9: =C9*Feltételezések!$B$6 -> 52.5 | E9: =(C9-D9)/B9 -> 42.483799 | F9: =Feltételezések!$B$7 -> 0 | G9: =MAX(E9-F9,0) -> 42.483799 | H9: 4.26 | I9: =G9/H9 -> 9.9727229 | J9: =J8+I9 -> 49.719719 | K9: =K8+C9 -> 75000 | L9: =J9*H9 -> 211.806 | M9: =L9*B9 -> 74521.825 | N9: =M9-K9 -> -478.17528 | O9: =N9/K9 -> -0.0063756704 | P9: =-C9 -> -15000 | R9: Nyereség (Ft) | S9: =N72 -> 569911.25
A10: 44440 | B10: 352.51 | C10: =Feltételezések!$B$5 -> 15000 | D10: =C10*Feltételezések!$B$6 -> 52.5 | E10: =(C10-D10)/B10 -> 42.403052 | F10: =Feltételezések!$B$7 -> 0 | G10: =MAX(E10-F10,0) -> 42.403052 | H10: 4.45 | I10: =G10/H10 -> 9.5287758 | J10: =J9+I10 -> 59.248495 | K10: =K9+C10 -> 90000 | L10: =J10*H10 -> 263.6558 | M10: =L10*B10 -> 92941.307 | N10: =M10-K10 -> 2941.3074 | O10: =N10/K10 -> 0.032681194 | P10: =-C10 -> -15000 | R10: Összes hozam | S10: =O72 -> 0.56707587
A11: 44470 | B11: 360.82 | C11: =Feltételezések!$B$5 -> 15000 | D11: =C11*Feltételezések!$B$6 -> 52.5 | E11: =(C11-D11)/B11 -> 41.426473 | F11: =Feltételezések!$B$7 -> 0 | G11: =MAX(E11-F11,0) -> 41.426473 | H11: 4.35 | I11: =G11/H11 -> 9.5233271 | J11: =J10+I11 -> 68.771822 | K11: =K10+C11 -> 105000 | L11: =J11*H11 -> 299.15743 | M11: =L11*B11 -> 107941.98 | N11: =M11-K11 -> 2941.9829 | O11: =N11/K11 -> 0.028018885 | P11: =-C11 -> -15000 | R11: Éves hozam (XIRR, pénzzel súlyozott) | S11: =XIRR(P5:P72,A5:A72) -> 0.16227635
A12: 44501 | B12: 364.5 | C12: =Feltételezések!$B$5 -> 15000 | D12: =C12*Feltételezések!$B$6 -> 52.5 | E12: =(C12-D12)/B12 -> 41.00823 | F12: =Feltételezések!$B$7 -> 0 | G12: =MAX(E12-F12,0) -> 41.00823 | H12: 4.4 | I12: =G12/H12 -> 9.3200524 | J12: =J11+I12 -> 78.091875 | K12: =K11+C12 -> 120000 | L12: =J12*H12 -> 343.60425 | M12: =L12*B12 -> 125243.75 | N12: =M12-K12 -> 5243.7487 | O12: =N12/K12 -> 0.043697906 | P12: =-C12 -> -15000 | R12: Fizetett díjak összesen (Ft, becslés) | S12: =SUM(D5:D71)+SUMPRODUCT(F5:F71,B5:B71) -> 3517.5
A13: 44531 | B13: 367.5 | C13: =Feltételezések!$B$5 -> 15000 | D13: =C13*Feltételezések!$B$6 -> 52.5 | E13: =(C13-D13)/B13 -> 40.673469 | F13: =Feltételezések!$B$7 -> 0 | G13: =MAX(E13-F13,0) -> 40.673469 | H13: 4.42 | I13: =G13/H13 -> 9.2021424 | J13: =J12+I13 -> 87.294017 | K13: =K12+C13 -> 135000 | L13: =J13*H13 -> 385.83956 | M13: =L13*B13 -> 141796.04 | N13: =M13-K13 -> 6796.0368 | O13: =N13/K13 -> 0.050341013 | P13: =-C13 -> -15000 | R13: Becsült adó, ha most eladnád (Ft) | S13: =MAX(0,N72)*(Feltételezések!$B$11+Feltételezések!$B$12) -> 159575.15
A14: 44562 | B14: 358.68 | C14: =Feltételezések!$B$5 -> 15000 | D14: =C14*Feltételezések!$B$6 -> 52.5 | E14: =(C14-D14)/B14 -> 41.673637 | F14: =Feltételezések!$B$7 -> 0 | G14: =MAX(E14-F14,0) -> 41.673637 | H14: 4.52 | I14: =G14/H14 -> 9.2198311 | J14: =J13+I14 -> 96.513848 | K14: =K13+C14 -> 150000 | L14: =J14*H14 -> 436.24259 | M14: =L14*B14 -> 156471.49 | N14: =M14-K14 -> 6471.4937 | O14: =N14/K14 -> 0.043143291 | P14: =-C14 -> -15000 | R14: Adózás utáni nyereség (Ft) | S14: =N72-S13 -> 410336.1
A15: 44593 | B15: 356.97 | C15: =Feltételezések!$B$5 -> 15000 | D15: =C15*Feltételezések!$B$6 -> 52.5 | E15: =(C15-D15)/B15 -> 41.873267 | F15: =Feltételezések!$B$7 -> 0 | G15: =MAX(E15-F15,0) -> 41.873267 | H15: 4.54 | I15: =G15/H15 -> 9.2231865 | J15: =J14+I15 -> 105.73703 | K15: =K14+C15 -> 165000 | L15: =J15*H15 -> 480.04614 | M15: =L15*B15 -> 171362.07 | N15: =M15-K15 -> 6362.0698 | O15: =N15/K15 -> 0.038557999 | P15: =-C15 -> -15000 | R15: Legjobb hónap végi érték (Ft) | S15: =MAX(M5:M72) -> 1680276.9
A16: 44621 | B16: 376.64 | C16: =Feltételezések!$B$5 -> 15000 | D16: =C16*Feltételezések!$B$6 -> 52.5 | E16: =(C16-D16)/B16 -> 39.686438 | F16: =Feltételezések!$B$7 -> 0 | G16: =MAX(E16-F16,0) -> 39.686438 | H16: 4.41 | I16: =G16/H16 -> 8.9991923 | J16: =J15+I16 -> 114.73623 | K16: =K15+C16 -> 180000 | L16: =J16*H16 -> 505.98676 | M16: =L16*B16 -> 190574.85 | N16: =M16-K16 -> 10574.854 | O16: =N16/K16 -> 0.058749188 | P16: =-C16 -> -15000 | R16: Legnagyobb papírveszteség (Ft) | S16: =MIN(N5:N72) -> -31514.221
A17: 44652 | B17: 374.87 | C17: =Feltételezések!$B$5 -> 15000 | D17: =C17*Feltételezések!$B$6 -> 52.5 | E17: =(C17-D17)/B17 -> 39.873823 | F17: =Feltételezések!$B$7 -> 0 | G17: =MAX(E17-F17,0) -> 39.873823 | H17: 4.49 | I17: =G17/H17 -> 8.8805842 | J17: =J16+I17 -> 123.61681 | K17: =K16+C17 -> 195000 | L17: =J17*H17 -> 555.03948 | M17: =L17*B17 -> 208067.65 | N17: =M17-K17 -> 13067.651 | O17: =N17/K17 -> 0.067013594 | P17: =-C17 -> -15000
A18: 44682 | B18: 384.45 | C18: =Feltételezések!$B$5 -> 15000 | D18: =C18*Feltételezések!$B$6 -> 52.5 | E18: =(C18-D18)/B18 -> 38.880218 | F18: =Feltételezések!$B$7 -> 0 | G18: =MAX(E18-F18,0) -> 38.880218 | H18: 4.41 | I18: =G18/H18 -> 8.8163761 | J18: =J17+I18 -> 132.43319 | K18: =K17+C18 -> 210000 | L18: =J18*H18 -> 584.03036 | M18: =L18*B18 -> 224530.47 | N18: =M18-K18 -> 14530.47 | O18: =N18/K18 -> 0.069192716 | P18: =-C18 -> -15000
A19: 44713 | B19: 396.66 | C19: =Feltételezések!$B$5 -> 15000 | D19: =C19*Feltételezések!$B$6 -> 52.5 | E19: =(C19-D19)/B19 -> 37.683406 | F19: =Feltételezések!$B$7 -> 0 | G19: =MAX(E19-F19,0) -> 37.683406 | H19: 4.29 | I19: =G19/H19 -> 8.7840108 | J19: =J18+I19 -> 141.2172 | K19: =K18+C19 -> 225000 | L19: =J19*H19 -> 605.82178 | M19: =L19*B19 -> 240305.27 | N19: =M19-K19 -> 15305.267 | O19: =N19/K19 -> 0.06802341 | P19: =-C19 -> -15000
A20: 44743 | B20: 404.1 | C20: =Feltételezések!$B$5 -> 15000 | D20: =C20*Feltételezések!$B$6 -> 52.5 | E20: =(C20-D20)/B20 -> 36.989607 | F20: =Feltételezések!$B$7 -> 0 | G20: =MAX(E20-F20,0) -> 36.989607 | H20: 3.86 | I20: =G20/H20 -> 9.5827996 | J20: =J19+I20 -> 150.8 | K20: =K19+C20 -> 240000 | L20: =J20*H20 -> 582.08799 | M20: =L20*B20 -> 235221.76 | N20: =M20-K20 -> -4778.2427 | O20: =N20/K20 -> -0.019909345 | P20: =-C20 -> -15000
A21: 44774 | B21: 402.1 | C21: =Feltételezések!$B$5 -> 15000 | D21: =C21*Feltételezések!$B$6 -> 52.5 | E21: =(C21-D21)/B21 -> 37.173589 | F21: =Feltételezések!$B$7 -> 0 | G21: =MAX(E21-F21,0) -> 37.173589 | H21: 4.18 | I21: =G21/H21 -> 8.893203 | J21: =J20+I21 -> 159.6932 | K21: =K20+C21 -> 255000 | L21: =J21*H21 -> 667.51758 | M21: =L21*B21 -> 268408.82 | N21: =M21-K21 -> 13408.819 | O21: =N21/K21 -> 0.052583602 | P21: =-C21 -> -15000
A22: 44805 | B22: 404.19 | C22: =Feltételezések!$B$5 -> 15000 | D22: =C22*Feltételezések!$B$6 -> 52.5 | E22: =(C22-D22)/B22 -> 36.98137 | F22: =Feltételezések!$B$7 -> 0 | G22: =MAX(E22-F22,0) -> 36.98137 | H22: 4.2 | I22: =G22/H22 -> 8.8050881 | J22: =J21+I22 -> 168.49829 | K22: =K21+C22 -> 270000 | L22: =J22*H22 -> 707.69281 | M22: =L22*B22 -> 286042.36 | N22: =M22-K22 -> 16042.358 | O22: =N22/K22 -> 0.059416142 | P22: =-C22 -> -15000
A23: 44835 | B23: 418.31 | C23: =Feltételezések!$B$5 -> 15000 | D23: =C23*Feltételezések!$B$6 -> 52.5 | E23: =(C23-D23)/B23 -> 35.733069 | F23: =Feltételezések!$B$7 -> 0 | G23: =MAX(E23-F23,0) -> 35.733069 | H23: 3.94 | I23: =G23/H23 -> 9.0693068 | J23: =J22+I23 -> 177.5676 | K23: =K22+C23 -> 285000 | L23: =J23*H23 -> 699.61633 | M23: =L23*B23 -> 292656.51 | N23: =M23-K23 -> 7656.5058 | O23: =N23/K23 -> 0.026864933 | P23: =-C23 -> -15000
A24: 44866 | B24: 406.68 | C24: =Feltételezések!$B$5 -> 15000 | D24: =C24*Feltételezések!$B$6 -> 52.5 | E24: =(C24-D24)/B24 -> 36.754942 | F24: =Feltételezések!$B$7 -> 0 | G24: =MAX(E24-F24,0) -> 36.754942 | H24: 4.01 | I24: =G24/H24 -> 9.1658211 | J24: =J23+I24 -> 186.73342 | K24: =K23+C24 -> 300000 | L24: =J24*H24 -> 748.801 | M24: =L24*B24 -> 304522.39 | N24: =M24-K24 -> 4522.3912 | O24: =N24/K24 -> 0.015074637 | P24: =-C24 -> -15000
A25: 44896 | B25: 407.68 | C25: =Feltételezések!$B$5 -> 15000 | D25: =C25*Feltételezések!$B$6 -> 52.5 | E25: =(C25-D25)/B25 -> 36.664786 | F25: =Feltételezések!$B$7 -> 0 | G25: =MAX(E25-F25,0) -> 36.664786 | H25: 4.16 | I25: =G25/H25 -> 8.8136505 | J25: =J24+I25 -> 195.54707 | K25: =K24+C25 -> 315000 | L25: =J25*H25 -> 813.4758 | M25: =L25*B25 -> 331637.81 | N25: =M25-K25 -> 16637.814 | O25: =N25/K25 -> 0.052818457 | P25: =-C25 -> -15000
A26: 44927 | B26: 396.03 | C26: =Feltételezések!$B$5 -> 15000 | D26: =C26*Feltételezések!$B$6 -> 52.5 | E26: =(C26-D26)/B26 -> 37.743353 | F26: =Feltételezések!$B$7 -> 0 | G26: =MAX(E26-F26,0) -> 37.743353 | H26: 3.88 | I26: =G26/H26 -> 9.7276682 | J26: =J25+I26 -> 205.27474 | K26: =K25+C26 -> 330000 | L26: =J26*H26 -> 796.46597 | M26: =L26*B26 -> 315424.42 | N26: =M26-K26 -> -14575.58 | O26: =N26/K26 -> -0.044168425 | P26: =-C26 -> -15000
A27: 44958 | B27: 384.91 | C27: =Feltételezések!$B$5 -> 15000 | D27: =C27*Feltételezések!$B$6 -> 52.5 | E27: =(C27-D27)/B27 -> 38.833753 | F27: =Feltételezések!$B$7 -> 0 | G27: =MAX(E27-F27,0) -> 38.833753 | H27: 4.06 | I27: =G27/H27 -> 9.5649639 | J27: =J26+I27 -> 214.8397 | K27: =K26+C27 -> 345000 | L27: =J27*H27 -> 872.24918 | M27: =L27*B27 -> 335737.43 | N27: =M27-K27 -> -9262.5683 | O27: =N27/K27 -> -0.026848024 | P27: =-C27 -> -15000
A28: 44986 | B28: 385.01 | C28: =Feltételezések!$B$5 -> 15000 | D28: =C28*Feltételezések!$B$6 -> 52.5 | E28: =(C28-D28)/B28 -> 38.823667 | F28: =Feltételezések!$B$7 -> 0 | G28: =MAX(E28-F28,0) -> 38.823667 | H28: 3.96 | I28: =G28/H28 -> 9.8039563 | J28: =J27+I28 -> 224.64366 | K28: =K27+C28 -> 360000 | L28: =J28*H28 -> 889.58888 | M28: =L28*B28 -> 342500.61 | N28: =M28-K28 -> -17499.387 | O28: =N28/K28 -> -0.048609407 | P28: =-C28 -> -15000
... A71: 46296 | B71: 363.88 | C71: =Feltételezések!$B$5 -> 15000 | D71: =C71*Feltételezések!$B$6 -> 52.5 | E71: =(C71-D71)/B71 -> 41.078103 | F71: =Feltételezések!$B$7 -> 0 | G71: =MAX(E71-F71,0) -> 41.078103 | H71: 8.41 | I71: =G71/H71 -> 4.8844355 | J71: =J70+I71 -> 549.06867 | K71: =K70+C71 -> 1005000 | L71: =J71*H71 -> 4617.6676 | M71: =L71*B71 -> 1680276.9 | N71: =M71-K71 -> 675276.87 | O71: =N71/K71 -> 0.67191728 | P71: =-C71 -> -15000
A72: =Feltételezések!$B$10 -> 46311 | B72: =Feltételezések!$B$9 -> 363.08 | C72: Mai érték → | H72: 7.9 | J72: =J71 -> 549.06867 | K72: =K71 -> 1005000 | L72: =J72*H72 -> 4337.6425 | M72: =L72*B72 -> 1574911.2 | N72: =M72-K72 -> 569911.25 | O72: =N72/K72 -> 0.56707587 | P72: =M72 -> 1574911.2

Sheet Modell BRNT
A1: Havi befektetés modell – BRNT · WisdomTree Brent Crude Oil
A2: Havonta 15 000 Ft befizetés (Feltételezések lap) a Lightyear-en; kék = forrásadat, fekete = képlet.
A4: Hónap | B4: EUR/HUF (havi átlag) | C4: Befizetés (Ft) | D4: Váltási díj (Ft) | E4: Euróra váltva (EUR) | F4: Vételi díj (EUR) | G4: Befektetett (EUR) | H4: ETF árfolyam (EUR) | I4: Vett darab | J4: Összes darab | K4: Összes befizetés (Ft) | L4: Érték (EUR) | M4: Érték (Ft) | N4: Nyereség (Ft) | O4: Hozam % | P4: Pénzáram (XIRR-hez) | R4: Összesítés
A5: 43831 | B5: 334.38 | C5: =Feltételezések!$B$5 -> 15000 | D5: =C5*Feltételezések!$B$6 -> 52.5 | E5: =(C5-D5)/B5 -> 44.702135 | F5: =Feltételezések!$B$8 -> 1 | G5: =MAX(E5-F5,0) -> 43.702135 | H5: 27.59 | I5: =G5/H5 -> 1.5839846 | J5: =I5 -> 1.5839846 | K5: =C5 -> 15000 | L5: =J5*H5 -> 43.702135 | M5: =L5*B5 -> 14613.12 | N5: =M5-K5 -> -386.88 | O5: =N5/K5 -> -0.025792 | P5: =-C5 -> -15000 | R5: Befizetés kezdete | S5: =A5 -> 43831
A6: 43862 | B6: 337.17 | C6: =Feltételezések!$B$5 -> 15000 | D6: =C6*Feltételezések!$B$6 -> 52.5 | E6: =(C6-D6)/B6 -> 44.332236 | F6: =Feltételezések!$B$8 -> 1 | G6: =MAX(E6-F6,0) -> 43.332236 | H6: 24.48 | I6: =G6/H6 -> 1.7701077 | J6: =J5+I6 -> 3.3540923 | K6: =K5+C6 -> 30000 | L6: =J6*H6 -> 82.108179 | M6: =L6*B6 -> 27684.415 | N6: =M6-K6 -> -2315.5852 | O6: =N6/K6 -> -0.077186175 | P6: =-C6 -> -15000 | R6: Befizetett hónapok | S6: =COUNT(C5:C86) -> 82
A7: 43891 | B7: 345.68 | C7: =Feltételezések!$B$5 -> 15000 | D7: =C7*Feltételezések!$B$6 -> 52.5 | E7: =(C7-D7)/B7 -> 43.240859 | F7: =Feltételezések!$B$8 -> 1 | G7: =MAX(E7-F7,0) -> 42.240859 | H7: 21.71 | I7: =G7/H7 -> 1.9456867 | J7: =J6+I7 -> 5.299779 | K7: =K6+C7 -> 45000 | L7: =J7*H7 -> 115.0582 | M7: =L7*B7 -> 39773.319 | N7: =M7-K7 -> -5226.6807 | O7: =N7/K7 -> -0.11614846 | P7: =-C7 -> -15000 | R7: Összes befizetés (Ft) | S7: =K87 -> 1230000
A8: 43922 | B8: 356.69 | C8: =Feltételezések!$B$5 -> 15000 | D8: =C8*Feltételezések!$B$6 -> 52.5 | E8: =(C8-D8)/B8 -> 41.906137 | F8: =Feltételezések!$B$8 -> 1 | G8: =MAX(E8-F8,0) -> 40.906137 | H8: 11.69 | I8: =G8/H8 -> 3.4992418 | J8: =J7+I8 -> 8.7990208 | K8: =K7+C8 -> 60000 | L8: =J8*H8 -> 102.86055 | M8: =L8*B8 -> 36689.331 | N8: =M8-K8 -> -23310.669 | O8: =N8/K8 -> -0.38851115 | P8: =-C8 -> -15000 | R8: Mai érték (Ft) | S8: =M87 -> 3365058.1
A9: 43952 | B9: 350.76 | C9: =Feltételezések!$B$5 -> 15000 | D9: =C9*Feltételezések!$B$6 -> 52.5 | E9: =(C9-D9)/B9 -> 42.614608 | F9: =Feltételezések!$B$8 -> 1 | G9: =MAX(E9-F9,0) -> 41.614608 | H9: 10.97 | I9: =G9/H9 -> 3.7934921 | J9: =J8+I9 -> 12.592513 | K9: =K8+C9 -> 75000 | L9: =J9*H9 -> 138.13987 | M9: =L9*B9 -> 48453.94 | N9: =M9-K9 -> -26546.06 | O9: =N9/K9 -> -0.35394747 | P9: =-C9 -> -15000 | R9: Nyereség (Ft) | S9: =N87 -> 2135058.1
A10: 43983 | B10: 347.69 | C10: =Feltételezések!$B$5 -> 15000 | D10: =C10*Feltételezések!$B$6 -> 52.5 | E10: =(C10-D10)/B10 -> 42.990883 | F10: =Feltételezések!$B$8 -> 1 | G10: =MAX(E10-F10,0) -> 41.990883 | H10: 14.84 | I10: =G10/H10 -> 2.8295743 | J10: =J9+I10 -> 15.422087 | K10: =K9+C10 -> 90000 | L10: =J10*H10 -> 228.86377 | M10: =L10*B10 -> 79573.646 | N10: =M10-K10 -> -10426.354 | O10: =N10/K10 -> -0.11584838 | P10: =-C10 -> -15000 | R10: Összes hozam | S10: =O87 -> 1.7358196
A11: 44013 | B11: 351.16 | C11: =Feltételezések!$B$5 -> 15000 | D11: =C11*Feltételezések!$B$6 -> 52.5 | E11: =(C11-D11)/B11 -> 42.566067 | F11: =Feltételezések!$B$8 -> 1 | G11: =MAX(E11-F11,0) -> 41.566067 | H11: 16.1 | I11: =G11/H11 -> 2.5817433 | J11: =J10+I11 -> 18.003831 | K11: =K10+C11 -> 105000 | L11: =J11*H11 -> 289.86167 | M11: =L11*B11 -> 101787.82 | N11: =M11-K11 -> -3212.1756 | O11: =N11/K11 -> -0.030592148 | P11: =-C11 -> -15000 | R11: Éves hozam (XIRR, pénzzel súlyozott) | S11: =XIRR(P5:P87,A5:A87) -> 0.29379401
A12: 44044 | B12: 348.93 | C12: =Feltételezések!$B$5 -> 15000 | D12: =C12*Feltételezések!$B$6 -> 52.5 | E12: =(C12-D12)/B12 -> 42.838105 | F12: =Feltételezések!$B$8 -> 1 | G12: =MAX(E12-F12,0) -> 41.838105 | H12: 15.71 | I12: =G12/H12 -> 2.6631512 | J12: =J11+I12 -> 20.666982 | K12: =K11+C12 -> 120000 | L12: =J12*H12 -> 324.67828 | M12: =L12*B12 -> 113289.99 | N12: =M12-K12 -> -6710.007 | O12: =N12/K12 -> -0.055916725 | P12: =-C12 -> -15000 | R12: Fizetett díjak összesen (Ft, becslés) | S12: =SUM(D5:D86)+SUMPRODUCT(F5:F86,B5:B86) -> 35296.75
A13: 44075 | B13: 360.61 | C13: =Feltételezések!$B$5 -> 15000 | D13: =C13*Feltételezések!$B$6 -> 52.5 | E13: =(C13-D13)/B13 -> 41.450598 | F13: =Feltételezések!$B$8 -> 1 | G13: =MAX(E13-F13,0) -> 40.450598 | H13: 16.13 | I13: =G13/H13 -> 2.5077866 | J13: =J12+I13 -> 23.174768 | K13: =K12+C13 -> 135000 | L13: =J13*H13 -> 373.80901 | M13: =L13*B13 -> 134799.27 | N13: =M13-K13 -> -200.73211 | O13: =N13/K13 -> -0.0014869045 | P13: =-C13 -> -15000 | R13: Becsült adó, ha most eladnád (Ft) | S13: =MAX(0,N87)*(Feltételezések!$B$11+Feltételezések!$B$12) -> 597816.26
A14: 44105 | B14: 362.53 | C14: =Feltételezések!$B$5 -> 15000 | D14: =C14*Feltételezések!$B$6 -> 52.5 | E14: =(C14-D14)/B14 -> 41.231071 | F14: =Feltételezések!$B$8 -> 1 | G14: =MAX(E14-F14,0) -> 40.231071 | H14: 14.53 | I14: =G14/H14 -> 2.768828 | J14: =J13+I14 -> 25.943596 | K14: =K13+C14 -> 150000 | L14: =J14*H14 -> 376.96045 | M14: =L14*B14 -> 136659.47 | N14: =M14-K14 -> -13340.527 | O14: =N14/K14 -> -0.088936845 | P14: =-C14 -> -15000 | R14: Adózás utáni nyereség (Ft) | S14: =N87-S13 -> 1537241.8
A15: 44136 | B15: 359.84 | C15: =Feltételezések!$B$5 -> 15000 | D15: =C15*Feltételezések!$B$6 -> 52.5 | E15: =(C15-D15)/B15 -> 41.539295 | F15: =Feltételezések!$B$8 -> 1 | G15: =MAX(E15-F15,0) -> 40.539295 | H15: 13.35 | I15: =G15/H15 -> 3.0366513 | J15: =J14+I15 -> 28.980248 | K15: =K14+C15 -> 165000 | L15: =J15*H15 -> 386.88631 | M15: =L15*B15 -> 139217.17 | N15: =M15-K15 -> -25782.832 | O15: =N15/K15 -> -0.15625959 | P15: =-C15 -> -15000 | R15: Legjobb hónap végi érték (Ft) | S15: =MAX(M5:M87) -> 3365058.1
A16: 44166 | B16: 359.02 | C16: =Feltételezések!$B$5 -> 15000 | D16: =C16*Feltételezések!$B$6 -> 52.5 | E16: =(C16-D16)/B16 -> 41.634171 | F16: =Feltételezések!$B$8 -> 1 | G16: =MAX(E16-F16,0) -> 40.634171 | H16: 16.06 | I16: =G16/H16 -> 2.5301476 | J16: =J15+I16 -> 31.510395 | K16: =K15+C16 -> 180000 | L16: =J16*H16 -> 506.05695 | M16: =L16*B16 -> 181684.57 | N16: =M16-K16 -> 1684.5651 | O16: =N16/K16 -> 0.0093586949 | P16: =-C16 -> -15000 | R16: Legnagyobb papírveszteség (Ft) | S16: =MIN(N5:N87) -> -26546.06
A17: 44197 | B17: 359.19 | C17: =Feltételezések!$B$5 -> 15000 | D17: =C17*Feltételezések!$B$6 -> 52.5 | E17: =(C17-D17)/B17 -> 41.614466 | F17: =Feltételezések!$B$8 -> 1 | G17: =MAX(E17-F17,0) -> 40.614466 | H17: 17.11 | I17: =G17/H17 -> 2.3737268 | J17: =J16+I17 -> 33.884122 | K17: =K16+C17 -> 195000 | L17: =J17*H17 -> 579.75733 | M17: =L17*B17 -> 208243.03 | N17: =M17-K17 -> 13243.035 | O17: =N17/K17 -> 0.067912998 | P17: =-C17 -> -15000
A18: 44228 | B18: 358.15 | C18: =Feltételezések!$B$5 -> 15000 | D18: =C18*Feltételezések!$B$6 -> 52.5 | E18: =(C18-D18)/B18 -> 41.735306 | F18: =Feltételezések!$B$8 -> 1 | G18: =MAX(E18-F18,0) -> 40.735306 | H18: 18.88 | I18: =G18/H18 -> 2.1575904 | J18: =J17+I18 -> 36.041712 | K18: =K17+C18 -> 210000 | L18: =J18*H18 -> 680.46753 | M18: =L18*B18 -> 243709.45 | N18: =M18-K18 -> 33709.446 | O18: =N18/K18 -> 0.16052117 | P18: =-C18 -> -15000
A19: 44256 | B19: 365.61 | C19: =Feltételezések!$B$5 -> 15000 | D19: =C19*Feltételezések!$B$6 -> 52.5 | E19: =(C19-D19)/B19 -> 40.883729 | F19: =Feltételezések!$B$8 -> 1 | G19: =MAX(E19-F19,0) -> 39.883729 | H19: 21.47 | I19: =G19/H19 -> 1.8576492 | J19: =J18+I19 -> 37.899362 | K19: =K18+C19 -> 225000 | L19: =J19*H19 -> 813.69929 | M19: =L19*B19 -> 297496.6 | N19: =M19-K19 -> 72496.599 | O19: =N19/K19 -> 0.32220711 | P19: =-C19 -> -15000
A20: 44287 | B20: 360.58 | C20: =Feltételezések!$B$5 -> 15000 | D20: =C20*Feltételezések!$B$6 -> 52.5 | E20: =(C20-D20)/B20 -> 41.454046 | F20: =Feltételezések!$B$8 -> 1 | G20: =MAX(E20-F20,0) -> 40.454046 | H20: 22.72 | I20: =G20/H20 -> 1.7805478 | J20: =J19+I20 -> 39.679909 | K20: =K19+C20 -> 240000 | L20: =J20*H20 -> 901.52754 | M20: =L20*B20 -> 325072.8 | N20: =M20-K20 -> 85072.801 | O20: =N20/K20 -> 0.35447 | P20: =-C20 -> -15000
A21: 44317 | B21: 353.65 | C21: =Feltételezések!$B$5 -> 15000 | D21: =C21*Feltételezések!$B$6 -> 52.5 | E21: =(C21-D21)/B21 -> 42.266365 | F21: =Feltételezések!$B$8 -> 1 | G21: =MAX(E21-F21,0) -> 41.266365 | H21: 22.86 | I21: =G21/H21 -> 1.8051778 | J21: =J20+I21 -> 41.485087 | K21: =K20+C21 -> 255000 | L21: =J21*H21 -> 948.34909 | M21: =L21*B21 -> 335383.66 | N21: =M21-K21 -> 80383.657 | O21: =N21/K21 -> 0.31523003 | P21: =-C21 -> -15000
A22: 44348 | B22: 349.94 | C22: =Feltételezések!$B$5 -> 15000 | D22: =C22*Feltételezések!$B$6 -> 52.5 | E22: =(C22-D22)/B22 -> 42.714465 | F22: =Feltételezések!$B$8 -> 1 | G22: =MAX(E22-F22,0) -> 41.714465 | H22: 23.82 | I22: =G22/H22 -> 1.751237 | J22: =J21+I22 -> 43.236324 | K22: =K21+C22 -> 270000 | L22: =J22*H22 -> 1029.8892 | M22: =L22*B22 -> 360399.44 | N22: =M22-K22 -> 90399.442 | O22: =N22/K22 -> 0.33481275 | P22: =-C22 -> -15000
A23: 44378 | B23: 357.26 | C23: =Feltételezések!$B$5 -> 15000 | D23: =C23*Feltételezések!$B$6 -> 52.5 | E23: =(C23-D23)/B23 -> 41.839277 | F23: =Feltételezések!$B$8 -> 1 | G23: =MAX(E23-F23,0) -> 40.839277 | H23: 26.58 | I23: =G23/H23 -> 1.5364664 | J23: =J22+I23 -> 44.772791 | K23: =K22+C23 -> 285000 | L23: =J23*H23 -> 1190.0608 | M23: =L23*B23 -> 425161.11 | N23: =M23-K23 -> 140161.11 | O23: =N23/K23 -> 0.49179338 | P23: =-C23 -> -15000
A24: 44409 | B24: 351.84 | C24: =Feltételezések!$B$5 -> 15000 | D24: =C24*Feltételezések!$B$6 -> 52.5 | E24: =(C24-D24)/B24 -> 42.483799 | F24: =Feltételezések!$B$8 -> 1 | G24: =MAX(E24-F24,0) -> 41.483799 | H24: 26.66 | I24: =G24/H24 -> 1.5560315 | J24: =J23+I24 -> 46.328822 | K24: =K23+C24 -> 300000 | L24: =J24*H24 -> 1235.1264 | M24: =L24*B24 -> 434566.87 | N24: =M24-K24 -> 134566.87 | O24: =N24/K24 -> 0.44855624 | P24: =-C24 -> -15000
A25: 44440 | B25: 352.51 | C25: =Feltételezések!$B$5 -> 15000 | D25: =C25*Feltételezések!$B$6 -> 52.5 | E25: =(C25-D25)/B25 -> 42.403052 | F25: =Feltételezések!$B$8 -> 1 | G25: =MAX(E25-F25,0) -> 41.403052 | H25: 25.73 | I25: =G25/H25 -> 1.6091353 | J25: =J24+I25 -> 47.937957 | K25: =K24+C25 -> 315000 | L25: =J25*H25 -> 1233.4436 | M25: =L25*B25 -> 434801.22 | N25: =M25-K25 -> 119801.22 | O25: =N25/K25 -> 0.38032133 | P25: =-C25 -> -15000
A26: 44470 | B26: 360.82 | C26: =Feltételezések!$B$5 -> 15000 | D26: =C26*Feltételezések!$B$6 -> 52.5 | E26: =(C26-D26)/B26 -> 41.426473 | F26: =Feltételezések!$B$8 -> 1 | G26: =MAX(E26-F26,0) -> 40.426473 | H26: 29.25 | I26: =G26/H26 -> 1.3821016 | J26: =J25+I26 -> 49.320059 | K26: =K25+C26 -> 330000 | L26: =J26*H26 -> 1442.6117 | M26: =L26*B26 -> 520523.16 | N26: =M26-K26 -> 190523.16 | O26: =N26/K26 -> 0.57734292 | P26: =-C26 -> -15000
A27: 44501 | B27: 364.5 | C27: =Feltételezések!$B$5 -> 15000 | D27: =C27*Feltételezések!$B$6 -> 52.5 | E27: =(C27-D27)/B27 -> 41.00823 | F27: =Feltételezések!$B$8 -> 1 | G27: =MAX(E27-F27,0) -> 40.00823 | H27: 31.59 | I27: =G27/H27 -> 1.266484 | J27: =J26+I27 -> 50.586543 | K27: =K26+C27 -> 345000 | L27: =J27*H27 -> 1598.0289 | M27: =L27*B27 -> 582481.53 | N27: =M27-K27 -> 237481.53 | O27: =N27/K27 -> 0.68835227 | P27: =-C27 -> -15000
A28: 44531 | B28: 367.5 | C28: =Feltételezések!$B$5 -> 15000 | D28: =C28*Feltételezések!$B$6 -> 52.5 | E28: =(C28-D28)/B28 -> 40.673469 | F28: =Feltételezések!$B$8 -> 1 | G28: =MAX(E28-F28,0) -> 39.673469 | H28: 26.82 | I28: =G28/H28 -> 1.4792494 | J28: =J27+I28 -> 52.065793 | K28: =K27+C28 -> 360000 | L28: =J28*H28 -> 1396.4046 | M28: =L28*B28 -> 513178.67 | N28: =M28-K28 -> 153178.67 | O28: =N28/K28 -> 0.42549632 | P28: =-C28 -> -15000
... A86: 46296 | B86: 363.88 | C86: =Feltételezések!$B$5 -> 15000 | D86: =C86*Feltételezések!$B$6 -> 52.5 | E86: =(C86-D86)/B86 -> 41.078103 | F86: =Feltételezések!$B$8 -> 1 | G86: =MAX(E86-F86,0) -> 40.078103 | H86: 89.14 | I86: =G86/H86 -> 0.44960851 | J86: =J85+I86 -> 98.670178 | K86: =K85+C86 -> 1230000 | L86: =J86*H86 -> 8795.4597 | M86: =L86*B86 -> 3200491.9 | N86: =M86-K86 -> 1970491.9 | O86: =N86/K86 -> 1.6020259 | P86: =-C86 -> -15000
A87: =Feltételezések!$B$10 -> 46311 | B87: =Feltételezések!$B$9 -> 363.08 | C87: Mai érték → | H87: 93.93 | J87: =J86 -> 98.670178 | K87: =K86 -> 1230000 | L87: =J87*H87 -> 9268.0898 | M87: =L87*B87 -> 3365058.1 | N87: =M87-K87 -> 2135058.1 | O87: =N87/K87 -> 1.7358196 | P87: =M87 -> 3365058.1

Sheet Modell SXR2
A1: Havi befektetés modell – SXR2 · iShares MSCI Canada UCITS ETF (Acc)
A2: Havonta 15 000 Ft befizetés (Feltételezések lap) a Lightyear-en; kék = forrásadat, fekete = képlet.
A4: Hónap | B4: EUR/HUF (havi átlag) | C4: Befizetés (Ft) | D4: Váltási díj (Ft) | E4: Euróra váltva (EUR) | F4: Vételi díj (EUR) | G4: Befektetett (EUR) | H4: ETF árfolyam (EUR) | I4: Vett darab | J4: Összes darab | K4: Összes befizetés (Ft) | L4: Érték (EUR) | M4: Érték (Ft) | N4: Nyereség (Ft) | O4: Hozam % | P4: Pénzáram (XIRR-hez) | R4: Összesítés
A5: 43831 | B5: 334.38 | C5: =Feltételezések!$B$5 -> 15000 | D5: =C5*Feltételezések!$B$6 -> 52.5 | E5: =(C5-D5)/B5 -> 44.702135 | F5: =Feltételezések!$B$7 -> 0 | G5: =MAX(E5-F5,0) -> 44.702135 | H5: 124.33 | I5: =G5/H5 -> 0.35954424 | J5: =I5 -> 0.35954424 | K5: =C5 -> 15000 | L5: =J5*H5 -> 44.702135 | M5: =L5*B5 -> 14947.5 | N5: =M5-K5 -> -52.5 | O5: =N5/K5 -> -0.0035 | P5: =-C5 -> -15000 | R5: Befizetés kezdete | S5: =A5 -> 43831
A6: 43862 | B6: 337.17 | C6: =Feltételezések!$B$5 -> 15000 | D6: =C6*Feltételezések!$B$6 -> 52.5 | E6: =(C6-D6)/B6 -> 44.332236 | F6: =Feltételezések!$B$7 -> 0 | G6: =MAX(E6-F6,0) -> 44.332236 | H6: 125.49 | I6: =G6/H6 -> 0.35327306 | J6: =J5+I6 -> 0.7128173 | K6: =K5+C6 -> 30000 | L6: =J6*H6 -> 89.451443 | M6: =L6*B6 -> 30160.343 | N6: =M6-K6 -> 160.34289 | O6: =N6/K6 -> 0.0053447631 | P6: =-C6 -> -15000 | R6: Befizetett hónapok | S6: =COUNT(C5:C86) -> 82
A7: 43891 | B7: 345.68 | C7: =Feltételezések!$B$5 -> 15000 | D7: =C7*Feltételezések!$B$6 -> 52.5 | E7: =(C7-D7)/B7 -> 43.240859 | F7: =Feltételezések!$B$7 -> 0 | G7: =MAX(E7-F7,0) -> 43.240859 | H7: 117.1 | I7: =G7/H7 -> 0.36926438 | J7: =J6+I7 -> 1.0820817 | K7: =K6+C7 -> 45000 | L7: =J7*H7 -> 126.71176 | M7: =L7*B7 -> 43801.723 | N7: =M7-K7 -> -1198.2774 | O7: =N7/K7 -> -0.026628387 | P7: =-C7 -> -15000 | R7: Összes befizetés (Ft) | S7: =K87 -> 1230000
A8: 43922 | B8: 356.69 | C8: =Feltételezések!$B$5 -> 15000 | D8: =C8*Feltételezések!$B$6 -> 52.5 | E8: =(C8-D8)/B8 -> 41.906137 | F8: =Feltételezések!$B$7 -> 0 | G8: =MAX(E8-F8,0) -> 41.906137 | H8: 88.78 | I8: =G8/H8 -> 0.47202227 | J8: =J7+I8 -> 1.5541039 | K8: =K7+C8 -> 60000 | L8: =J8*H8 -> 137.97335 | M8: =L8*B8 -> 49213.714 | N8: =M8-K8 -> -10786.286 | O8: =N8/K8 -> -0.17977144 | P8: =-C8 -> -15000 | R8: Mai érték (Ft) | S8: =M87 -> 2069675.6
A9: 43952 | B9: 350.76 | C9: =Feltételezések!$B$5 -> 15000 | D9: =C9*Feltételezések!$B$6 -> 52.5 | E9: =(C9-D9)/B9 -> 42.614608 | F9: =Feltételezések!$B$7 -> 0 | G9: =MAX(E9-F9,0) -> 42.614608 | H9: 100.81 | I9: =G9/H9 -> 0.42272203 | J9: =J8+I9 -> 1.976826 | K9: =K8+C9 -> 75000 | L9: =J9*H9 -> 199.28383 | M9: =L9*B9 -> 69900.795 | N9: =M9-K9 -> -5099.2049 | O9: =N9/K9 -> -0.067989399 | P9: =-C9 -> -15000 | R9: Nyereség (Ft) | S9: =N87 -> 839675.64
A10: 43983 | B10: 347.69 | C10: =Feltételezések!$B$5 -> 15000 | D10: =C10*Feltételezések!$B$6 -> 52.5 | E10: =(C10-D10)/B10 -> 42.990883 | F10: =Feltételezések!$B$7 -> 0 | G10: =MAX(E10-F10,0) -> 42.990883 | H10: 107.13 | I10: =G10/H10 -> 0.40129639 | J10: =J9+I10 -> 2.3781224 | K10: =K9+C10 -> 90000 | L10: =J10*H10 -> 254.76825 | M10: =L10*B10 -> 88580.373 | N10: =M10-K10 -> -1419.6273 | O10: =N10/K10 -> -0.015773637 | P10: =-C10 -> -15000 | R10: Összes hozam | S10: =O87 -> 0.68266312
A11: 44013 | B11: 351.16 | C11: =Feltételezések!$B$5 -> 15000 | D11: =C11*Feltételezések!$B$6 -> 52.5 | E11: =(C11-D11)/B11 -> 42.566067 | F11: =Feltételezések!$B$7 -> 0 | G11: =MAX(E11-F11,0) -> 42.566067 | H11: 107.21 | I11: =G11/H11 -> 0.39703448 | J11: =J10+I11 -> 2.7751569 | K11: =K10+C11 -> 105000 | L11: =J11*H11 -> 297.52457 | M11: =L11*B11 -> 104478.73 | N11: =M11-K11 -> -521.27336 | O11: =N11/K11 -> -0.0049645082 | P11: =-C11 -> -15000 | R11: Éves hozam (XIRR, pénzzel súlyozott) | S11: =XIRR(P5:P87,A5:A87) -> 0.15142984
A12: 44044 | B12: 348.93 | C12: =Feltételezések!$B$5 -> 15000 | D12: =C12*Feltételezések!$B$6 -> 52.5 | E12: =(C12-D12)/B12 -> 42.838105 | F12: =Feltételezések!$B$7 -> 0 | G12: =MAX(E12-F12,0) -> 42.838105 | H12: 108.41 | I12: =G12/H12 -> 0.39514902 | J12: =J11+I12 -> 3.1703059 | K12: =K11+C12 -> 120000 | L12: =J12*H12 -> 343.69286 | M12: =L12*B12 -> 119924.75 | N12: =M12-K12 -> -75.250565 | O12: =N12/K12 -> -0.00062708804 | P12: =-C12 -> -15000 | R12: Fizetett díjak összesen (Ft, becslés) | S12: =SUM(D5:D86)+SUMPRODUCT(F5:F86,B5:B86) -> 4305
A13: 44075 | B13: 360.61 | C13: =Feltételezések!$B$5 -> 15000 | D13: =C13*Feltételezések!$B$6 -> 52.5 | E13: =(C13-D13)/B13 -> 41.450598 | F13: =Feltételezések!$B$7 -> 0 | G13: =MAX(E13-F13,0) -> 41.450598 | H13: 113.58 | I13: =G13/H13 -> 0.36494627 | J13: =J12+I13 -> 3.5352521 | K13: =K12+C13 -> 135000 | L13: =J13*H13 -> 401.53394 | M13: =L13*B13 -> 144797.15 | N13: =M13-K13 -> 9797.1535 | O13: =N13/K13 -> 0.072571508 | P13: =-C13 -> -15000 | R13: Becsült adó, ha most eladnád (Ft) | S13: =MAX(0,N87)*(Feltételezések!$B$11+Feltételezések!$B$12) -> 235109.18
A14: 44105 | B14: 362.53 | C14: =Feltételezések!$B$5 -> 15000 | D14: =C14*Feltételezések!$B$6 -> 52.5 | E14: =(C14-D14)/B14 -> 41.231071 | F14: =Feltételezések!$B$7 -> 0 | G14: =MAX(E14-F14,0) -> 41.231071 | H14: 110.22 | I14: =G14/H14 -> 0.37407975 | J14: =J13+I14 -> 3.9093319 | K14: =K13+C14 -> 150000 | L14: =J14*H14 -> 430.88656 | M14: =L14*B14 -> 156209.31 | N14: =M14-K14 -> 6209.3052 | O14: =N14/K14 -> 0.041395368 | P14: =-C14 -> -15000 | R14: Adózás utáni nyereség (Ft) | S14: =N87-S13 -> 604566.46
A15: 44136 | B15: 359.84 | C15: =Feltételezések!$B$5 -> 15000 | D15: =C15*Feltételezések!$B$6 -> 52.5 | E15: =(C15-D15)/B15 -> 41.539295 | F15: =Feltételezések!$B$7 -> 0 | G15: =MAX(E15-F15,0) -> 41.539295 | H15: 106.25 | I15: =G15/H15 -> 0.39095807 | J15: =J14+I15 -> 4.30029 | K15: =K14+C15 -> 165000 | L15: =J15*H15 -> 456.90581 | M15: =L15*B15 -> 164412.99 | N15: =M15-K15 -> -587.01358 | O15: =N15/K15 -> -0.0035576581 | P15: =-C15 -> -15000 | R15: Legjobb hónap végi érték (Ft) | S15: =MAX(M5:M87) -> 2069675.6
A16: 44166 | B16: 359.02 | C16: =Feltételezések!$B$5 -> 15000 | D16: =C16*Feltételezések!$B$6 -> 52.5 | E16: =(C16-D16)/B16 -> 41.634171 | F16: =Feltételezések!$B$7 -> 0 | G16: =MAX(E16-F16,0) -> 41.634171 | H16: 118.92 | I16: =G16/H16 -> 0.35010234 | J16: =J15+I16 -> 4.6503923 | K16: =K15+C16 -> 180000 | L16: =J16*H16 -> 553.02465 | M16: =L16*B16 -> 198546.91 | N16: =M16-K16 -> 18546.911 | O16: =N16/K16 -> 0.1030384 | P16: =-C16 -> -15000 | R16: Legnagyobb papírveszteség (Ft) | S16: =MIN(N5:N87) -> -10786.286
A17: 44197 | B17: 359.19 | C17: =Feltételezések!$B$5 -> 15000 | D17: =C17*Feltételezések!$B$6 -> 52.5 | E17: =(C17-D17)/B17 -> 41.614466 | F17: =Feltételezések!$B$7 -> 0 | G17: =MAX(E17-F17,0) -> 41.614466 | H17: 119.75 | I17: =G17/H17 -> 0.3475112 | J17: =J16+I17 -> 4.9979035 | K17: =K16+C17 -> 195000 | L17: =J17*H17 -> 598.49895 | M17: =L17*B17 -> 214974.84 | N17: =M17-K17 -> 19974.836 | O17: =N17/K17 -> 0.10243506 | P17: =-C17 -> -15000
A18: 44228 | B18: 358.15 | C18: =Feltételezések!$B$5 -> 15000 | D18: =C18*Feltételezések!$B$6 -> 52.5 | E18: =(C18-D18)/B18 -> 41.735306 | F18: =Feltételezések!$B$7 -> 0 | G18: =MAX(E18-F18,0) -> 41.735306 | H18: 121.52 | I18: =G18/H18 -> 0.34344393 | J18: =J17+I18 -> 5.3413474 | K18: =K17+C18 -> 210000 | L18: =J18*H18 -> 649.08054 | M18: =L18*B18 -> 232468.2 | N18: =M18-K18 -> 22468.196 | O18: =N18/K18 -> 0.10699141 | P18: =-C18 -> -15000
A19: 44256 | B19: 365.61 | C19: =Feltételezések!$B$5 -> 15000 | D19: =C19*Feltételezések!$B$6 -> 52.5 | E19: =(C19-D19)/B19 -> 40.883729 | F19: =Feltételezések!$B$7 -> 0 | G19: =MAX(E19-F19,0) -> 40.883729 | H19: 128.67 | I19: =G19/H19 -> 0.31774095 | J19: =J18+I19 -> 5.6590884 | K19: =K18+C19 -> 225000 | L19: =J19*H19 -> 728.1549 | M19: =L19*B19 -> 266220.71 | N19: =M19-K19 -> 41220.714 | O19: =N19/K19 -> 0.18320318 | P19: =-C19 -> -15000
A20: 44287 | B20: 360.58 | C20: =Feltételezések!$B$5 -> 15000 | D20: =C20*Feltételezések!$B$6 -> 52.5 | E20: =(C20-D20)/B20 -> 41.454046 | F20: =Feltételezések!$B$7 -> 0 | G20: =MAX(E20-F20,0) -> 41.454046 | H20: 138.55 | I20: =G20/H20 -> 0.29919918 | J20: =J19+I20 -> 5.9582876 | K20: =K19+C20 -> 240000 | L20: =J20*H20 -> 825.52074 | M20: =L20*B20 -> 297666.27 | N20: =M20-K20 -> 57666.27 | O20: =N20/K20 -> 0.24027612 | P20: =-C20 -> -15000
A21: 44317 | B21: 353.65 | C21: =Feltételezések!$B$5 -> 15000 | D21: =C21*Feltételezések!$B$6 -> 52.5 | E21: =(C21-D21)/B21 -> 42.266365 | F21: =Feltételezések!$B$7 -> 0 | G21: =MAX(E21-F21,0) -> 42.266365 | H21: 138.61 | I21: =G21/H21 -> 0.30493013 | J21: =J20+I21 -> 6.2632177 | K21: =K20+C21 -> 255000 | L21: =J21*H21 -> 868.14461 | M21: =L21*B21 -> 307019.34 | N21: =M21-K21 -> 52019.34 | O21: =N21/K21 -> 0.20399741 | P21: =-C21 -> -15000
A22: 44348 | B22: 349.94 | C22: =Feltételezések!$B$5 -> 15000 | D22: =C22*Feltételezések!$B$6 -> 52.5 | E22: =(C22-D22)/B22 -> 42.714465 | F22: =Feltételezések!$B$7 -> 0 | G22: =MAX(E22-F22,0) -> 42.714465 | H22: 147.03 | I22: =G22/H22 -> 0.29051531 | J22: =J21+I22 -> 6.553733 | K22: =K21+C22 -> 270000 | L22: =J22*H22 -> 963.59536 | M22: =L22*B22 -> 337200.56 | N22: =M22-K22 -> 67200.562 | O22: =N22/K22 -> 0.24889097 | P22: =-C22 -> -15000
A23: 44378 | B23: 357.26 | C23: =Feltételezések!$B$5 -> 15000 | D23: =C23*Feltételezések!$B$6 -> 52.5 | E23: =(C23-D23)/B23 -> 41.839277 | F23: =Feltételezések!$B$7 -> 0 | G23: =MAX(E23-F23,0) -> 41.839277 | H23: 149.27 | I23: =G23/H23 -> 0.2802926 | J23: =J22+I23 -> 6.8340256 | K23: =K22+C23 -> 285000 | L23: =J23*H23 -> 1020.115 | M23: =L23*B23 -> 364446.29 | N23: =M23-K23 -> 79446.286 | O23: =N23/K23 -> 0.2787589 | P23: =-C23 -> -15000
A24: 44409 | B24: 351.84 | C24: =Feltételezések!$B$5 -> 15000 | D24: =C24*Feltételezések!$B$6 -> 52.5 | E24: =(C24-D24)/B24 -> 42.483799 | F24: =Feltételezések!$B$7 -> 0 | G24: =MAX(E24-F24,0) -> 42.483799 | H24: 148.12 | I24: =G24/H24 -> 0.28682014 | J24: =J23+I24 -> 7.1208458 | K24: =K23+C24 -> 300000 | L24: =J24*H24 -> 1054.7397 | M24: =L24*B24 -> 371099.61 | N24: =M24-K24 -> 71099.607 | O24: =N24/K24 -> 0.23699869 | P24: =-C24 -> -15000
A25: 44440 | B25: 352.51 | C25: =Feltételezések!$B$5 -> 15000 | D25: =C25*Feltételezések!$B$6 -> 52.5 | E25: =(C25-D25)/B25 -> 42.403052 | F25: =Feltételezések!$B$7 -> 0 | G25: =MAX(E25-F25,0) -> 42.403052 | H25: 150.35 | I25: =G25/H25 -> 0.28202895 | J25: =J24+I25 -> 7.4028747 | K25: =K24+C25 -> 315000 | L25: =J25*H25 -> 1113.0222 | M25: =L25*B25 -> 392351.46 | N25: =M25-K25 -> 77351.46 | O25: =N25/K25 -> 0.24556019 | P25: =-C25 -> -15000
A26: 44470 | B26: 360.82 | C26: =Feltételezések!$B$5 -> 15000 | D26: =C26*Feltételezések!$B$6 -> 52.5 | E26: =(C26-D26)/B26 -> 41.426473 | F26: =Feltételezések!$B$7 -> 0 | G26: =MAX(E26-F26,0) -> 41.426473 | H26: 148.65 | I26: =G26/H26 -> 0.27868465 | J26: =J25+I26 -> 7.6815594 | K26: =K25+C26 -> 330000 | L26: =J26*H26 -> 1141.8638 | M26: =L26*B26 -> 412007.3 | N26: =M26-K26 -> 82007.295 | O26: =N26/K26 -> 0.24850696 | P26: =-C26 -> -15000
A27: 44501 | B27: 364.5 | C27: =Feltételezések!$B$5 -> 15000 | D27: =C27*Feltételezések!$B$6 -> 52.5 | E27: =(C27-D27)/B27 -> 41.00823 | F27: =Feltételezések!$B$7 -> 0 | G27: =MAX(E27-F27,0) -> 41.00823 | H27: 161.83 | I27: =G27/H27 -> 0.25340314 | J27: =J26+I27 -> 7.9349625 | K27: =K26+C27 -> 345000 | L27: =J27*H27 -> 1284.115 | M27: =L27*B27 -> 468059.91 | N27: =M27-K27 -> 123059.91 | O27: =N27/K27 -> 0.35669539 | P27: =-C27 -> -15000
A28: 44531 | B28: 367.5 | C28: =Feltételezések!$B$5 -> 15000 | D28: =C28*Feltételezések!$B$6 -> 52.5 | E28: =(C28-D28)/B28 -> 40.673469 | F28: =Feltételezések!$B$7 -> 0 | G28: =MAX(E28-F28,0) -> 40.673469 | H28: 154.98 | I28: =G28/H28 -> 0.26244334 | J28: =J27+I28 -> 8.1974058 | K28: =K27+C28 -> 360000 | L28: =J28*H28 -> 1270.434 | M28: =L28*B28 -> 466884.48 | N28: =M28-K28 -> 106884.48 | O28: =N28/K28 -> 0.29690133 | P28: =-C28 -> -15000
... A86: 46296 | B86: 363.88 | C86: =Feltételezések!$B$5 -> 15000 | D86: =C86*Feltételezések!$B$6 -> 52.5 | E86: =(C86-D86)/B86 -> 41.078103 | F86: =Feltételezések!$B$7 -> 0 | G86: =MAX(E86-F86,0) -> 41.078103 | H86: 267.1 | I86: =G86/H86 -> 0.15379297 | J86: =J85+I86 -> 20.347419 | K86: =K85+C86 -> 1230000 | L86: =J86*H86 -> 5434.7957 | M86: =L86*B86 -> 1977613.5 | N86: =M86-K86 -> 747613.45 | O86: =N86/K86 -> 0.60781582 | P86: =-C86 -> -15000
A87: =Feltételezések!$B$10 -> 46311 | B87: =Feltételezések!$B$9 -> 363.08 | C87: Mai érték → | H87: 280.15 | J87: =J86 -> 20.347419 | K87: =K86 -> 1230000 | L87: =J87*H87 -> 5700.3295 | M87: =L87*B87 -> 2069675.6 | N87: =M87-K87 -> 839675.64 | O87: =N87/K87 -> 0.68266312 | P87: =M87 -> 2069675.6

Sheet Modell CEMS
A1: Havi befektetés modell – CEMS · iShares Edge MSCI Europe Value Factor UCITS ETF
A2: Havonta 15 000 Ft befizetés (Feltételezések lap) a Lightyear-en; kék = forrásadat, fekete = képlet.
A4: Hónap | B4: EUR/HUF (havi átlag) | C4: Befizetés (Ft) | D4: Váltási díj (Ft) | E4: Euróra váltva (EUR) | F4: Vételi díj (EUR) | G4: Befektetett (EUR) | H4: ETF árfolyam (EUR) | I4: Vett darab | J4: Összes darab | K4: Összes befizetés (Ft) | L4: Érték (EUR) | M4: Érték (Ft) | N4: Nyereség (Ft) | O4: Hozam % | P4: Pénzáram (XIRR-hez) | R4: Összesítés
A5: 43831 | B5: 334.38 | C5: =Feltételezések!$B$5 -> 15000 | D5: =C5*Feltételezések!$B$6 -> 52.5 | E5: =(C5-D5)/B5 -> 44.702135 | F5: =Feltételezések!$B$7 -> 0 | G5: =MAX(E5-F5,0) -> 44.702135 | H5: 6.34 | I5: =G5/H5 -> 7.05081 | J5: =I5 -> 7.05081 | K5: =C5 -> 15000 | L5: =J5*H5 -> 44.702135 | M5: =L5*B5 -> 14947.5 | N5: =M5-K5 -> -52.5 | O5: =N5/K5 -> -0.0035 | P5: =-C5 -> -15000 | R5: Befizetés kezdete | S5: =A5 -> 43831
A6: 43862 | B6: 337.17 | C6: =Feltételezések!$B$5 -> 15000 | D6: =C6*Feltételezések!$B$6 -> 52.5 | E6: =(C6-D6)/B6 -> 44.332236 | F6: =Feltételezések!$B$7 -> 0 | G6: =MAX(E6-F6,0) -> 44.332236 | H6: 6.1 | I6: =G6/H6 -> 7.2675797 | J6: =J5+I6 -> 14.31839 | K6: =K5+C6 -> 30000 | L6: =J6*H6 -> 87.342177 | M6: =L6*B6 -> 29449.162 | N6: =M6-K6 -> -550.83823 | O6: =N6/K6 -> -0.018361274 | P6: =-C6 -> -15000 | R6: Befizetett hónapok | S6: =COUNT(C5:C86) -> 82
A7: 43891 | B7: 345.68 | C7: =Feltételezések!$B$5 -> 15000 | D7: =C7*Feltételezések!$B$6 -> 52.5 | E7: =(C7-D7)/B7 -> 43.240859 | F7: =Feltételezések!$B$7 -> 0 | G7: =MAX(E7-F7,0) -> 43.240859 | H7: 5.53 | I7: =G7/H7 -> 7.8193234 | J7: =J6+I7 -> 22.137713 | K7: =K6+C7 -> 45000 | L7: =J7*H7 -> 122.42155 | M7: =L7*B7 -> 42318.683 | N7: =M7-K7 -> -2681.3174 | O7: =N7/K7 -> -0.059584832 | P7: =-C7 -> -15000 | R7: Összes befizetés (Ft) | S7: =K87 -> 1230000
A8: 43922 | B8: 356.69 | C8: =Feltételezések!$B$5 -> 15000 | D8: =C8*Feltételezések!$B$6 -> 52.5 | E8: =(C8-D8)/B8 -> 41.906137 | F8: =Feltételezések!$B$7 -> 0 | G8: =MAX(E8-F8,0) -> 41.906137 | H8: 4.28 | I8: =G8/H8 -> 9.7911535 | J8: =J7+I8 -> 31.928867 | K8: =K7+C8 -> 60000 | L8: =J8*H8 -> 136.65555 | M8: =L8*B8 -> 48743.668 | N8: =M8-K8 -> -11256.332 | O8: =N8/K8 -> -0.18760554 | P8: =-C8 -> -15000 | R8: Mai érték (Ft) | S8: =M87 -> 2134240.3
A9: 43952 | B9: 350.76 | C9: =Feltételezések!$B$5 -> 15000 | D9: =C9*Feltételezések!$B$6 -> 52.5 | E9: =(C9-D9)/B9 -> 42.614608 | F9: =Feltételezések!$B$7 -> 0 | G9: =MAX(E9-F9,0) -> 42.614608 | H9: 4.57 | I9: =G9/H9 -> 9.3248596 | J9: =J8+I9 -> 41.253726 | K9: =K8+C9 -> 75000 | L9: =J9*H9 -> 188.52953 | M9: =L9*B9 -> 66128.617 | N9: =M9-K9 -> -8871.3826 | O9: =N9/K9 -> -0.1182851 | P9: =-C9 -> -15000 | R9: Nyereség (Ft) | S9: =N87 -> 904240.29
A10: 43983 | B10: 347.69 | C10: =Feltételezések!$B$5 -> 15000 | D10: =C10*Feltételezések!$B$6 -> 52.5 | E10: =(C10-D10)/B10 -> 42.990883 | F10: =Feltételezések!$B$7 -> 0 | G10: =MAX(E10-F10,0) -> 42.990883 | H10: 4.97 | I10: =G10/H10 -> 8.650077 | J10: =J9+I10 -> 49.903803 | K10: =K9+C10 -> 90000 | L10: =J10*H10 -> 248.0219 | M10: =L10*B10 -> 86234.735 | N10: =M10-K10 -> -3765.265 | O10: =N10/K10 -> -0.041836278 | P10: =-C10 -> -15000 | R10: Összes hozam | S10: =O87 -> 0.73515471
A11: 44013 | B11: 351.16 | C11: =Feltételezések!$B$5 -> 15000 | D11: =C11*Feltételezések!$B$6 -> 52.5 | E11: =(C11-D11)/B11 -> 42.566067 | F11: =Feltételezések!$B$7 -> 0 | G11: =MAX(E11-F11,0) -> 42.566067 | H11: 5.08 | I11: =G11/H11 -> 8.379147 | J11: =J10+I11 -> 58.28295 | K11: =K10+C11 -> 105000 | L11: =J11*H11 -> 296.07739 | M11: =L11*B11 -> 103970.54 | N11: =M11-K11 -> -1029.4648 | O11: =N11/K11 -> -0.0098044271 | P11: =-C11 -> -15000 | R11: Éves hozam (XIRR, pénzzel súlyozott) | S11: =XIRR(P5:P87,A5:A87) -> 0.16036652
A12: 44044 | B12: 348.93 | C12: =Feltételezések!$B$5 -> 15000 | D12: =C12*Feltételezések!$B$6 -> 52.5 | E12: =(C12-D12)/B12 -> 42.838105 | F12: =Feltételezések!$B$7 -> 0 | G12: =MAX(E12-F12,0) -> 42.838105 | H12: 4.86 | I12: =G12/H12 -> 8.8144249 | J12: =J11+I12 -> 67.097375 | K12: =K11+C12 -> 120000 | L12: =J12*H12 -> 326.09324 | M12: =L12*B12 -> 113783.72 | N12: =M12-K12 -> -6216.2848 | O12: =N12/K12 -> -0.051802373 | P12: =-C12 -> -15000 | R12: Fizetett díjak összesen (Ft, becslés) | S12: =SUM(D5:D86)+SUMPRODUCT(F5:F86,B5:B86) -> 4305
A13: 44075 | B13: 360.61 | C13: =Feltételezések!$B$5 -> 15000 | D13: =C13*Feltételezések!$B$6 -> 52.5 | E13: =(C13-D13)/B13 -> 41.450598 | F13: =Feltételezések!$B$7 -> 0 | G13: =MAX(E13-F13,0) -> 41.450598 | H13: 5.01 | I13: =G13/H13 -> 8.2735724 | J13: =J12+I13 -> 75.370947 | K13: =K12+C13 -> 135000 | L13: =J13*H13 -> 377.60845 | M13: =L13*B13 -> 136169.38 | N13: =M13-K13 -> 1169.382 | O13: =N13/K13 -> 0.0086620887 | P13: =-C13 -> -15000 | R13: Becsült adó, ha most eladnád (Ft) | S13: =MAX(0,N87)*(Feltételezések!$B$11+Feltételezések!$B$12) -> 253187.28
A14: 44105 | B14: 362.53 | C14: =Feltételezések!$B$5 -> 15000 | D14: =C14*Feltételezések!$B$6 -> 52.5 | E14: =(C14-D14)/B14 -> 41.231071 | F14: =Feltételezések!$B$7 -> 0 | G14: =MAX(E14-F14,0) -> 41.231071 | H14: 4.89 | I14: =G14/H14 -> 8.4317118 | J14: =J13+I14 -> 83.802659 | K14: =K13+C14 -> 150000 | L14: =J14*H14 -> 409.795 | M14: =L14*B14 -> 148562.98 | N14: =M14-K14 -> -1437.0174 | O14: =N14/K14 -> -0.0095801158 | P14: =-C14 -> -15000 | R14: Adózás utáni nyereség (Ft) | S14: =N87-S13 -> 651053.01
A15: 44136 | B15: 359.84 | C15: =Feltételezések!$B$5 -> 15000 | D15: =C15*Feltételezések!$B$6 -> 52.5 | E15: =(C15-D15)/B15 -> 41.539295 | F15: =Feltételezések!$B$7 -> 0 | G15: =MAX(E15-F15,0) -> 41.539295 | H15: 4.64 | I15: =G15/H15 -> 8.9524343 | J15: =J14+I15 -> 92.755094 | K15: =K14+C15 -> 165000 | L15: =J15*H15 -> 430.38363 | M15: =L15*B15 -> 154869.25 | N15: =M15-K15 -> -10130.753 | O15: =N15/K15 -> -0.061398504 | P15: =-C15 -> -15000 | R15: Legjobb hónap végi érték (Ft) | S15: =MAX(M5:M87) -> 2176985.9
A16: 44166 | B16: 359.02 | C16: =Feltételezések!$B$5 -> 15000 | D16: =C16*Feltételezések!$B$6 -> 52.5 | E16: =(C16-D16)/B16 -> 41.634171 | F16: =Feltételezések!$B$7 -> 0 | G16: =MAX(E16-F16,0) -> 41.634171 | H16: 5.67 | I16: =G16/H16 -> 7.3428873 | J16: =J15+I16 -> 100.09798 | K16: =K15+C16 -> 180000 | L16: =J16*H16 -> 567.55555 | M16: =L16*B16 -> 203763.79 | N16: =M16-K16 -> 23763.794 | O16: =N16/K16 -> 0.13202108 | P16: =-C16 -> -15000 | R16: Legnagyobb papírveszteség (Ft) | S16: =MIN(N5:N87) -> -11256.332
A17: 44197 | B17: 359.19 | C17: =Feltételezések!$B$5 -> 15000 | D17: =C17*Feltételezések!$B$6 -> 52.5 | E17: =(C17-D17)/B17 -> 41.614466 | F17: =Feltételezések!$B$7 -> 0 | G17: =MAX(E17-F17,0) -> 41.614466 | H17: 5.78 | I17: =G17/H17 -> 7.1997346 | J17: =J16+I17 -> 107.29772 | K17: =K16+C17 -> 195000 | L17: =J17*H17 -> 620.18079 | M17: =L17*B17 -> 222762.74 | N17: =M17-K17 -> 27762.74 | O17: =N17/K17 -> 0.14237302 | P17: =-C17 -> -15000
A18: 44228 | B18: 358.15 | C18: =Feltételezések!$B$5 -> 15000 | D18: =C18*Feltételezések!$B$6 -> 52.5 | E18: =(C18-D18)/B18 -> 41.735306 | F18: =Feltételezések!$B$7 -> 0 | G18: =MAX(E18-F18,0) -> 41.735306 | H18: 5.78 | I18: =G18/H18 -> 7.2206413 | J18: =J17+I18 -> 114.51836 | K18: =K17+C18 -> 210000 | L18: =J18*H18 -> 661.9161 | M18: =L18*B18 -> 237065.25 | N18: =M18-K18 -> 27065.252 | O18: =N18/K18 -> 0.12888215 | P18: =-C18 -> -15000
A19: 44256 | B19: 365.61 | C19: =Feltételezések!$B$5 -> 15000 | D19: =C19*Feltételezések!$B$6 -> 52.5 | E19: =(C19-D19)/B19 -> 40.883729 | F19: =Feltételezések!$B$7 -> 0 | G19: =MAX(E19-F19,0) -> 40.883729 | H19: 6.11 | I19: =G19/H19 -> 6.6912813 | J19: =J18+I19 -> 121.20964 | K19: =K18+C19 -> 225000 | L19: =J19*H19 -> 740.59089 | M19: =L19*B19 -> 270767.43 | N19: =M19-K19 -> 45767.434 | O19: =N19/K19 -> 0.20341082 | P19: =-C19 -> -15000
A20: 44287 | B20: 360.58 | C20: =Feltételezések!$B$5 -> 15000 | D20: =C20*Feltételezések!$B$6 -> 52.5 | E20: =(C20-D20)/B20 -> 41.454046 | F20: =Feltételezések!$B$7 -> 0 | G20: =MAX(E20-F20,0) -> 41.454046 | H20: 6.53 | I20: =G20/H20 -> 6.348246 | J20: =J19+I20 -> 127.55788 | K20: =K19+C20 -> 240000 | L20: =J20*H20 -> 832.95298 | M20: =L20*B20 -> 300346.19 | N20: =M20-K20 -> 60346.186 | O20: =N20/K20 -> 0.25144244 | P20: =-C20 -> -15000
A21: 44317 | B21: 353.65 | C21: =Feltételezések!$B$5 -> 15000 | D21: =C21*Feltételezések!$B$6 -> 52.5 | E21: =(C21-D21)/B21 -> 42.266365 | F21: =Feltételezések!$B$7 -> 0 | G21: =MAX(E21-F21,0) -> 42.266365 | H21: 6.51 | I21: =G21/H21 -> 6.4925292 | J21: =J20+I21 -> 134.05041 | K21: =K20+C21 -> 255000 | L21: =J21*H21 -> 872.66819 | M21: =L21*B21 -> 308619.11 | N21: =M21-K21 -> 53619.105 | O21: =N21/K21 -> 0.210271 | P21: =-C21 -> -15000
A22: 44348 | B22: 349.94 | C22: =Feltételezések!$B$5 -> 15000 | D22: =C22*Feltételezések!$B$6 -> 52.5 | E22: =(C22-D22)/B22 -> 42.714465 | F22: =Feltételezések!$B$7 -> 0 | G22: =MAX(E22-F22,0) -> 42.714465 | H22: 6.8 | I22: =G22/H22 -> 6.281539 | J22: =J21+I22 -> 140.33195 | K22: =K21+C22 -> 270000 | L22: =J22*H22 -> 954.25727 | M22: =L22*B22 -> 333932.79 | N22: =M22-K22 -> 63932.791 | O22: =N22/K22 -> 0.23678811 | P22: =-C22 -> -15000
A23: 44378 | B23: 357.26 | C23: =Feltételezések!$B$5 -> 15000 | D23: =C23*Feltételezések!$B$6 -> 52.5 | E23: =(C23-D23)/B23 -> 41.839277 | F23: =Feltételezések!$B$7 -> 0 | G23: =MAX(E23-F23,0) -> 41.839277 | H23: 6.81 | I23: =G23/H23 -> 6.1437998 | J23: =J22+I23 -> 146.47575 | K23: =K22+C23 -> 285000 | L23: =J23*H23 -> 997.49987 | M23: =L23*B23 -> 356366.8 | N23: =M23-K23 -> 71366.804 | O23: =N23/K23 -> 0.25040984 | P23: =-C23 -> -15000
A24: 44409 | B24: 351.84 | C24: =Feltételezések!$B$5 -> 15000 | D24: =C24*Feltételezések!$B$6 -> 52.5 | E24: =(C24-D24)/B24 -> 42.483799 | F24: =Feltételezések!$B$7 -> 0 | G24: =MAX(E24-F24,0) -> 42.483799 | H24: 6.79 | I24: =G24/H24 -> 6.2568188 | J24: =J23+I24 -> 152.73257 | K24: =K23+C24 -> 300000 | L24: =J24*H24 -> 1037.0542 | M24: =L24*B24 -> 364877.13 | N24: =M24-K24 -> 64877.134 | O24: =N24/K24 -> 0.21625711 | P24: =-C24 -> -15000
A25: 44440 | B25: 352.51 | C25: =Feltételezések!$B$5 -> 15000 | D25: =C25*Feltételezések!$B$6 -> 52.5 | E25: =(C25-D25)/B25 -> 42.403052 | F25: =Feltételezések!$B$7 -> 0 | G25: =MAX(E25-F25,0) -> 42.403052 | H25: 6.95 | I25: =G25/H25 -> 6.1011586 | J25: =J24+I25 -> 158.83373 | K25: =K24+C25 -> 315000 | L25: =J25*H25 -> 1103.8944 | M25: =L25*B25 -> 389133.82 | N25: =M25-K25 -> 74133.822 | O25: =N25/K25 -> 0.23534547 | P25: =-C25 -> -15000
A26: 44470 | B26: 360.82 | C26: =Feltételezések!$B$5 -> 15000 | D26: =C26*Feltételezések!$B$6 -> 52.5 | E26: =(C26-D26)/B26 -> 41.426473 | F26: =Feltételezések!$B$7 -> 0 | G26: =MAX(E26-F26,0) -> 41.426473 | H26: 6.77 | I26: =G26/H26 -> 6.1191245 | J26: =J25+I26 -> 164.95285 | K26: =K25+C26 -> 330000 | L26: =J26*H26 -> 1116.7308 | M26: =L26*B26 -> 402938.81 | N26: =M26-K26 -> 72938.815 | O26: =N26/K26 -> 0.22102671 | P26: =-C26 -> -15000
A27: 44501 | B27: 364.5 | C27: =Feltételezések!$B$5 -> 15000 | D27: =C27*Feltételezések!$B$6 -> 52.5 | E27: =(C27-D27)/B27 -> 41.00823 | F27: =Feltételezések!$B$7 -> 0 | G27: =MAX(E27-F27,0) -> 41.00823 | H27: 7.13 | I27: =G27/H27 -> 5.751505 | J27: =J26+I27 -> 170.70436 | K27: =K26+C27 -> 345000 | L27: =J27*H27 -> 1217.1221 | M27: =L27*B27 -> 443641 | N27: =M27-K27 -> 98640.998 | O27: =N27/K27 -> 0.28591593 | P27: =-C27 -> -15000
A28: 44531 | B28: 367.5 | C28: =Feltételezések!$B$5 -> 15000 | D28: =C28*Feltételezések!$B$6 -> 52.5 | E28: =(C28-D28)/B28 -> 40.673469 | F28: =Feltételezések!$B$7 -> 0 | G28: =MAX(E28-F28,0) -> 40.673469 | H28: 6.98 | I28: =G28/H28 -> 5.8271446 | J28: =J27+I28 -> 176.5315 | K28: =K27+C28 -> 360000 | L28: =J28*H28 -> 1232.1899 | M28: =L28*B28 -> 452829.79 | N28: =M28-K28 -> 92829.786 | O28: =N28/K28 -> 0.25786052 | P28: =-C28 -> -15000
... A86: 46296 | B86: 363.88 | C86: =Feltételezések!$B$5 -> 15000 | D86: =C86*Feltételezések!$B$6 -> 52.5 | E86: =(C86-D86)/B86 -> 41.078103 | F86: =Feltételezések!$B$7 -> 0 | G86: =MAX(E86-F86,0) -> 41.078103 | H86: 13.29 | I86: =G86/H86 -> 3.0909031 | J86: =J85+I86 -> 433.81213 | K86: =K85+C86 -> 1230000 | L86: =J86*H86 -> 5765.3632 | M86: =L86*B86 -> 2097900.4 | N86: =M86-K86 -> 867900.37 | O86: =N86/K86 -> 0.70561006 | P86: =-C86 -> -15000
A87: =Feltételezések!$B$10 -> 46311 | B87: =Feltételezések!$B$9 -> 363.08 | C87: Mai érték → | H87: 13.55 | J87: =J86 -> 433.81213 | K87: =K86 -> 1230000 | L87: =J87*H87 -> 5878.1544 | M87: =L87*B87 -> 2134240.3 | N87: =M87-K87 -> 904240.29 | O87: =N87/K87 -> 0.73515471 | P87: =M87 -> 2134240.3

Sheet Modell CEBL
A1: Havi befektetés modell – CEBL · iShares MSCI EM Asia UCITS ETF (Acc)
A2: Havonta 15 000 Ft befizetés (Feltételezések lap) a Lightyear-en; kék = forrásadat, fekete = képlet.
A4: Hónap | B4: EUR/HUF (havi átlag) | C4: Befizetés (Ft) | D4: Váltási díj (Ft) | E4: Euróra váltva (EUR) | F4: Vételi díj (EUR) | G4: Befektetett (EUR) | H4: ETF árfolyam (EUR) | I4: Vett darab | J4: Összes darab | K4: Összes befizetés (Ft) | L4: Érték (EUR) | M4: Érték (Ft) | N4: Nyereség (Ft) | O4: Hozam % | P4: Pénzáram (XIRR-hez) | R4: Összesítés
A5: 43831 | B5: 334.38 | C5: =Feltételezések!$B$5 -> 15000 | D5: =C5*Feltételezések!$B$6 -> 52.5 | E5: =(C5-D5)/B5 -> 44.702135 | F5: =Feltételezések!$B$7 -> 0 | G5: =MAX(E5-F5,0) -> 44.702135 | H5: 140.21 | I5: =G5/H5 -> 0.31882273 | J5: =I5 -> 0.31882273 | K5: =C5 -> 15000 | L5: =J5*H5 -> 44.702135 | M5: =L5*B5 -> 14947.5 | N5: =M5-K5 -> -52.5 | O5: =N5/K5 -> -0.0035 | P5: =-C5 -> -15000 | R5: Befizetés kezdete | S5: =A5 -> 43831
A6: 43862 | B6: 337.17 | C6: =Feltételezések!$B$5 -> 15000 | D6: =C6*Feltételezések!$B$6 -> 52.5 | E6: =(C6-D6)/B6 -> 44.332236 | F6: =Feltételezések!$B$7 -> 0 | G6: =MAX(E6-F6,0) -> 44.332236 | H6: 134.86 | I6: =G6/H6 -> 0.32872784 | J6: =J5+I6 -> 0.64755057 | K6: =K5+C6 -> 30000 | L6: =J6*H6 -> 87.32867 | M6: =L6*B6 -> 29444.608 | N6: =M6-K6 -> -555.39246 | O6: =N6/K6 -> -0.018513082 | P6: =-C6 -> -15000 | R6: Befizetett hónapok | S6: =COUNT(C5:C86) -> 82
A7: 43891 | B7: 345.68 | C7: =Feltételezések!$B$5 -> 15000 | D7: =C7*Feltételezések!$B$6 -> 52.5 | E7: =(C7-D7)/B7 -> 43.240859 | F7: =Feltételezések!$B$7 -> 0 | G7: =MAX(E7-F7,0) -> 43.240859 | H7: 131.84 | I7: =G7/H7 -> 0.32797981 | J7: =J6+I7 -> 0.97553038 | K7: =K6+C7 -> 45000 | L7: =J7*H7 -> 128.61393 | M7: =L7*B7 -> 44459.262 | N7: =M7-K7 -> -540.73823 | O7: =N7/K7 -> -0.012016405 | P7: =-C7 -> -15000 | R7: Összes befizetés (Ft) | S7: =K87 -> 1230000
A8: 43922 | B8: 356.69 | C8: =Feltételezések!$B$5 -> 15000 | D8: =C8*Feltételezések!$B$6 -> 52.5 | E8: =(C8-D8)/B8 -> 41.906137 | F8: =Feltételezések!$B$7 -> 0 | G8: =MAX(E8-F8,0) -> 41.906137 | H8: 113.79 | I8: =G8/H8 -> 0.3682761 | J8: =J7+I8 -> 1.3438065 | K8: =K7+C8 -> 60000 | L8: =J8*H8 -> 152.91174 | M8: =L8*B8 -> 54542.088 | N8: =M8-K8 -> -5457.9118 | O8: =N8/K8 -> -0.090965196 | P8: =-C8 -> -15000 | R8: Mai érték (Ft) | S8: =M87 -> 1816224.3
A9: 43952 | B9: 350.76 | C9: =Feltételezések!$B$5 -> 15000 | D9: =C9*Feltételezések!$B$6 -> 52.5 | E9: =(C9-D9)/B9 -> 42.614608 | F9: =Feltételezések!$B$7 -> 0 | G9: =MAX(E9-F9,0) -> 42.614608 | H9: 121.83 | I9: =G9/H9 -> 0.34978748 | J9: =J8+I9 -> 1.693594 | K9: =K8+C9 -> 75000 | L9: =J9*H9 -> 206.33055 | M9: =L9*B9 -> 72372.504 | N9: =M9-K9 -> -2627.4958 | O9: =N9/K9 -> -0.035033277 | P9: =-C9 -> -15000 | R9: Nyereség (Ft) | S9: =N87 -> 586224.33
A10: 43983 | B10: 347.69 | C10: =Feltételezések!$B$5 -> 15000 | D10: =C10*Feltételezések!$B$6 -> 52.5 | E10: =(C10-D10)/B10 -> 42.990883 | F10: =Feltételezések!$B$7 -> 0 | G10: =MAX(E10-F10,0) -> 42.990883 | H10: 127.7 | I10: =G10/H10 -> 0.33665531 | J10: =J9+I10 -> 2.0302493 | K10: =K9+C10 -> 90000 | L10: =J10*H10 -> 259.26283 | M10: =L10*B10 -> 90143.094 | N10: =M10-K10 -> 143.0936 | O10: =N10/K10 -> 0.0015899288 | P10: =-C10 -> -15000 | R10: Összes hozam | S10: =O87 -> 0.47660514
A11: 44013 | B11: 351.16 | C11: =Feltételezések!$B$5 -> 15000 | D11: =C11*Feltételezések!$B$6 -> 52.5 | E11: =(C11-D11)/B11 -> 42.566067 | F11: =Feltételezések!$B$7 -> 0 | G11: =MAX(E11-F11,0) -> 42.566067 | H11: 134.02 | I11: =G11/H11 -> 0.31760981 | J11: =J10+I11 -> 2.3478591 | K11: =K10+C11 -> 105000 | L11: =J11*H11 -> 314.66007 | M11: =L11*B11 -> 110496.03 | N11: =M11-K11 -> 5496.0311 | O11: =N11/K11 -> 0.052343154 | P11: =-C11 -> -15000 | R11: Éves hozam (XIRR, pénzzel súlyozott) | S11: =XIRR(P5:P87,A5:A87) -> 0.11346363
A12: 44044 | B12: 348.93 | C12: =Feltételezések!$B$5 -> 15000 | D12: =C12*Feltételezések!$B$6 -> 52.5 | E12: =(C12-D12)/B12 -> 42.838105 | F12: =Feltételezések!$B$7 -> 0 | G12: =MAX(E12-F12,0) -> 42.838105 | H12: 138.91 | I12: =G12/H12 -> 0.30838748 | J12: =J11+I12 -> 2.6562466 | K12: =K11+C12 -> 120000 | L12: =J12*H12 -> 368.97921 | M12: =L12*B12 -> 128747.92 | N12: =M12-K12 -> 8747.9153 | O12: =N12/K12 -> 0.072899294 | P12: =-C12 -> -15000 | R12: Fizetett díjak összesen (Ft, becslés) | S12: =SUM(D5:D86)+SUMPRODUCT(F5:F86,B5:B86) -> 4305
A13: 44075 | B13: 360.61 | C13: =Feltételezések!$B$5 -> 15000 | D13: =C13*Feltételezések!$B$6 -> 52.5 | E13: =(C13-D13)/B13 -> 41.450598 | F13: =Feltételezések!$B$7 -> 0 | G13: =MAX(E13-F13,0) -> 41.450598 | H13: 143.9 | I13: =G13/H13 -> 0.28805141 | J13: =J12+I13 -> 2.944298 | K13: =K12+C13 -> 135000 | L13: =J13*H13 -> 423.68448 | M13: =L13*B13 -> 152784.86 | N13: =M13-K13 -> 17784.859 | O13: =N13/K13 -> 0.1317397 | P13: =-C13 -> -15000 | R13: Becsült adó, ha most eladnád (Ft) | S13: =MAX(0,N87)*(Feltételezések!$B$11+Feltételezések!$B$12) -> 164142.81
A14: 44105 | B14: 362.53 | C14: =Feltételezések!$B$5 -> 15000 | D14: =C14*Feltételezések!$B$6 -> 52.5 | E14: =(C14-D14)/B14 -> 41.231071 | F14: =Feltételezések!$B$7 -> 0 | G14: =MAX(E14-F14,0) -> 41.231071 | H14: 145.7 | I14: =G14/H14 -> 0.28298607 | J14: =J13+I14 -> 3.227284 | K14: =K13+C14 -> 150000 | L14: =J14*H14 -> 470.21528 | M14: =L14*B14 -> 170467.15 | N14: =M14-K14 -> 20467.147 | O14: =N14/K14 -> 0.13644764 | P14: =-C14 -> -15000 | R14: Adózás utáni nyereség (Ft) | S14: =N87-S13 -> 422081.51
A15: 44136 | B15: 359.84 | C15: =Feltételezések!$B$5 -> 15000 | D15: =C15*Feltételezések!$B$6 -> 52.5 | E15: =(C15-D15)/B15 -> 41.539295 | F15: =Feltételezések!$B$7 -> 0 | G15: =MAX(E15-F15,0) -> 41.539295 | H15: 148.13 | I15: =G15/H15 -> 0.28042459 | J15: =J14+I15 -> 3.5077086 | K15: =K14+C15 -> 165000 | L15: =J15*H15 -> 519.59688 | M15: =L15*B15 -> 186971.74 | N15: =M15-K15 -> 21971.741 | O15: =N15/K15 -> 0.13316207 | P15: =-C15 -> -15000 | R15: Legjobb hónap végi érték (Ft) | S15: =MAX(M5:M87) -> 1965039.3
A16: 44166 | B16: 359.02 | C16: =Feltételezések!$B$5 -> 15000 | D16: =C16*Feltételezések!$B$6 -> 52.5 | E16: =(C16-D16)/B16 -> 41.634171 | F16: =Feltételezések!$B$7 -> 0 | G16: =MAX(E16-F16,0) -> 41.634171 | H16: 157.64 | I16: =G16/H16 -> 0.26410918 | J16: =J15+I16 -> 3.7718178 | K16: =K15+C16 -> 180000 | L16: =J16*H16 -> 594.58936 | M16: =L16*B16 -> 213469.47 | N16: =M16-K16 -> 33469.472 | O16: =N16/K16 -> 0.18594151 | P16: =-C16 -> -15000 | R16: Legnagyobb papírveszteség (Ft) | S16: =MIN(N5:N87) -> -42676.31
A17: 44197 | B17: 359.19 | C17: =Feltételezések!$B$5 -> 15000 | D17: =C17*Feltételezések!$B$6 -> 52.5 | E17: =(C17-D17)/B17 -> 41.614466 | F17: =Feltételezések!$B$7 -> 0 | G17: =MAX(E17-F17,0) -> 41.614466 | H17: 161.6 | I17: =G17/H17 -> 0.25751526 | J17: =J16+I17 -> 4.0293331 | K17: =K16+C17 -> 195000 | L17: =J17*H17 -> 651.14022 | M17: =L17*B17 -> 233883.06 | N17: =M17-K17 -> 38883.057 | O17: =N17/K17 -> 0.19940029 | P17: =-C17 -> -15000
A18: 44228 | B18: 358.15 | C18: =Feltételezések!$B$5 -> 15000 | D18: =C18*Feltételezések!$B$6 -> 52.5 | E18: =(C18-D18)/B18 -> 41.735306 | F18: =Feltételezések!$B$7 -> 0 | G18: =MAX(E18-F18,0) -> 41.735306 | H18: 176.93 | I18: =G18/H18 -> 0.23588598 | J18: =J17+I18 -> 4.265219 | K18: =K17+C18 -> 210000 | L18: =J18*H18 -> 754.64521 | M18: =L18*B18 -> 270276.18 | N18: =M18-K18 -> 60276.18 | O18: =N18/K18 -> 0.28702943 | P18: =-C18 -> -15000
A19: 44256 | B19: 365.61 | C19: =Feltételezések!$B$5 -> 15000 | D19: =C19*Feltételezések!$B$6 -> 52.5 | E19: =(C19-D19)/B19 -> 40.883729 | F19: =Feltételezések!$B$7 -> 0 | G19: =MAX(E19-F19,0) -> 40.883729 | H19: 179.27 | I19: =G19/H19 -> 0.22805672 | J19: =J18+I19 -> 4.4932758 | K19: =K18+C19 -> 225000 | L19: =J19*H19 -> 805.50955 | M19: =L19*B19 -> 294502.35 | N19: =M19-K19 -> 69502.345 | O19: =N19/K19 -> 0.30889931 | P19: =-C19 -> -15000
A20: 44287 | B20: 360.58 | C20: =Feltételezések!$B$5 -> 15000 | D20: =C20*Feltételezések!$B$6 -> 52.5 | E20: =(C20-D20)/B20 -> 41.454046 | F20: =Feltételezések!$B$7 -> 0 | G20: =MAX(E20-F20,0) -> 41.454046 | H20: 176.11 | I20: =G20/H20 -> 0.23538724 | J20: =J19+I20 -> 4.728663 | K20: =K19+C20 -> 240000 | L20: =J20*H20 -> 832.76484 | M20: =L20*B20 -> 300278.35 | N20: =M20-K20 -> 60278.347 | O20: =N20/K20 -> 0.25115978 | P20: =-C20 -> -15000
A21: 44317 | B21: 353.65 | C21: =Feltételezések!$B$5 -> 15000 | D21: =C21*Feltételezések!$B$6 -> 52.5 | E21: =(C21-D21)/B21 -> 42.266365 | F21: =Feltételezések!$B$7 -> 0 | G21: =MAX(E21-F21,0) -> 42.266365 | H21: 172.31 | I21: =G21/H21 -> 0.24529258 | J21: =J20+I21 -> 4.9739556 | K21: =K20+C21 -> 255000 | L21: =J21*H21 -> 857.06229 | M21: =L21*B21 -> 303100.08 | N21: =M21-K21 -> 48100.078 | O21: =N21/K21 -> 0.18862776 | P21: =-C21 -> -15000
A22: 44348 | B22: 349.94 | C22: =Feltételezések!$B$5 -> 15000 | D22: =C22*Feltételezések!$B$6 -> 52.5 | E22: =(C22-D22)/B22 -> 42.714465 | F22: =Feltételezések!$B$7 -> 0 | G22: =MAX(E22-F22,0) -> 42.714465 | H22: 174.1 | I22: =G22/H22 -> 0.24534443 | J22: =J21+I22 -> 5.2193 | K22: =K21+C22 -> 270000 | L22: =J22*H22 -> 908.68013 | M22: =L22*B22 -> 317983.53 | N22: =M22-K22 -> 47983.526 | O22: =N22/K22 -> 0.17771676 | P22: =-C22 -> -15000
A23: 44378 | B23: 357.26 | C23: =Feltételezések!$B$5 -> 15000 | D23: =C23*Feltételezések!$B$6 -> 52.5 | E23: =(C23-D23)/B23 -> 41.839277 | F23: =Feltételezések!$B$7 -> 0 | G23: =MAX(E23-F23,0) -> 41.839277 | H23: 176.3 | I23: =G23/H23 -> 0.23731864 | J23: =J22+I23 -> 5.4566187 | K23: =K22+C23 -> 285000 | L23: =J23*H23 -> 962.00187 | M23: =L23*B23 -> 343684.79 | N23: =M23-K23 -> 58684.788 | O23: =N23/K23 -> 0.20591154 | P23: =-C23 -> -15000
A24: 44409 | B24: 351.84 | C24: =Feltételezések!$B$5 -> 15000 | D24: =C24*Feltételezések!$B$6 -> 52.5 | E24: =(C24-D24)/B24 -> 42.483799 | F24: =Feltételezések!$B$7 -> 0 | G24: =MAX(E24-F24,0) -> 42.483799 | H24: 163.1 | I24: =G24/H24 -> 0.260477 | J24: =J23+I24 -> 5.7170957 | K24: =K23+C24 -> 300000 | L24: =J24*H24 -> 932.4583 | M24: =L24*B24 -> 328076.13 | N24: =M24-K24 -> 28076.129 | O24: =N24/K24 -> 0.093587097 | P24: =-C24 -> -15000
A25: 44440 | B25: 352.51 | C25: =Feltételezések!$B$5 -> 15000 | D25: =C25*Feltételezések!$B$6 -> 52.5 | E25: =(C25-D25)/B25 -> 42.403052 | F25: =Feltételezések!$B$7 -> 0 | G25: =MAX(E25-F25,0) -> 42.403052 | H25: 168.98 | I25: =G25/H25 -> 0.25093533 | J25: =J24+I25 -> 5.968031 | K25: =K24+C25 -> 315000 | L25: =J25*H25 -> 1008.4779 | M25: =L25*B25 -> 355498.54 | N25: =M25-K25 -> 40498.537 | O25: =N25/K25 -> 0.12856678 | P25: =-C25 -> -15000
A26: 44470 | B26: 360.82 | C26: =Feltételezések!$B$5 -> 15000 | D26: =C26*Feltételezések!$B$6 -> 52.5 | E26: =(C26-D26)/B26 -> 41.426473 | F26: =Feltételezések!$B$7 -> 0 | G26: =MAX(E26-F26,0) -> 41.426473 | H26: 163 | I26: =G26/H26 -> 0.25415014 | J26: =J25+I26 -> 6.2221811 | K26: =K25+C26 -> 330000 | L26: =J26*H26 -> 1014.2155 | M26: =L26*B26 -> 365949.25 | N26: =M26-K26 -> 35949.246 | O26: =N26/K26 -> 0.10893711 | P26: =-C26 -> -15000
A27: 44501 | B27: 364.5 | C27: =Feltételezések!$B$5 -> 15000 | D27: =C27*Feltételezések!$B$6 -> 52.5 | E27: =(C27-D27)/B27 -> 41.00823 | F27: =Feltételezések!$B$7 -> 0 | G27: =MAX(E27-F27,0) -> 41.00823 | H27: 166.76 | I27: =G27/H27 -> 0.24591167 | J27: =J26+I27 -> 6.4680928 | K27: =K26+C27 -> 345000 | L27: =J27*H27 -> 1078.6192 | M27: =L27*B27 -> 393156.68 | N27: =M27-K27 -> 48156.683 | O27: =N27/K27 -> 0.13958459 | P27: =-C27 -> -15000
A28: 44531 | B28: 367.5 | C28: =Feltételezések!$B$5 -> 15000 | D28: =C28*Feltételezések!$B$6 -> 52.5 | E28: =(C28-D28)/B28 -> 40.673469 | F28: =Feltételezések!$B$7 -> 0 | G28: =MAX(E28-F28,0) -> 40.673469 | H28: 166.35 | I28: =G28/H28 -> 0.24450538 | J28: =J27+I28 -> 6.7125982 | K28: =K27+C28 -> 360000 | L28: =J28*H28 -> 1116.6407 | M28: =L28*B28 -> 410365.46 | N28: =M28-K28 -> 50365.46 | O28: =N28/K28 -> 0.13990406 | P28: =-C28 -> -15000
... A86: 46296 | B86: 363.88 | C86: =Feltételezések!$B$5 -> 15000 | D86: =C86*Feltételezések!$B$6 -> 52.5 | E86: =(C86-D86)/B86 -> 41.078103 | F86: =Feltételezések!$B$7 -> 0 | G86: =MAX(E86-F86,0) -> 41.078103 | H86: 268.54 | I86: =G86/H86 -> 0.15296828 | J86: =J85+I86 -> 20.10963 | K86: =K85+C86 -> 1230000 | L86: =J86*H86 -> 5400.2399 | M86: =L86*B86 -> 1965039.3 | N86: =M86-K86 -> 735039.31 | O86: =N86/K86 -> 0.59759293 | P86: =-C86 -> -15000
A87: =Feltételezések!$B$10 -> 46311 | B87: =Feltételezések!$B$9 -> 363.08 | C87: Mai érték → | H87: 248.75 | J87: =J86 -> 20.10963 | K87: =K86 -> 1230000 | L87: =J87*H87 -> 5002.2704 | M87: =L87*B87 -> 1816224.3 | N87: =M87-K87 -> 586224.33 | O87: =N87/K87 -> 0.47660514 | P87: =M87 -> 1816224.3

Sheet Modell EUNM
A1: Havi befektetés modell – EUNM · iShares MSCI EM UCITS ETF (Acc)
A2: Havonta 15 000 Ft befizetés (Feltételezések lap) a Lightyear-en; kék = forrásadat, fekete = képlet.
A4: Hónap | B4: EUR/HUF (havi átlag) | C4: Befizetés (Ft) | D4: Váltási díj (Ft) | E4: Euróra váltva (EUR) | F4: Vételi díj (EUR) | G4: Befektetett (EUR) | H4: ETF árfolyam (EUR) | I4: Vett darab | J4: Összes darab | K4: Összes befizetés (Ft) | L4: Érték (EUR) | M4: Érték (Ft) | N4: Nyereség (Ft) | O4: Hozam % | P4: Pénzáram (XIRR-hez) | R4: Összesítés
A5: 43831 | B5: 334.38 | C5: =Feltételezések!$B$5 -> 15000 | D5: =C5*Feltételezések!$B$6 -> 52.5 | E5: =(C5-D5)/B5 -> 44.702135 | F5: =Feltételezések!$B$7 -> 0 | G5: =MAX(E5-F5,0) -> 44.702135 | H5: 32.4 | I5: =G5/H5 -> 1.3796955 | J5: =I5 -> 1.3796955 | K5: =C5 -> 15000 | L5: =J5*H5 -> 44.702135 | M5: =L5*B5 -> 14947.5 | N5: =M5-K5 -> -52.5 | O5: =N5/K5 -> -0.0035 | P5: =-C5 -> -15000 | R5: Befizetés kezdete | S5: =A5 -> 43831
A6: 43862 | B6: 337.17 | C6: =Feltételezések!$B$5 -> 15000 | D6: =C6*Feltételezések!$B$6 -> 52.5 | E6: =(C6-D6)/B6 -> 44.332236 | F6: =Feltételezések!$B$7 -> 0 | G6: =MAX(E6-F6,0) -> 44.332236 | H6: 31.04 | I6: =G6/H6 -> 1.4282293 | J6: =J5+I6 -> 2.8079248 | K6: =K5+C6 -> 30000 | L6: =J6*H6 -> 87.157985 | M6: =L6*B6 -> 29387.058 | N6: =M6-K6 -> -612.94209 | O6: =N6/K6 -> -0.020431403 | P6: =-C6 -> -15000 | R6: Befizetett hónapok | S6: =COUNT(C5:C86) -> 82
A7: 43891 | B7: 345.68 | C7: =Feltételezések!$B$5 -> 15000 | D7: =C7*Feltételezések!$B$6 -> 52.5 | E7: =(C7-D7)/B7 -> 43.240859 | F7: =Feltételezések!$B$7 -> 0 | G7: =MAX(E7-F7,0) -> 43.240859 | H7: 29.59 | I7: =G7/H7 -> 1.4613335 | J7: =J6+I7 -> 4.2692583 | K7: =K6+C7 -> 45000 | L7: =J7*H7 -> 126.32735 | M7: =L7*B7 -> 43668.839 | N7: =M7-K7 -> -1331.1606 | O7: =N7/K7 -> -0.029581347 | P7: =-C7 -> -15000 | R7: Összes befizetés (Ft) | S7: =K87 -> 1230000
A8: 43922 | B8: 356.69 | C8: =Feltételezések!$B$5 -> 15000 | D8: =C8*Feltételezések!$B$6 -> 52.5 | E8: =(C8-D8)/B8 -> 41.906137 | F8: =Feltételezések!$B$7 -> 0 | G8: =MAX(E8-F8,0) -> 41.906137 | H8: 24.49 | I8: =G8/H8 -> 1.711153 | J8: =J7+I8 -> 5.9804113 | K8: =K7+C8 -> 60000 | L8: =J8*H8 -> 146.46027 | M8: =L8*B8 -> 52240.915 | N8: =M8-K8 -> -7759.0853 | O8: =N8/K8 -> -0.12931809 | P8: =-C8 -> -15000 | R8: Mai érték (Ft) | S8: =M87 -> 1802179.1
A9: 43952 | B9: 350.76 | C9: =Feltételezések!$B$5 -> 15000 | D9: =C9*Feltételezések!$B$6 -> 52.5 | E9: =(C9-D9)/B9 -> 42.614608 | F9: =Feltételezések!$B$7 -> 0 | G9: =MAX(E9-F9,0) -> 42.614608 | H9: 26.22 | I9: =G9/H9 -> 1.6252711 | J9: =J8+I9 -> 7.6056824 | K9: =K8+C9 -> 75000 | L9: =J9*H9 -> 199.42099 | M9: =L9*B9 -> 69948.907 | N9: =M9-K9 -> -5051.0927 | O9: =N9/K9 -> -0.067347902 | P9: =-C9 -> -15000 | R9: Nyereség (Ft) | S9: =N87 -> 572179.06
A10: 43983 | B10: 347.69 | C10: =Feltételezések!$B$5 -> 15000 | D10: =C10*Feltételezések!$B$6 -> 52.5 | E10: =(C10-D10)/B10 -> 42.990883 | F10: =Feltételezések!$B$7 -> 0 | G10: =MAX(E10-F10,0) -> 42.990883 | H10: 27.8 | I10: =G10/H10 -> 1.5464346 | J10: =J9+I10 -> 9.152117 | K10: =K9+C10 -> 90000 | L10: =J10*H10 -> 254.42885 | M10: =L10*B10 -> 88462.368 | N10: =M10-K10 -> -1537.632 | O10: =N10/K10 -> -0.0170848 | P10: =-C10 -> -15000 | R10: Összes hozam | S10: =O87 -> 0.46518623
A11: 44013 | B11: 351.16 | C11: =Feltételezések!$B$5 -> 15000 | D11: =C11*Feltételezések!$B$6 -> 52.5 | E11: =(C11-D11)/B11 -> 42.566067 | F11: =Feltételezések!$B$7 -> 0 | G11: =MAX(E11-F11,0) -> 42.566067 | H11: 29.13 | I11: =G11/H11 -> 1.461245 | J11: =J10+I11 -> 10.613362 | K11: =K10+C11 -> 105000 | L11: =J11*H11 -> 309.16724 | M11: =L11*B11 -> 108567.17 | N11: =M11-K11 -> 3567.1665 | O11: =N11/K11 -> 0.033973014 | P11: =-C11 -> -15000 | R11: Éves hozam (XIRR, pénzzel súlyozott) | S11: =XIRR(P5:P87,A5:A87) -> 0.11120841
A12: 44044 | B12: 348.93 | C12: =Feltételezések!$B$5 -> 15000 | D12: =C12*Feltételezések!$B$6 -> 52.5 | E12: =(C12-D12)/B12 -> 42.838105 | F12: =Feltételezések!$B$7 -> 0 | G12: =MAX(E12-F12,0) -> 42.838105 | H12: 29.81 | I12: =G12/H12 -> 1.4370381 | J12: =J11+I12 -> 12.0504 | K12: =K11+C12 -> 120000 | L12: =J12*H12 -> 359.22243 | M12: =L12*B12 -> 125343.48 | N12: =M12-K12 -> 5343.4815 | O12: =N12/K12 -> 0.044529012 | P12: =-C12 -> -15000 | R12: Fizetett díjak összesen (Ft, becslés) | S12: =SUM(D5:D86)+SUMPRODUCT(F5:F86,B5:B86) -> 4305
A13: 44075 | B13: 360.61 | C13: =Feltételezések!$B$5 -> 15000 | D13: =C13*Feltételezések!$B$6 -> 52.5 | E13: =(C13-D13)/B13 -> 41.450598 | F13: =Feltételezések!$B$7 -> 0 | G13: =MAX(E13-F13,0) -> 41.450598 | H13: 30.62 | I13: =G13/H13 -> 1.3537099 | J13: =J12+I13 -> 13.40411 | K13: =K12+C13 -> 135000 | L13: =J13*H13 -> 410.43385 | M13: =L13*B13 -> 148006.55 | N13: =M13-K13 -> 13006.55 | O13: =N13/K13 -> 0.096344816 | P13: =-C13 -> -15000 | R13: Becsült adó, ha most eladnád (Ft) | S13: =MAX(0,N87)*(Feltételezések!$B$11+Feltételezések!$B$12) -> 160210.14
A14: 44105 | B14: 362.53 | C14: =Feltételezések!$B$5 -> 15000 | D14: =C14*Feltételezések!$B$6 -> 52.5 | E14: =(C14-D14)/B14 -> 41.231071 | F14: =Feltételezések!$B$7 -> 0 | G14: =MAX(E14-F14,0) -> 41.231071 | H14: 30.59 | I14: =G14/H14 -> 1.3478611 | J14: =J13+I14 -> 14.751971 | K14: =K13+C14 -> 150000 | L14: =J14*H14 -> 451.2628 | M14: =L14*B14 -> 163596.3 | N14: =M14-K14 -> 13596.301 | O14: =N14/K14 -> 0.090642009 | P14: =-C14 -> -15000 | R14: Adózás utáni nyereség (Ft) | S14: =N87-S13 -> 411968.92
A15: 44136 | B15: 359.84 | C15: =Feltételezések!$B$5 -> 15000 | D15: =C15*Feltételezések!$B$6 -> 52.5 | E15: =(C15-D15)/B15 -> 41.539295 | F15: =Feltételezések!$B$7 -> 0 | G15: =MAX(E15-F15,0) -> 41.539295 | H15: 30.99 | I15: =G15/H15 -> 1.3404097 | J15: =J14+I15 -> 16.092381 | K15: =K14+C15 -> 165000 | L15: =J15*H15 -> 498.70288 | M15: =L15*B15 -> 179453.24 | N15: =M15-K15 -> 14453.244 | O15: =N15/K15 -> 0.087595419 | P15: =-C15 -> -15000 | R15: Legjobb hónap végi érték (Ft) | S15: =MAX(M5:M87) -> 1904085.8
A16: 44166 | B16: 359.02 | C16: =Feltételezések!$B$5 -> 15000 | D16: =C16*Feltételezések!$B$6 -> 52.5 | E16: =(C16-D16)/B16 -> 41.634171 | F16: =Feltételezések!$B$7 -> 0 | G16: =MAX(E16-F16,0) -> 41.634171 | H16: 33.61 | I16: =G16/H16 -> 1.2387436 | J16: =J15+I16 -> 17.331124 | K16: =K15+C16 -> 180000 | L16: =J16*H16 -> 582.49909 | M16: =L16*B16 -> 209128.82 | N16: =M16-K16 -> 29128.823 | O16: =N16/K16 -> 0.16182679 | P16: =-C16 -> -15000 | R16: Legnagyobb papírveszteség (Ft) | S16: =MIN(N5:N87) -> -29544.522
A17: 44197 | B17: 359.19 | C17: =Feltételezések!$B$5 -> 15000 | D17: =C17*Feltételezések!$B$6 -> 52.5 | E17: =(C17-D17)/B17 -> 41.614466 | F17: =Feltételezések!$B$7 -> 0 | G17: =MAX(E17-F17,0) -> 41.614466 | H17: 34.64 | I17: =G17/H17 -> 1.2013414 | J17: =J16+I17 -> 18.532466 | K17: =K16+C17 -> 195000 | L17: =J17*H17 -> 641.96461 | M17: =L17*B17 -> 230587.27 | N17: =M17-K17 -> 35587.269 | O17: =N17/K17 -> 0.18249882 | P17: =-C17 -> -15000
A18: 44228 | B18: 358.15 | C18: =Feltételezések!$B$5 -> 15000 | D18: =C18*Feltételezések!$B$6 -> 52.5 | E18: =(C18-D18)/B18 -> 41.735306 | F18: =Feltételezések!$B$7 -> 0 | G18: =MAX(E18-F18,0) -> 41.735306 | H18: 37.11 | I18: =G18/H18 -> 1.1246377 | J18: =J17+I18 -> 19.657103 | K18: =K17+C18 -> 210000 | L18: =J18*H18 -> 729.47511 | M18: =L18*B18 -> 261261.51 | N18: =M18-K18 -> 51261.51 | O18: =N18/K18 -> 0.24410243 | P18: =-C18 -> -15000
A19: 44256 | B19: 365.61 | C19: =Feltételezések!$B$5 -> 15000 | D19: =C19*Feltételezések!$B$6 -> 52.5 | E19: =(C19-D19)/B19 -> 40.883729 | F19: =Feltételezések!$B$7 -> 0 | G19: =MAX(E19-F19,0) -> 40.883729 | H19: 37.24 | I19: =G19/H19 -> 1.0978445 | J19: =J18+I19 -> 20.754948 | K19: =K18+C19 -> 225000 | L19: =J19*H19 -> 772.91426 | M19: =L19*B19 -> 282585.18 | N19: =M19-K19 -> 57585.183 | O19: =N19/K19 -> 0.25593415 | P19: =-C19 -> -15000
A20: 44287 | B20: 360.58 | C20: =Feltételezések!$B$5 -> 15000 | D20: =C20*Feltételezések!$B$6 -> 52.5 | E20: =(C20-D20)/B20 -> 41.454046 | F20: =Feltételezések!$B$7 -> 0 | G20: =MAX(E20-F20,0) -> 41.454046 | H20: 37.53 | I20: =G20/H20 -> 1.1045576 | J20: =J19+I20 -> 21.859506 | K20: =K19+C20 -> 240000 | L20: =J20*H20 -> 820.38724 | M20: =L20*B20 -> 295815.23 | N20: =M20-K20 -> 55815.232 | O20: =N20/K20 -> 0.23256347 | P20: =-C20 -> -15000
A21: 44317 | B21: 353.65 | C21: =Feltételezések!$B$5 -> 15000 | D21: =C21*Feltételezések!$B$6 -> 52.5 | E21: =(C21-D21)/B21 -> 42.266365 | F21: =Feltételezések!$B$7 -> 0 | G21: =MAX(E21-F21,0) -> 42.266365 | H21: 36.86 | I21: =G21/H21 -> 1.146673 | J21: =J20+I21 -> 23.006178 | K21: =K20+C21 -> 255000 | L21: =J21*H21 -> 848.00774 | M21: =L21*B21 -> 299897.94 | N21: =M21-K21 -> 44897.937 | O21: =N21/K21 -> 0.17607034 | P21: =-C21 -> -15000
A22: 44348 | B22: 349.94 | C22: =Feltételezések!$B$5 -> 15000 | D22: =C22*Feltételezések!$B$6 -> 52.5 | E22: =(C22-D22)/B22 -> 42.714465 | F22: =Feltételezések!$B$7 -> 0 | G22: =MAX(E22-F22,0) -> 42.714465 | H22: 37.66 | I22: =G22/H22 -> 1.1342131 | J22: =J21+I22 -> 24.140392 | K22: =K21+C22 -> 270000 | L22: =J22*H22 -> 909.12715 | M22: =L22*B22 -> 318139.95 | N22: =M22-K22 -> 48139.954 | O22: =N22/K22 -> 0.17829612 | P22: =-C22 -> -15000
A23: 44378 | B23: 357.26 | C23: =Feltételezések!$B$5 -> 15000 | D23: =C23*Feltételezések!$B$6 -> 52.5 | E23: =(C23-D23)/B23 -> 41.839277 | F23: =Feltételezések!$B$7 -> 0 | G23: =MAX(E23-F23,0) -> 41.839277 | H23: 38.24 | I23: =G23/H23 -> 1.0941233 | J23: =J22+I23 -> 25.234515 | K23: =K22+C23 -> 285000 | L23: =J23*H23 -> 964.96785 | M23: =L23*B23 -> 344744.41 | N23: =M23-K23 -> 59744.414 | O23: =N23/K23 -> 0.20962952 | P23: =-C23 -> -15000
A24: 44409 | B24: 351.84 | C24: =Feltételezések!$B$5 -> 15000 | D24: =C24*Feltételezések!$B$6 -> 52.5 | E24: =(C24-D24)/B24 -> 42.483799 | F24: =Feltételezések!$B$7 -> 0 | G24: =MAX(E24-F24,0) -> 42.483799 | H24: 35.82 | I24: =G24/H24 -> 1.1860357 | J24: =J23+I24 -> 26.420551 | K24: =K23+C24 -> 300000 | L24: =J24*H24 -> 946.38412 | M24: =L24*B24 -> 332975.79 | N24: =M24-K24 -> 32975.79 | O24: =N24/K24 -> 0.1099193 | P24: =-C24 -> -15000
A25: 44440 | B25: 352.51 | C25: =Feltételezések!$B$5 -> 15000 | D25: =C25*Feltételezések!$B$6 -> 52.5 | E25: =(C25-D25)/B25 -> 42.403052 | F25: =Feltételezések!$B$7 -> 0 | G25: =MAX(E25-F25,0) -> 42.403052 | H25: 37.08 | I25: =G25/H25 -> 1.1435559 | J25: =J24+I25 -> 27.564107 | K25: =K24+C25 -> 315000 | L25: =J25*H25 -> 1022.0771 | M25: =L25*B25 -> 360292.39 | N25: =M25-K25 -> 45292.388 | O25: =N25/K25 -> 0.14378536 | P25: =-C25 -> -15000
A26: 44470 | B26: 360.82 | C26: =Feltételezések!$B$5 -> 15000 | D26: =C26*Feltételezések!$B$6 -> 52.5 | E26: =(C26-D26)/B26 -> 41.426473 | F26: =Feltételezések!$B$7 -> 0 | G26: =MAX(E26-F26,0) -> 41.426473 | H26: 35.98 | I26: =G26/H26 -> 1.151375 | J26: =J25+I26 -> 28.715482 | K26: =K25+C26 -> 330000 | L26: =J26*H26 -> 1033.183 | M26: =L26*B26 -> 372793.1 | N26: =M26-K26 -> 42793.099 | O26: =N26/K26 -> 0.12967606 | P26: =-C26 -> -15000
A27: 44501 | B27: 364.5 | C27: =Feltételezések!$B$5 -> 15000 | D27: =C27*Feltételezések!$B$6 -> 52.5 | E27: =(C27-D27)/B27 -> 41.00823 | F27: =Feltételezések!$B$7 -> 0 | G27: =MAX(E27-F27,0) -> 41.00823 | H27: 36.59 | I27: =G27/H27 -> 1.1207497 | J27: =J26+I27 -> 29.836231 | K27: =K26+C27 -> 345000 | L27: =J27*H27 -> 1091.7077 | M27: =L27*B27 -> 397927.46 | N27: =M27-K27 -> 52927.457 | O27: =N27/K27 -> 0.15341292 | P27: =-C27 -> -15000
A28: 44531 | B28: 367.5 | C28: =Feltételezések!$B$5 -> 15000 | D28: =C28*Feltételezések!$B$6 -> 52.5 | E28: =(C28-D28)/B28 -> 40.673469 | F28: =Feltételezések!$B$7 -> 0 | G28: =MAX(E28-F28,0) -> 40.673469 | H28: 36.34 | I28: =G28/H28 -> 1.1192479 | J28: =J27+I28 -> 30.955479 | K28: =K27+C28 -> 360000 | L28: =J28*H28 -> 1124.9221 | M28: =L28*B28 -> 413408.88 | N28: =M28-K28 -> 53408.876 | O28: =N28/K28 -> 0.14835799 | P28: =-C28 -> -15000
... A86: 46296 | B86: 363.88 | C86: =Feltételezések!$B$5 -> 15000 | D86: =C86*Feltételezések!$B$6 -> 52.5 | E86: =(C86-D86)/B86 -> 41.078103 | F86: =Feltételezések!$B$7 -> 0 | G86: =MAX(E86-F86,0) -> 41.078103 | H86: 57.16 | I86: =G86/H86 -> 0.7186512 | J86: =J85+I86 -> 91.54531 | K86: =K85+C86 -> 1230000 | L86: =J86*H86 -> 5232.7299 | M86: =L86*B86 -> 1904085.8 | N86: =M86-K86 -> 674085.76 | O86: =N86/K86 -> 0.5480372 | P86: =-C86 -> -15000
A87: =Feltételezések!$B$10 -> 46311 | B87: =Feltételezések!$B$9 -> 363.08 | C87: Mai érték → | H87: 54.22 | J87: =J86 -> 91.54531 | K87: =K86 -> 1230000 | L87: =J87*H87 -> 4963.5867 | M87: =L87*B87 -> 1802179.1 | N87: =M87-K87 -> 572179.06 | O87: =N87/K87 -> 0.46518623 | P87: =M87 -> 1802179.1

Sheet Feltételezések
A1: Feltételezések és bemenetek
A2: A kék számok szabadon átírhatók – a teljes munkafüzet újraszámol.
A4: Megnevezés | B4: Érték | C4: Forrás / megjegyzés
A5: Havi befizetés (Ft) | B5: 15000 | C5: A felhasználó által megadott összeg.
A6: Devizaváltási díj (Lightyear) | B6: 0.0035 | C6: Lightyear díjtáblázat, lightyear.com/en-eu/pricing (2026.10.18-án ellenőrizve).
A7: Vételi díj ETF-nél (EUR / megbízás) | B7: 0 | C7: Lightyear: ETF-ek vétele díjmentes (az alapkezelői TER az árfolyamban már benne van).
A8: Vételi díj ETC-nél (EUR / megbízás) | B8: 1 | C8: Lightyear: EUR-ban jegyzett ETN/ETC 1 € / megbízás (ez a BRNT-re vonatkozik).
A9: Mai EUR/HUF árfolyam | B9: 363.08 | C9: EKB referencia-árfolyam, 2026.10.16.
A10: Értékelés dátuma | B10: 46311 | C10: justETF utolsó záróár.
A11: SZJA árfolyamnyereség után | B11: 0.15 | C11: Tájékoztató jelleg – nem TBSZ számlán. Ellenőrizd az aktuális szabályokat.
A12: Szociális hozzájárulási adó | B12: 0.13 | C12: Tájékoztató jelleg; a szocho éves felső határát a modell nem kezeli.
A15: Módszertan:
A16: • Minden hónap első kereskedési napján vásárlás, tört darabszámmal (a Lightyear támogatja a tört részvényt).
A17: • A forint befizetést az adott havi átlagos EKB EUR/HUF árfolyamon, 0,35% díjjal váltjuk euróra (közelítés: a valós napi árfolyam ettől kis mértékben eltér).
A18: • Az ETF-árfolyamok a justETF euróban számolt napi záróárai (gyűjtő ETF-ek, így az osztalék már az árfolyamban van).
A19: • Az ESIF 2020. novemberben, az 84X0 2021. áprilisban indult: ezeknél a befizetés az indulás hónapjától kezdődik, ezért kevesebb a befizetett összeg.
A20: • Múltbeli hozam nem garantálja a jövőbeli eredményt. A munkafüzet nem befektetési tanácsadás.

Sheet Adatbázis
A1: Adatbázis – az ETF adatlap ennek alapján tölt
A2: Forrás: justETF adatlapok (portfólió: 2026.08.31, kockázati mutatók: 2026.10.16), Lightyear.
A4: Kulcs | B4: Ticker | C4: Név | D4: ISIN | E4: Rövid leírás | F4: Típus | G4: Index | H4: Befektetési fókusz | I4: Alapméret (M EUR) | J4: TER | K4: Alap devizája | L4: Devizafedezés | M4: Indulás | N4: Székhely | O4: Alapkezelő | P4: Replikáció | Q4: Értékpapír-kölcsönzés | R4: Tartott papírok száma | S4: Top 10 súlya | T4: Volatilitás 1 év | U4: Volatilitás 3 év | V4: Volatilitás 5 év | W4: Max. visszaesés 1 év | X4: Max. visszaesés 3 év | Y4: Max. visszaesés 5 év | Z4: Max. visszaesés indulás óta | AA4: Mibe fektet | AB4: Főbb jellemzők | AC4: Fő kockázatok | AD4: Lightyear díj | AE4: Elérhető Lightyear EU-n
A5: ESIF – Európai pénzügyi szektor | B5: ESIF | C5: iShares MSCI Europe Financials Sector UCITS ETF EUR (Acc) | D5: IE00BMW42306 | E5: Európai pénzügyi szektor | F5: ETF (részvény) | G5: MSCI Europe Financials 20/35 Capped | H5: Részvény · Európa · Pénzügyi szektor | I5: 647 | J5: 0.0018 | K5: EUR | L5: Nincs devizafedezés | M5: 44153 | N5: Írország | O5: iShares (BlackRock) | P5: Fizikai (indexkövető) | Q5: Nem | R5: 85 | S5: 0.45 | T5: 0.177 | U5: 0.1622 | V5: 0.1824 | W5: -0.1212 | X5: -0.1681 | Y5: -0.2294 | Z5: -0.2294 | AA5: Európai nagy- és közepes bankok, biztosítók és pénzügyi szolgáltatók részvényei (85 cég). A legnagyobb tétel súlya legfeljebb 35%, a többié legfeljebb 20%. | AB5: Szektor-ETF: szinte 100% pénzügy. Bankok profitja erősen függ a kamatszinttől és a hozamgörbétől. Erős osztalék- és sajátrészvény-visszavásárlási hullám 2023–2026 között. Euróban jegyzett, így nincs EUR/USD kockázat (de a brit és svájci részvények miatt van GBP/CHF kitettség). | AC5: Kamatcsökkentés szűkíti a bankok kamatmarzsát; recesszióban nőnek a hitelveszteségek; bankválság-fertőzés (pl. 2023 márciusi Credit Suisse eset); banki különadók; szektorkoncentráció. | AD5: Díjmentes vétel, 0,35% devizaváltás | AE5: Igen (Lightyear Europe AS)
A6: 84X0 – Feltörekvő piacok Kína nélkül | B6: 84X0 | C6: iShares MSCI EM ex-China UCITS ETF USD (Acc) | D6: IE00BMG6Z448 | E6: Feltörekvő piacok Kína nélkül | F6: ETF (részvény) | G6: MSCI Emerging Markets ex China | H6: Részvény · Feltörekvő piacok (Kína nélkül) | I6: 4864 | J6: 0.0018 | K6: USD | L6: Nincs devizafedezés | M6: 44312 | N6: Írország | O6: iShares (BlackRock) | P6: Fizikai (optimalizált mintavétel) | Q6: Nem | R6: 596 | S6: 0.4229 | T6: 0.2963 | U6: 0.2053 | V6: 0.1792 | W6: -0.172 | X6: -0.1954 | Y6: -0.1954 | Z6: -0.1954 | AA6: Feltörekvő országok nagy- és közepes vállalatai Kína kihagyásával (596 cég): Tajvan, Dél-Korea, India, Brazília, Szaúd-Arábia, Dél-Afrika, Mexikó stb. | AB6: A Kína-kockázat (ingatlanválság, USA–Kína szembenállás) kiszűrése. A gyakorlatban erősen chipipari: TSMC + Samsung + SK hynix kb. 35%. Az elmúlt 1–2 év hozamát főleg az AI-chip kereslet hajtotta. | AC6: Chipciklus és AI-beruházások lassulása; Tajvan körüli geopolitikai feszültség; erős dollár és Fed-kamatemelés tőkekivonást okoz; feltörekvő devizák gyengülése. | AD6: Díjmentes vétel, 0,35% devizaváltás | AE6: Igen (Lightyear Europe AS)
A7: BRNT – Brent kőolaj (határidős) | B7: BRNT | C7: WisdomTree Brent Crude Oil | D7: JE00B78CGV99 | E7: Brent kőolaj (határidős) | F7: ETC (nyersanyag, nem részvény) | G7: Bloomberg Brent Crude Subindex | H7: Nyersanyag · Energia · Kőolaj | I7: 968 | J7: 0.0049 | K7: USD | L7: Nincs devizafedezés | M7: 40917 | N7: Jersey | O7: WisdomTree | P7: Határidős kontraktusok (fedezett ETC) | Q7: Nem | R7: – (nem részvény) | S7: – | T7: 0.4582 | U7: 0.3533 | V7: 0.3653 | W7: -0.3067 | X7: -0.3067 | Y7: -0.3371 | Z7: -0.8298 | AA7: Nem cégeket tart, hanem a Brent kőolaj határidős kontraktusainak árát követi. A lejáró kontraktusokat havonta újakra cseréli (görgetés). | AB7: Tiszta olajár-kitettség. A görgetés miatt hosszú távon eltérhet az azonnali olajártól: ha a későbbi lejáratok drágábbak (contango), veszít; ha olcsóbbak (backwardation), nyer. Lightyearen ETC-ként megbízásonként 1 € díj terheli. | AC7: Nagyon nagy ingadozás (2020-ban –83% maximális visszaesés); OPEC+ döntések, recesszió; kereslet hosszú távú csökkenése az energiaátmenet miatt; görgetési veszteség; kibocsátói (WisdomTree) partnerkockázat. | AD7: 1 € / megbízás (ETC) | AE7: Igen (Lightyear Europe AS)
A8: SXR2 – Kanada | B8: SXR2 | C8: iShares MSCI Canada UCITS ETF (Acc) | D8: IE00B52SF786 | E8: Kanada | F8: ETF (részvény) | G8: MSCI Canada | H8: Részvény · Kanada | I8: 2031 | J8: 0.0048 | K8: USD | L8: Nincs devizafedezés | M8: 40190 | N8: Írország | O8: iShares (BlackRock) | P8: Fizikai (teljes replikáció) | Q8: Igen | R8: 81 | S8: 0.4424 | T8: 0.1307 | U8: 0.1384 | V8: 0.1553 | W8: -0.072 | X8: -0.1646 | Y8: -0.1764 | Z8: -0.4251 | AA8: A kanadai tőzsde 81 legnagyobb vállalata: nagybankok, energia (olaj, gázvezeték), nyersanyag- és aranybányászat, vasút, valamint a Shopify. | AB8: Bank + energia + nyersanyag: kb. 79% a súlya. Az olaj- és aranyár emelkedése, valamint a stabil kanadai bankrendszer húzta. Nem amerikai, de gazdaságilag erősen kötődik az USA-hoz (az export kb. háromnegyede oda megy). | AC8: USA–Kanada kereskedelmi vita és vámok (USMCA felülvizsgálat); olajár- és aranyár-esés; túlfűtött kanadai lakáspiac és háztartási eladósodás (a bankokat érinti); CAD árfolyam. | AD8: Díjmentes vétel, 0,35% devizaváltás | AE8: Igen (Lightyear Europe AS)
A9: CEMS – Európai érték (value) részvények | B9: CEMS | C9: iShares Edge MSCI Europe Value Factor UCITS ETF | D9: IE00BQN1K901 | E9: Európai érték (value) részvények | F9: ETF (részvény) | G9: MSCI Europe Enhanced Value | H9: Részvény · Európa · Value faktor | I9: 2516 | J9: 0.0025 | K9: EUR | L9: Nincs devizafedezés | M9: 42020 | N9: Írország | O9: iShares (BlackRock) | P9: Fizikai (optimalizált mintavétel) | Q9: Igen | R9: 146 | S9: 0.2964 | T9: 0.137 | U9: 0.1336 | V9: 0.1479 | W9: -0.0974 | X9: -0.1736 | Y9: -0.1935 | Z9: -0.3997 | AA9: Európai vállalatok közül azok, amelyek a nyereségükhöz, könyv szerinti értékükhöz és cash flow-jukhoz képest olcsók (146 cég), az egyes szektorokon belül kiválasztva. | AB9: Diverzifikált Európa-ETF, értékalapú szűréssel: sok bank, ipari, gyógyszeripari és energiacég. Jól szerepelt a 2022–2026-os magasabb kamatkörnyezetben. Euróban jegyzett. | AC9: Ha a növekedési/tech részvények kerülnek előtérbe, a value faktor alulteljesíthet; európai recesszió; gyógyszeripari szabályozás (USA gyógyszerár-politika); a bankok miatt kamatérzékeny. | AD9: Díjmentes vétel, 0,35% devizaváltás | AE9: Igen (Lightyear Europe AS)
A10: CEBL – Feltörekvő Ázsia | B10: CEBL | C10: iShares MSCI EM Asia UCITS ETF (Acc) | D10: IE00B5L8K969 | E10: Feltörekvő Ázsia | F10: ETF (részvény) | G10: MSCI Emerging Markets Asia | H10: Részvény · Ázsia-Csendes-óceán (feltörekvő) | I10: 7466 | J10: 0.002 | K10: USD | L10: Nincs devizafedezés | M10: 40396 | N10: Írország | O10: iShares (BlackRock) | P10: Fizikai (teljes replikáció) | Q10: Igen | R10: 956 | S10: 0.4497 | T10: 0.2569 | U10: 0.1997 | V10: 0.1901 | W10: -0.1576 | X10: -0.1894 | Y10: -0.2709 | Z10: -0.3402 | AA10: Ázsiai feltörekvő piacok nagy- és közepes vállalatai (956 cég): Tajvan, Dél-Korea, Kína, India, valamint kisebb súllyal Indonézia, Thaiföld, Malajzia, Fülöp-szigetek. | AB10: Erősen technológiai (kb. 54%): TSMC, Samsung, SK hynix, Tencent, Alibaba. Kínát is tartalmazza (kb. 22%), ezért a kínai gazdaság és az USA–Kína viszony is számít. | AC10: Chipciklus; USA–Kína kereskedelmi és technológiai háború (vámok, exporttilalmak); Tajvan-kérdés; kínai ingatlanválság; erős dollár. | AD10: Díjmentes vétel, 0,35% devizaváltás | AE10: Igen (Lightyear Europe AS)
A11: EUNM – Feltörekvő piacok (globális) | B11: EUNM | C11: iShares MSCI EM UCITS ETF (Acc) | D11: IE00B4L5YC18 | E11: Feltörekvő piacok (globális) | F11: ETF (részvény) | G11: MSCI Emerging Markets | H11: Részvény · Feltörekvő piacok | I11: 9211 | J11: 0.0018 | K11: USD | L11: Nincs devizafedezés | M11: 40081 | N11: Írország | O11: iShares (BlackRock) | P11: Fizikai (optimalizált mintavétel) | Q11: Igen | R11: 1173 | S11: 0.3729 | T11: 0.2167 | U11: 0.1711 | V11: 0.1645 | W11: -0.1315 | X11: -0.1757 | Y11: -0.2317 | Z11: -0.352 | AA11: A teljes feltörekvő világ nagy- és közepes vállalatai (1 173 cég): Ázsia mellett Latin-Amerika, Közel-Kelet, Afrika és Kelet-Európa (köztük Magyarország is, kis súllyal). | AB11: A legszélesebb feltörekvő piaci ETF. Kb. 80%-ban átfed a CEBL-lel (EM Asia) és az 84X0-lal, ezért együtt tartva nem ad sok extra diverzifikációt. | AC11: Ugyanazok, mint az EM Asia esetében, plusz a nyersanyagárak és a latin-amerikai politikai kockázat; erős dollár. | AD11: Díjmentes vétel, 0,35% devizaváltás | AE11: Igen (Lightyear Europe AS)
A14: Kulcs | B14: Ticker | C14: Típus | D14: Sorszám | E14: Megnevezés | F14: Súly
A15: ESIF-H1 | B15: ESIF | C15: Top 10 | D15: 1 | E15: HSBC Holdings Plc | F15: 0.0959
A16: ESIF-H2 | B16: ESIF | C16: Top 10 | D16: 2 | E16: Banco Santander SA | F16: 0.0565
A17: ESIF-H3 | B17: ESIF | C17: Top 10 | D17: 3 | E17: Allianz SE | F17: 0.0537
A18: ESIF-H4 | B18: ESIF | C18: Top 10 | D18: 4 | E18: UBS Group AG | F18: 0.046
A19: ESIF-H5 | B19: ESIF | C19: Top 10 | D19: 5 | E19: Banco Bilbao Vizcaya Argentaria SA | F19: 0.0437
A20: ESIF-H6 | B20: ESIF | C20: Top 10 | D20: 6 | E20: UniCredit SpA | F20: 0.0357
A21: ESIF-H7 | B21: ESIF | C21: Top 10 | D21: 7 | E21: BNP Paribas SA | F21: 0.0319
A22: ESIF-H8 | B22: ESIF | C22: Top 10 | D22: 8 | E22: Intesa Sanpaolo SpA | F22: 0.03
A23: ESIF-H9 | B23: ESIF | C23: Top 10 | D23: 9 | E23: Zurich Insurance Group AG | F23: 0.0292
A24: ESIF-H10 | B24: ESIF | C24: Top 10 | D24: 10 | E24: ING Groep NV | F24: 0.0274
A25: ESIF-C1 | B25: ESIF | C25: Ország | D25: 1 | E25: Egyesült Királyság | F25: 0.2297
A26: ESIF-C2 | B26: ESIF | C26: Ország | D26: 2 | E26: Spanyolország | F26: 0.1245
... A132: EUNM-S5 | B132: EUNM | C132: Szektor | D132: 5 | E132: Egyéb | F132: 0.2109

Sheet Forrásadatok
A1: Forrásadatok: havi első napi ETF-árfolyamok (EUR) és EUR/HUF havi átlag
A2: Források: justETF árfolyam-API (EUR), EKB referencia-árfolyam (data-api.ecb.europa.eu).
A4: Hónap | B4: EUR/HUF | C4: ESIF | D4: 84X0 | E4: BRNT | F4: SXR2 | G4: CEMS | H4: CEBL | I4: EUNM
A5: 43831 | B5: 334.38 | E5: 27.59 | F5: 124.33 | G5: 6.34 | H5: 140.21 | I5: 32.4
A6: 43862 | B6: 337.17 | E6: 24.48 | F6: 125.49 | G6: 6.1 | H6: 134.86 | I6: 31.04
A7: 43891 | B7: 345.68 | E7: 21.71 | F7: 117.1 | G7: 5.53 | H7: 131.84 | I7: 29.59
A8: 43922 | B8: 356.69 | E8: 11.69 | F8: 88.78 | G8: 4.28 | H8: 113.79 | I8: 24.49
A9: 43952 | B9: 350.76 | E9: 10.97 | F9: 100.81 | G9: 4.57 | H9: 121.83 | I9: 26.22
A10: 43983 | B10: 347.69 | E10: 14.84 | F10: 107.13 | G10: 4.97 | H10: 127.7 | I10: 27.8
A11: 44013 | B11: 351.16 | E11: 16.1 | F11: 107.21 | G11: 5.08 | H11: 134.02 | I11: 29.13
A12: 44044 | B12: 348.93 | E12: 15.71 | F12: 108.41 | G12: 4.86 | H12: 138.91 | I12: 29.81
A13: 44075 | B13: 360.61 | E13: 16.13 | F13: 113.58 | G13: 5.01 | H13: 143.9 | I13: 30.62
A14: 44105 | B14: 362.53 | E14: 14.53 | F14: 110.22 | G14: 4.89 | H14: 145.7 | I14: 30.59
A15: 44136 | B15: 359.84 | C15: 5.05 | E15: 13.35 | F15: 106.25 | G15: 4.64 | H15: 148.13 | I15: 30.99
A16: 44166 | B16: 359.02 | C16: 5.16 | E16: 16.06 | F16: 118.92 | G16: 5.67 | H16: 157.64 | I16: 33.61
A17: 44197 | B17: 359.19 | C17: 5.17 | E17: 17.11 | F17: 119.75 | G17: 5.78 | H17: 161.6 | I17: 34.64
A18: 44228 | B18: 358.15 | C18: 5.04 | E18: 18.88 | F18: 121.52 | G18: 5.78 | H18: 176.93 | I18: 37.11
A19: 44256 | B19: 365.61 | C19: 5.62 | E19: 21.47 | F19: 128.67 | G19: 6.11 | H19: 179.27 | I19: 37.24
A20: 44287 | B20: 360.58 | C20: 5.89 | D20: 4.18 | E20: 22.72 | F20: 138.55 | G20: 6.53 | H20: 176.11 | I20: 37.53
A21: 44317 | B21: 353.65 | C21: 5.94 | D21: 4.15 | E21: 22.86 | F21: 138.61 | G21: 6.51 | H21: 172.31 | I21: 36.86
A22: 44348 | B22: 349.94 | C22: 6.21 | D22: 4.26 | E22: 23.82 | F22: 147.03 | G22: 6.8 | H22: 174.1 | I22: 37.66
A23: 44378 | B23: 357.26 | C23: 6.08 | D23: 4.35 | E23: 26.58 | F23: 149.27 | G23: 6.81 | H23: 176.3 | I23: 38.24
A24: 44409 | B24: 351.84 | C24: 6.06 | D24: 4.26 | E24: 26.66 | F24: 148.12 | G24: 6.79 | H24: 163.1 | I24: 35.82
A25: 44440 | B25: 352.51 | C25: 6.26 | D25: 4.45 | E25: 25.73 | F25: 150.35 | G25: 6.95 | H25: 168.98 | I25: 37.08
A26: 44470 | B26: 360.82 | C26: 6.21 | D26: 4.35 | E26: 29.25 | F26: 148.65 | G26: 6.77 | H26: 163 | I26: 35.98
A27: 44501 | B27: 364.5 | C27: 6.72 | D27: 4.4 | E27: 31.59 | F27: 161.83 | G27: 7.13 | H27: 166.76 | I27: 36.59
A28: 44531 | B28: 367.5 | C28: 6.4 | D28: 4.42 | E28: 26.82 | F28: 154.98 | G28: 6.98 | H28: 166.35 | I28: 36.34
A29: 44562 | B29: 358.68 | C29: 6.65 | D29: 4.52 | E29: 30.36 | F29: 162.41 | G29: 7.32 | H29: 164.77 | I29: 36.2
A30: 44593 | B30: 356.97 | C30: 7 | D30: 4.54 | E30: 35 | F30: 164.11 | G30: 7.58 | H30: 165.82 | I30: 36.82
A31: 44621 | B31: 376.64 | C31: 6.03 | D31: 4.41 | E31: 42.2 | F31: 162.37 | G31: 7.03 | H31: 160.83 | I31: 35.07
... A86: 46296 | B86: 363.88 | C86: 16.3 | D86: 8.41 | E86: 89.14 | F86: 267.1 | G86: 13.29 | H86: 268.54 | I86: 57.16
